Workbook

Sheet Legal Notice
A1: This document was prepared by GTI Energy.
A2: None of GTI Energy, the members of GTI Energy, the funders of the project giving rise to
A3: this document, GTI Energy’s contractors, nor any person acting on behalf of any of them (collectively “RAISE Users”):
A4: a. Makes any warranty or representation, express or implied with respect to the accuracy, completeness, or usefulness of the information contained in this report, or that the use of any information, apparatus, method, or process disclosed in this report may not infringe privately-owned rights. Conclusions and analysis of results by GTI Energy represent GTI Energy's opinion based on inferences from measurements and empirical relationships, which inferences and assumptions are not infallible, and with respect to which competent specialists may differ. Accordingly, you are hereby advised that the information contained in this report may be outdated or include omissions, inaccuracies or other errors. All information is provided (to the fullest extent of the law) on an ‘as seen’ basis and GTI Energy hereby expressly disclaims, and makes no representations, guarantees, or warranties of any kind, express or implied, with respect to this report, including the information, content and materials of this report.
A5: b. Assumes any liability with respect to the use of, or for any and all damages resulting from the use of, any information, apparatus, method, or process disclosed in this report; any other use of, or reliance on, this report by you (and your company) is at your (and your company’s) sole risk. TO THE FULLEST EXTENT PERMITTED BY LAW, NEITHER GTI ENERGY NOR ANY OF THE OTHER RAISE PARTICIPANTS, WILL BE LIABLE FOR DAMAGES ARISING OUT OF OR IN CONNECTION WITH THE USE OF THIS REPORT OR THE INFORMATION, CONTENT AND MATERIALS INCLUDED ON THIS REPORT. THIS IS A COMPREHENSIVE LIMITATION OF LIABILITY THAT APPLIES TO ALL DAMAGES OF ANY KIND, INCLUDING (WITHOUT LIMITATION) COMPENSATORY, DIRECT, INDIRECT OR CONSEQUENTIAL DAMAGES, LOSS OF DATA, INCOME OR PROFIT, LOSS OF OR DAMAGE TO PROPERTY AND CLAIMS OF THIRD PARTIES, WHETHER OR NOT GTI ENERGY WAS ADVISED OF SUCH DAMAGES. WITHOUT LIMITING THE GENERALITY OF THE FOREGOING, THE AGGREGATE LIABILITY TO YOU (AND YOUR COMPANY), IF ANY, WHETHER UNDER CONTRACT, TORT, STATUTE, OR OTHERWISE, SHALL NOT EXCEED THE AMOUNT OF FIFTY US DOLLARS ($50.00 USD). THE FOREGOING LIMITATIONS WILL APPLY EVEN IF THE REMEDY STATED HEREIN FAILS OF ITS ESSENTIAL PURPOSE.
A6: c. GTI Energy reserves the right to make changes to this report without notice.

Sheet Research Framework
A3: Topics | B3: 1. Natural Gas Industry & Infrastructure | C3: 2. Emerging Fuels & Decarbonization Pathways | D3: 3. Reliability, Resilience, & System Planning | E3: 4. Workforce Development | G3: Policy Research Scope
A4: Subtopics | B4: 1A. Natural Gas Outlook 1B. Infrastructure Maintenance & Modernization 1C. Natural Gas Storage | C4: 2A. RNG 2B. Hydrogen 2C. CCUS 2D. Renewables | D4: 3A. Grid Reliability & Resilience 3B. Evaluation & Valuation 3C. Demand Surge Reality 3D. Infrastructure Design & Storage 3E. Gas-Electric Coordination | E4: 4A. Transition & Retention 4B. Emerging Skills Gap 4C. Capacity Constraints | G4: The database is intended to show state-level activity, not legislation alone. Valid items may include: 1. State statutes and laws 2. Legislative bills and resolutions 3. Legislative acts and session laws 4. State code provisions 5. Administrative rules and regulations 6. Executive orders 7. Regulatory orders and decisions 8. PUC or PSC dockets, cases, projects, and proceedings 9. State regulatory frameworks 10. State-created or state-administered programs 11. State grants, loans, rebates, incentives, tax credits, and funding mechanisms 12. State appropriations and awards 13. State energy plans 14. State strategies and roadmaps 15. State studies, reports, and assessments 16. State planning processes and requirements 17. State permitting and siting frameworks 18. State task forces, councils, commissions, authorities, and workgroups 19. State workforce initiatives, training programs, scholarships, and apprenticeship programs
A6: Topic/Subtopic Descriptions
A8: Topic 1 | B8: Natural Gas Industry & Infrastructure
A9: The policy research for this topic helps understand the role, maintenance, and modernization of existing natural gas infrastructure. This topic examines how policy frameworks are shaping the role, condition, and evolution of natural gas infrastructure within the broader energy system. The analysis focuses on both the current operational landscape and the signals that indicate how natural gas systems are expected to evolve over time. Subtopics provide insight into how states are balancing the need to maintain existing infrastructure with evolving energy system requirements.
A10: Subtopic 1A: | B10: Natural Gas Outlook | C10: The future role of natural gas, as reflected in state-level legislation, incentives, and regulatory actions that either support or constrain production, delivery, and end use. This may include emissions reduction targets and climate action plans if natural gas use is deterred, or items resulting in the cost of new natural gas hookups to be paid by the customer.
A11: Subtopic 1B: | B11: Infrastructure Maintenance & Modernization | C11: Natural Gas infrastructure maintenance and modernization, including policies related to pipeline replacement, system upgrades, and the management of aging assets. This includes leak detection and repair programs and requirements if they are more stringent/perscriptive than federal requirements.
A12: Subtopic 1C: | B12: Natural Gas Storage | C12: The development, management, maintanence, and use of natural gas storage capacity and facilitites | G12: Policy Status | H12: Description
G13: Proposed | H13: Introduced or formally proposed but not yet approved, adopted, or enacted.
A14: Topic 2 | B14: Emerging Fuels & Decarbonization Pathways
A15: This topic focuses on policies supporting the integration of emerging fuels and lower-carbon energy pathways, particularly where these pathways leverage existing natural gas infrastructure systems. Subtopics capture how policy is enabling the integration of emerging fuels as part of a broader transition toward a more flexible and lower-carbon energy system. | G15: Under Review | H15: Currently undergoing formal regulatory, administrative, legislative, or planning review.
A16: Subtopic 2A: | B16: RNG | C16: Renewable natural gas, including policies that support production, pipeline injection, and end-use adoption | G16: Approved | H16: Formally accepted or authorized but not classified as an ongoing active instrument.
A17: Subtopic 2B: | B17: Hydrogen | C17: Hydrogen systems, including regulatory frameworks, incentives, and pilot efforts related to production, transport, and blending into existing infrastructure | G17: Active | H17: Currently operative, enforceable, administered, or serving as the governing policy or planning framework.
A18: Subtopic 2C: | B18: CCUS | C18: Carbon capture, utilization, and storage (CCUS), including policies supporting CO₂ transport and storage infrastructure | G18: Published | H18: Completed and released as an informational study, report, assessment, or other non-governing reference product.
A19: Subtopic 2D: | B19: Renewables | C19: The broader role of renewable energy development and its interaction with gas systems and industrial energy use | G19: Superseded | H19: Replaced by a newer policy, plan, rule, or version that now governs the subject.
G20: Repealed | H20: Formally revoked or removed from legal effect.
A21: Topic 3 | B21: Reliability, Resilience, & System Planning
A22: This topic evaluates how policy frameworks address system reliability, infrastructure resilience, and long-term planning under evolving system conditions, including increasing demand, extreme weather events, and changing resource mixes. Subtopics provide insight into how states are preparing energy systems to operate reliably under increasingly complex and uncertain conditions. | G22: Expired | H22: Ended automatically after reaching a defined statutory, regulatory, or programmatic expiration.
A23: Subtopic 3A: | B23: Grid Reliability & Resilience | C23: Reliability and resilience measures, such as infrastructure hardening, weatherization, and system performance standards | G23: Closed | H23: Formally concluded, completed, or terminated without remaining operational activity.
A24: Subtopic 3B: | B24: Evaluation & Valuation | C24: Evaluation and valuation frameworks, including how reliability, resilience, and energy security are incorporated into regulatory decision-making | G24: Withdrawn | H24: Formally removed from consideration before final approval or disposition.
A25: Subtopic 3C: | B25: Demand Surge Reality | C25: Planning for extreme conditions and demand growth, including peak demand preparedness and system stress scenarios | G25: Failed | H25: Did not pass, was vetoed, or otherwise concluded without becoming operative.
A26: Subtopic 3D: | B26: Infrastructure Design & Storage | C26: Infrastructure constraints and storage solutions, including design day capacity limitations and the role of storage in mitigating system risks | G26: Policy Type | H26: Description
A27: Subtopic 3E: | B27: Gas-Electric Coordination | C27: Gas-electric coordination, including regulatory and planning alignment between interconnected energy systems | G27: Mandates, Requirements & Standards | H27: Binding or prescriptive actions that impose requirements, limits, prohibitions, conditions, or performance standards.
G28: Regulatory Frameworks & Governance | H28: Formal structures that establish authority, institutions, permitting, oversight, coordination, or decision-making processes.
A29: Topic 4 | B29: Workforce Development
A30: This topic examines the policies and programs supporting the workforce needed to build, operate, and maintain evolving energy systems as new technologies and fuel pathways are deployed. This topic includes workforce training and upskilling, particularly for natural gas, hydrogen, RNG, and CCUS-related roles. It also includes alignment between workforce development and industry needs, such as efforts to address skills gaps and support workforce transitions. Workforce considerations are a critical enabling factor for infrastructure development and the successful implementation of emerging energy pathways. | G30: Incentives & Funding | H30: Financial mechanisms such as grants, loans, appropriations, tax credits, rebates, subsidies, or project awards.
A31: Subtopic 4A: | B31: Transition & Retention | C31: Examines how states are managing workforce change associated with evolving energy systems. Includes workforce transition programs, skill transferability, knowledge retention, redeployment initiatives, and strategies to retain experienced workers. | G31: Programs & Initiatives | H31: Organized and implemented activities that deliver services, coordinate participants, or carry out recurring policy objectives.
A32: Subtopic 4B: | B32: Emerging Skills Gap | C32: Examines whether the existing workforce possesses the technical capabilities needed to support emerging energy technologies. Includes technology-specific training, certification programs, workforce readiness assessments, and education initiatives related to hydrogen, RNG, CCUS, advanced nuclear, storage, and grid modernization. | G32: Planning, Studies & Strategies | H32: Plans, studies, assessments, roadmaps, investigations, and analytical processes that evaluate conditions or guide future action.
A33: Subtopic 4C: | B33: Capacity Contraints | C33: Examines whether sufficient workers are available to support planned infrastructure development, modernization, and deployment activities. Includes labor shortages, recruitment challenges, workforce pipeline limitations, workforce forecasting studies, apprenticeship expansion efforts, and workforce supply-demand assessments

Sheet Methodology
A3: General Summary
A4: The Regional Policy Activity Matrix uses weighted state policy records to assess both policy emphasis and regional differentiation across 15 Subtopics and four broader Topics. Each policy receives an instrument-based weight and is fully attributed to every assigned Subtopic; at the Topic level, the full weight is counted once for each applicable Topic. The Share matrices show how attributed policy activity is distributed within each region, while the Activity Group matrices compare regional shares for the same Subtopic or Topic using a 10% adjacent-gap clustering rule. Together, these matrices highlight where regions are concentrating policy attention and reveal areas where policy activity differs meaningfully across regions.
A8: What Each Matrix Shows
A9: Matrix Type | C9: Primary Purpose | F9: At-a-Glance Interpretation
A10: Regional Share Matrix (%) | C10: Policy emphasis within each region | F10: Where is each region concentrating its weighted policy attention?
A11: Regional Activity Group Matrix | C11: Regional differentiation for the same Subtopic or Topic | F11: Where do meaningful differences in weighted policy activity exist among regions?
A13: Calculation Workflow
A14: National Policy → Dataset Policy Weighting → Full Attribution → Activity Aggregation → Regional Shares → Regional Ranking → 10% Gap Clustering → Matrix Outputs
A16: Analytical Scope and Attribution Rules
A17: Component | C17: Method
A18: Geography | C18: Five regions: East Coast, Midwest, Gulf Coast, Rocky Mountain, and West Coast.
A19: Policy weighting | C19: Each policy receives a weight based on policy instrument type.
A20: Subtopic attribution | C20: Full policy weight is credited to every assigned Subtopic; the weight is not divided among assignments.
A21: Topic attribution | C21: Full policy weight is credited once to each applicable Topic. Multiple Subtopics within the same Topic do not duplicate the Topic contribution.
A22: Manual adjustments | C22: No analyst ratings, external calibration values, or manual matrix overrides are used.
A24: Policy Instrument Weights
A25: Policy Instrument Type | E25: Default Weight | F25: Current Weight | G25: Rationale
A26: Mandates, Requirements & Standards | E26: 1.5 | F26: =References!B11 -> 1.5 | G26: Creates direct obligation or driver for action
A27: Regulatory Frameworks & Governance | E27: 1.25 | F27: =References!B12 -> 1.25 | G27: Established institutional authority, process, regulatory capacity
A28: Incentives & Funding | E28: 1 | F28: =References!B13 -> 1 | G28: Commits resources and creates a mechanism for action
A29: Programs & Initiatives | E29: 1.25 | F29: =References!B14 -> 1.25 | G29: Moves from planning into active implementation
A30: Planning, Studies & Strategies | E30: 1 | F30: =References!B15 -> 1 | G30: Primarily information, planning, or direction-setting
A32: Core Metrics and Formulas
A33: Metric | C33: Formula | F33: Meaning
A34: Policy Weight | C34: Weight (Type Category) | F34: Instrument-based contribution assigned to a policy record.
A35: Attributed Subtopic Activity | C35: Σ Policy Weight × Subtopic Assignment | F35: Weighted activity associated with a Region × Subtopic.
A36: Total Attributed Regional Subtopic Activity | C36: Σ 15 Subtopic Activities | F36: Subtopic-level regional denominator. Includes every full Subtopic attribution.
A37: Regional Subtopic Share | C37: Attributed Subtopic Activity ÷ Total Attributed Regional Subtopic Activity | F37: Share of regional attributed Subtopic activity.
A38: Attributed Topic Activity | C38: Σ Policy Weight × Topic Assignment | F38: Weighted activity credited once to each applicable Region × Topic.
A39: Total Attributed Regional Topic Activity | C39: Σ Attributed Activity across 4 Topics | F39: Topic-level regional denominator.
A40: Regional Topic Share | C40: Attributed Topic Activity ÷ Total Attributed Regional Topic Activity | F40: Share of regional attributed Topic activity. The four displayed Topic shares total 100%.
A41: Adjacent Gap | C41: (Higher Share − Lower Share) ÷ Higher Share | F41: Relative separation between neighboring ranked regions.
A43: 10% Adjacent-Gap Classification
A44: For each Subtopic or Topic, rank the five regional shares from highest to lowest. Cluster 1 begins with the highest share. Compare adjacent shares using unrounded values.
A45: Adjacent Gap | D45: Treatment | F45: Result
A46: Greater than 10% | D46: Begin a new cluster | F46: Regions are meaningfully separated under the rule.
A47: Equal to or less than 10% | D47: Retain the same cluster | F47: Regions remain in the same comparative group.
A49: Activity Group Labels
A50: Clusters Produced | C50: Labels from Highest-Share to Lowest-Share Cluster
A51: 1 | C51: Comparable
A52: 2 | C52: Higher | Lower
A53: 3 | C53: Higher | Middle | Lower
A54: 4 | C54: Highest | Higher | Lower | Lowest
A55: 5 | C55: Highest | Higher | Middle | Lower | Lowest
A56: “Comparable” means no adjacent regional gap exceeds 10%; it does not mean the shares are identical. Activity Group labels describe relative cluster position, not absolute activity, policy quality, or policy performance.
A59: Interpretation Boundaries
A60: The Matrices Support | E60: The Matrices Do Not Measure
A61: • Distribution of weighted policy attention • Relative regional policy emphasis • Comparable or separated regional activity clusters | E61: • Policy quality or effectiveness • Implementation success or investment • Deployment, emissions, or economic outcomes
A62: Use the Share Matrix to understand magnitude and portfolio emphasis; use the Activity Group Matrix to understand regional differentiation. Review both together for a complete interpretation.

Sheet National Policy Dataset
A2: Region | B2: State | C2: Item Name | D2: Identifier | E2: Topic | F2: Subtopic | G2: Type Category | H2: Year | I2: Status | J2: Description | K2: Source | L2: Policy Weight | M2: Unique Qualifying Policy Weight (Audit Only) | N2: Natural Gas Outlook | O2: Infrastructure Maintenance & Modernization | P2: Natural Gas Storage | Q2: RNG | R2: Hydrogen | S2: CCUS | T2: Renewables | U2: Grid Reliability & Resilience | V2: Evaluation & Valuation | W2: Demand Surge Reality | X2: Infrastructure Design & Storage | Y2: Gas-Electric Coordination | Z2: Transition & Retention | AA2: Emerging Skills Gap | AB2: Capacity Constraints | AC2: Natural Gas Industry & Infrastructure | AD2: Emerging Fuels & Decarbonization Pathways | AE2: Reliability, Resilience, & System Planning | AF2: Workforce Development
A3: East Coast | B3: CT | C3: PURA Docket No. 21-08-24, Investigation into the Southern Connecticut Gas Company’s Proposed Expansion of Distribution Service | D3: Docket No. 21-08-24 | E3: Natural Gas Industry & Infrastructure | F3: Natural Gas Outlook | G3: Planning, Studies & Strategies | H3: 2021 | I3: Closed | J3: Connecticut PURA opened Docket No. 21-08-24 to investigate Southern Connecticut Gas Company's proposed expansion of natural-gas distribution service and the associated regulatory issues. | K3: https://www.dpuc.state.ct.us/dockhist.nsf/8e6fc37a54110e3e852576190052b64d/f5f0f6d8d2f8575e8525872f004f3d1d?OpenDocument | L3: =IF($A3="",0,IFERROR(INDEX(References!$B$11:$B$15,MATCH($G3,References!$A$11:$A$15,0)),0)) -> 1 | M3: =IF($A3="",0,IF(SUM($O3:$AB3,$N3)>0,$L3,0)) -> 1 | N3: =IF($A3="",0,IF(ISNUMBER(SEARCH(References!$C$18,$F3)),$L3,0)) -> 1 | O3: =IF($A3="",0,IF(ISNUMBER(SEARCH(O$2,$F3)),$L3,0)) -> 0 | P3: =IF($A3="",0,IF(ISNUMBER(SEARCH(P$2,$F3)),$L3,0)) -> 0 | Q3: =IF($A3="",0,IF(ISNUMBER(SEARCH(Q$2,$F3)),$L3,0)) -> 0 | R3: =IF($A3="",0,IF(ISNUMBER(SEARCH(R$2,$F3)),$L3,0)) -> 0 | S3: =IF($A3="",0,IF(ISNUMBER(SEARCH(S$2,$F3)),$L3,0)) -> 0 | T3: =IF($A3="",0,IF(ISNUMBER(SEARCH(T$2,$F3)),$L3,0)) -> 0 | U3: =IF($A3="",0,IF(ISNUMBER(SEARCH(U$2,$F3)),$L3,0)) -> 0 | V3: =IF($A3="",0,IF(ISNUMBER(SEARCH(V$2,$F3)),$L3,0)) -> 0 | ... AB3: =IF($A3="",0,IF(ISNUMBER(SEARCH(AB$2,$F3)),$L3,0)) -> 0 | AC3: =IF($A3="",0,IF(SUM($N3:$P3)>0,$L3,0)) -> 1 | AD3: =IF($A3="",0,IF(SUM($Q3:$T3)>0,$L3,0)) -> 0 | AE3: =IF($A3="",0,IF(SUM($U3:$Y3)>0,$L3,0)) -> 0 | AF3: =IF($A3="",0,IF(SUM($Z3:$AB3)>0,$L3,0)) -> 0
A4: East Coast | B4: CT | C4: Public Act 23-156 | D4: PA 23-156 / HB 6851 | E4: Natural Gas Industry & Infrastructure; Emerging Fuels & Decarbonization Pathways | F4: Natural Gas Outlook; Hydrogen | G4: Mandates, Requirements & Standards | H4: 2023 | I4: Active | J4: Public Act 23-156 includes state study and planning responsibilities concerning clean hydrogen production, infrastructure, end uses, federal funding opportunities, and development of a hydrogen economy. | K4: https://www.cga.ct.gov/2023/act/Pa/pdf/2023PA-00156-R00HB-06851-PA.PDF | L4: =IF($A4="",0,IFERROR(INDEX(References!$B$11:$B$15,MATCH($G4,References!$A$11:$A$15,0)),0)) -> 1.5 | M4: =IF($A4="",0,IF(SUM($O4:$AB4,$N4)>0,$L4,0)) -> 1.5 | N4: =IF($A4="",0,IF(ISNUMBER(SEARCH(References!$C$18,$F4)),$L4,0)) -> 1.5 | O4: =IF($A4="",0,IF(ISNUMBER(SEARCH(O$2,$F4)),$L4,0)) -> 0 | P4: =IF($A4="",0,IF(ISNUMBER(SEARCH(P$2,$F4)),$L4,0)) -> 0 | Q4: =IF($A4="",0,IF(ISNUMBER(SEARCH(Q$2,$F4)),$L4,0)) -> 0 | R4: =IF($A4="",0,IF(ISNUMBER(SEARCH(R$2,$F4)),$L4,0)) -> 1.5 | S4: =IF($A4="",0,IF(ISNUMBER(SEARCH(S$2,$F4)),$L4,0)) -> 0 | T4: =IF($A4="",0,IF(ISNUMBER(SEARCH(T$2,$F4)),$L4,0)) -> 0 | U4: =IF($A4="",0,IF(ISNUMBER(SEARCH(U$2,$F4)),$L4,0)) -> 0 | V4: =IF($A4="",0,IF(ISNUMBER(SEARCH(V$2,$F4)),$L4,0)) -> 0 | ... AB4: =IF($A4="",0,IF(ISNUMBER(SEARCH(AB$2,$F4)),$L4,0)) -> 0 | AC4: =IF($A4="",0,IF(SUM($N4:$P4)>0,$L4,0)) -> 1.5 | AD4: =IF($A4="",0,IF(SUM($Q4:$T4)>0,$L4,0)) -> 1.5 | AE4: =IF($A4="",0,IF(SUM($U4:$Y4)>0,$L4,0)) -> 0 | AF4: =IF($A4="",0,IF(SUM($Z4:$AB4)>0,$L4,0)) -> 0
A5: East Coast | B5: CT | C5: Gas Pipeline Safety Unit Inspection Program | D5: - | E5: Natural Gas Industry & Infrastructure | F5: Infrastructure Maintenance & Modernization | G5: Programs & Initiatives | H5: 1971 | I5: Active | J5: Connecticut PURA’s Gas Pipeline Safety Unit conducts risk-informed field inspections and audits of gas-company plans, procedures, records, operation and maintenance activities, and pipeline-integrity and replacement criteria to verify compliance with applicable safety requirements. | K5: https://portal.ct.gov/PURA/Gas-Pipeline-Safety/GPSU-Inspection-Program | L5: =IF($A5="",0,IFERROR(INDEX(References!$B$11:$B$15,MATCH($G5,References!$A$11:$A$15,0)),0)) -> 1.25 | M5: =IF($A5="",0,IF(SUM($O5:$AB5,$N5)>0,$L5,0)) -> 1.25 | N5: =IF($A5="",0,IF(ISNUMBER(SEARCH(References!$C$18,$F5)),$L5,0)) -> 0 | O5: =IF($A5="",0,IF(ISNUMBER(SEARCH(O$2,$F5)),$L5,0)) -> 1.25 | P5: =IF($A5="",0,IF(ISNUMBER(SEARCH(P$2,$F5)),$L5,0)) -> 0 | Q5: =IF($A5="",0,IF(ISNUMBER(SEARCH(Q$2,$F5)),$L5,0)) -> 0 | R5: =IF($A5="",0,IF(ISNUMBER(SEARCH(R$2,$F5)),$L5,0)) -> 0 | S5: =IF($A5="",0,IF(ISNUMBER(SEARCH(S$2,$F5)),$L5,0)) -> 0 | T5: =IF($A5="",0,IF(ISNUMBER(SEARCH(T$2,$F5)),$L5,0)) -> 0 | U5: =IF($A5="",0,IF(ISNUMBER(SEARCH(U$2,$F5)),$L5,0)) -> 0 | V5: =IF($A5="",0,IF(ISNUMBER(SEARCH(V$2,$F5)),$L5,0)) -> 0 | ... AB5: =IF($A5="",0,IF(ISNUMBER(SEARCH(AB$2,$F5)),$L5,0)) -> 0 | AC5: =IF($A5="",0,IF(SUM($N5:$P5)>0,$L5,0)) -> 1.25 | AD5: =IF($A5="",0,IF(SUM($Q5:$T5)>0,$L5,0)) -> 0 | AE5: =IF($A5="",0,IF(SUM($U5:$Y5)>0,$L5,0)) -> 0 | AF5: =IF($A5="",0,IF(SUM($Z5:$AB5)>0,$L5,0)) -> 0
A6: East Coast | B6: CT | C6: An Act Concerning a Low-Carbon Fuel Blend of Heating Oil | D6: PA 21-181 / HB 6412 | E6: Emerging Fuels & Decarbonization Pathways | F6: Renewables | G6: Mandates, Requirements & Standards | H6: 2021 | I6: Active | J6: Requires heating oil sold in Connecticut to contain minimum percentages of biodiesel under a statutory phase-in schedule. The requirement operates through fuel-content standards and specified regional implementation conditions. | K6: https://www.cga.ct.gov/2021/act/pa/pdf/2021PA-00181-R00HB-06412-PA.pdf | L6: =IF($A6="",0,IFERROR(INDEX(References!$B$11:$B$15,MATCH($G6,References!$A$11:$A$15,0)),0)) -> 1.5 | M6: =IF($A6="",0,IF(SUM($O6:$AB6,$N6)>0,$L6,0)) -> 1.5 | N6: =IF($A6="",0,IF(ISNUMBER(SEARCH(References!$C$18,$F6)),$L6,0)) -> 0 | O6: =IF($A6="",0,IF(ISNUMBER(SEARCH(O$2,$F6)),$L6,0)) -> 0 | P6: =IF($A6="",0,IF(ISNUMBER(SEARCH(P$2,$F6)),$L6,0)) -> 0 | Q6: =IF($A6="",0,IF(ISNUMBER(SEARCH(Q$2,$F6)),$L6,0)) -> 0 | R6: =IF($A6="",0,IF(ISNUMBER(SEARCH(R$2,$F6)),$L6,0)) -> 0 | S6: =IF($A6="",0,IF(ISNUMBER(SEARCH(S$2,$F6)),$L6,0)) -> 0 | T6: =IF($A6="",0,IF(ISNUMBER(SEARCH(T$2,$F6)),$L6,0)) -> 1.5 | U6: =IF($A6="",0,IF(ISNUMBER(SEARCH(U$2,$F6)),$L6,0)) -> 0 | V6: =IF($A6="",0,IF(ISNUMBER(SEARCH(V$2,$F6)),$L6,0)) -> 0 | ... AB6: =IF($A6="",0,IF(ISNUMBER(SEARCH(AB$2,$F6)),$L6,0)) -> 0 | AC6: =IF($A6="",0,IF(SUM($N6:$P6)>0,$L6,0)) -> 0 | AD6: =IF($A6="",0,IF(SUM($Q6:$T6)>0,$L6,0)) -> 1.5 | AE6: =IF($A6="",0,IF(SUM($U6:$Y6)>0,$L6,0)) -> 0 | AF6: =IF($A6="",0,IF(SUM($Z6:$AB6)>0,$L6,0)) -> 0
A7: East Coast | B7: CT | C7: An Act Concerning Climate Change Mitigation | D7: PA 22-5 | E7: Natural Gas Industry & Infrastructure; Emerging Fuels & Decarbonization Pathways; Reliability, Resilience, & System Planning | F7: Natural Gas Outlook; Renewables; Evaluation & Valuation | G7: Planning, Studies & Strategies | H7: 2022 | I7: Active | J7: Establishes a state objective for electricity supplied to Connecticut customers to be generated from zero-carbon resources by January 1, 2040 and directs specified agency planning and regulatory consideration of that objective. | K7: https://www.cga.ct.gov/2022/ACT/PA/PDF/2022PA-00005-R00SB-00010SS1-PA.PDF | L7: =IF($A7="",0,IFERROR(INDEX(References!$B$11:$B$15,MATCH($G7,References!$A$11:$A$15,0)),0)) -> 1 | M7: =IF($A7="",0,IF(SUM($O7:$AB7,$N7)>0,$L7,0)) -> 1 | N7: =IF($A7="",0,IF(ISNUMBER(SEARCH(References!$C$18,$F7)),$L7,0)) -> 1 | O7: =IF($A7="",0,IF(ISNUMBER(SEARCH(O$2,$F7)),$L7,0)) -> 0 | P7: =IF($A7="",0,IF(ISNUMBER(SEARCH(P$2,$F7)),$L7,0)) -> 0 | Q7: =IF($A7="",0,IF(ISNUMBER(SEARCH(Q$2,$F7)),$L7,0)) -> 0 | R7: =IF($A7="",0,IF(ISNUMBER(SEARCH(R$2,$F7)),$L7,0)) -> 0 | S7: =IF($A7="",0,IF(ISNUMBER(SEARCH(S$2,$F7)),$L7,0)) -> 0 | T7: =IF($A7="",0,IF(ISNUMBER(SEARCH(T$2,$F7)),$L7,0)) -> 1 | U7: =IF($A7="",0,IF(ISNUMBER(SEARCH(U$2,$F7)),$L7,0)) -> 0 | V7: =IF($A7="",0,IF(ISNUMBER(SEARCH(V$2,$F7)),$L7,0)) -> 1 | ... AB7: =IF($A7="",0,IF(ISNUMBER(SEARCH(AB$2,$F7)),$L7,0)) -> 0 | AC7: =IF($A7="",0,IF(SUM($N7:$P7)>0,$L7,0)) -> 1 | AD7: =IF($A7="",0,IF(SUM($Q7:$T7)>0,$L7,0)) -> 1 | AE7: =IF($A7="",0,IF(SUM($U7:$Y7)>0,$L7,0)) -> 1 | AF7: =IF($A7="",0,IF(SUM($Z7:$AB7)>0,$L7,0)) -> 0
A8: East Coast | B8: CT | C8: An Act Concerning Funding for Microgrids, Resilience and State Agency Building Decarbonization Projects | D8: PA 23-157 / HB 6853 | E8: Reliability, Resilience, & System Planning | F8: Grid Reliability & Resilience | G8: Incentives & Funding | H8: 2023 | I8: Active | J8: Authorizes state support for municipal microgrids and related energy-resilience projects through financing and program-administration mechanisms established in the act. Eligible public entities and projects may receive assistance subject to the act’s program requirements. | K8: https://www.cga.ct.gov/2023/act/Pa/pdf/2023PA-00157-R00HB-06853-PA.PDF | L8: =IF($A8="",0,IFERROR(INDEX(References!$B$11:$B$15,MATCH($G8,References!$A$11:$A$15,0)),0)) -> 1 | M8: =IF($A8="",0,IF(SUM($O8:$AB8,$N8)>0,$L8,0)) -> 1 | N8: =IF($A8="",0,IF(ISNUMBER(SEARCH(References!$C$18,$F8)),$L8,0)) -> 0 | O8: =IF($A8="",0,IF(ISNUMBER(SEARCH(O$2,$F8)),$L8,0)) -> 0 | P8: =IF($A8="",0,IF(ISNUMBER(SEARCH(P$2,$F8)),$L8,0)) -> 0 | Q8: =IF($A8="",0,IF(ISNUMBER(SEARCH(Q$2,$F8)),$L8,0)) -> 0 | R8: =IF($A8="",0,IF(ISNUMBER(SEARCH(R$2,$F8)),$L8,0)) -> 0 | S8: =IF($A8="",0,IF(ISNUMBER(SEARCH(S$2,$F8)),$L8,0)) -> 0 | T8: =IF($A8="",0,IF(ISNUMBER(SEARCH(T$2,$F8)),$L8,0)) -> 0 | U8: =IF($A8="",0,IF(ISNUMBER(SEARCH(U$2,$F8)),$L8,0)) -> 1 | V8: =IF($A8="",0,IF(ISNUMBER(SEARCH(V$2,$F8)),$L8,0)) -> 0 | ... AB8: =IF($A8="",0,IF(ISNUMBER(SEARCH(AB$2,$F8)),$L8,0)) -> 0 | AC8: =IF($A8="",0,IF(SUM($N8:$P8)>0,$L8,0)) -> 0 | AD8: =IF($A8="",0,IF(SUM($Q8:$T8)>0,$L8,0)) -> 0 | AE8: =IF($A8="",0,IF(SUM($U8:$Y8)>0,$L8,0)) -> 1 | AF8: =IF($A8="",0,IF(SUM($Z8:$AB8)>0,$L8,0)) -> 0
A9: East Coast | B9: CT | C9: 2022 Comprehensive Energy Strategy stakeholder proceeding | D9: - | E9: Natural Gas Industry & Infrastructure; Reliability, Resilience, & System Planning | F9: Natural Gas Outlook; Evaluation & Valuation | G9: Planning, Studies & Strategies | H9: 2022 | I9: Closed | J9: Connecticut DEEP's 2022 Comprehensive Energy Strategy process used technical sessions, comments, and stakeholder input to evaluate energy needs, affordability, reliability, environmental impacts, and climate requirements. | K9: https://portal.ct.gov/deep/energy/comprehensive-energy-plan/comprehensive-energy-strategy | L9: =IF($A9="",0,IFERROR(INDEX(References!$B$11:$B$15,MATCH($G9,References!$A$11:$A$15,0)),0)) -> 1 | M9: =IF($A9="",0,IF(SUM($O9:$AB9,$N9)>0,$L9,0)) -> 1 | N9: =IF($A9="",0,IF(ISNUMBER(SEARCH(References!$C$18,$F9)),$L9,0)) -> 1 | O9: =IF($A9="",0,IF(ISNUMBER(SEARCH(O$2,$F9)),$L9,0)) -> 0 | P9: =IF($A9="",0,IF(ISNUMBER(SEARCH(P$2,$F9)),$L9,0)) -> 0 | Q9: =IF($A9="",0,IF(ISNUMBER(SEARCH(Q$2,$F9)),$L9,0)) -> 0 | R9: =IF($A9="",0,IF(ISNUMBER(SEARCH(R$2,$F9)),$L9,0)) -> 0 | S9: =IF($A9="",0,IF(ISNUMBER(SEARCH(S$2,$F9)),$L9,0)) -> 0 | T9: =IF($A9="",0,IF(ISNUMBER(SEARCH(T$2,$F9)),$L9,0)) -> 0 | U9: =IF($A9="",0,IF(ISNUMBER(SEARCH(U$2,$F9)),$L9,0)) -> 0 | V9: =IF($A9="",0,IF(ISNUMBER(SEARCH(V$2,$F9)),$L9,0)) -> 1 | ... AB9: =IF($A9="",0,IF(ISNUMBER(SEARCH(AB$2,$F9)),$L9,0)) -> 0 | AC9: =IF($A9="",0,IF(SUM($N9:$P9)>0,$L9,0)) -> 1 | AD9: =IF($A9="",0,IF(SUM($Q9:$T9)>0,$L9,0)) -> 0 | AE9: =IF($A9="",0,IF(SUM($U9:$Y9)>0,$L9,0)) -> 1 | AF9: =IF($A9="",0,IF(SUM($Z9:$AB9)>0,$L9,0)) -> 0
A10: East Coast | B10: CT | C10: 2022 Comprehensive Energy Strategy Technical Session 7 — Methane/Natural Gas Distribution Planning and Policies | D10: 2022 CES Technical Session 7 | E10: Natural Gas Industry & Infrastructure | F10: Natural Gas Outlook | G10: Planning, Studies & Strategies | H10: 2022 | I10: Closed | J10: Technical Session 7 of Connecticut’s Comprehensive Energy Strategy process examined methane and natural-gas distribution planning and policies. | K10: https://portal.ct.gov/-/media/deep/energy/ces/2022ces/notice-of-technical-meeting-7-_ces_final.pdf | L10: =IF($A10="",0,IFERROR(INDEX(References!$B$11:$B$15,MATCH($G10,References!$A$11:$A$15,0)),0)) -> 1 | M10: =IF($A10="",0,IF(SUM($O10:$AB10,$N10)>0,$L10,0)) -> 1 | N10: =IF($A10="",0,IF(ISNUMBER(SEARCH(References!$C$18,$F10)),$L10,0)) -> 1 | O10: =IF($A10="",0,IF(ISNUMBER(SEARCH(O$2,$F10)),$L10,0)) -> 0 | P10: =IF($A10="",0,IF(ISNUMBER(SEARCH(P$2,$F10)),$L10,0)) -> 0 | Q10: =IF($A10="",0,IF(ISNUMBER(SEARCH(Q$2,$F10)),$L10,0)) -> 0 | R10: =IF($A10="",0,IF(ISNUMBER(SEARCH(R$2,$F10)),$L10,0)) -> 0 | S10: =IF($A10="",0,IF(ISNUMBER(SEARCH(S$2,$F10)),$L10,0)) -> 0 | T10: =IF($A10="",0,IF(ISNUMBER(SEARCH(T$2,$F10)),$L10,0)) -> 0 | U10: =IF($A10="",0,IF(ISNUMBER(SEARCH(U$2,$F10)),$L10,0)) -> 0 | V10: =IF($A10="",0,IF(ISNUMBER(SEARCH(V$2,$F10)),$L10,0)) -> 0 | ... AB10: =IF($A10="",0,IF(ISNUMBER(SEARCH(AB$2,$F10)),$L10,0)) -> 0 | AC10: =IF($A10="",0,IF(SUM($N10:$P10)>0,$L10,0)) -> 1 | AD10: =IF($A10="",0,IF(SUM($Q10:$T10)>0,$L10,0)) -> 0 | AE10: =IF($A10="",0,IF(SUM($U10:$Y10)>0,$L10,0)) -> 0 | AF10: =IF($A10="",0,IF(SUM($Z10:$AB10)>0,$L10,0)) -> 0
A11: East Coast | B11: CT | C11: Green Jobs Corps workforce-training plan | D11: PA 23-61 / HB 6354; Conn. Gen. Stat. § 31-3rr | E11: Workforce Development | F11: Emerging Skills Gap | G11: Mandates, Requirements & Standards | H11: 2023 | I11: Active | J11: The Green Jobs Corps statutory planning requirement directs development of a statewide green-jobs workforce-training plan addressing recruitment, training, and pathways into clean-economy occupations. | K11: https://www.cga.ct.gov/2023/ACT/PA/PDF/2023PA-00061-R00HB-06354-PA.PDF | L11: =IF($A11="",0,IFERROR(INDEX(References!$B$11:$B$15,MATCH($G11,References!$A$11:$A$15,0)),0)) -> 1.5 | M11: =IF($A11="",0,IF(SUM($O11:$AB11,$N11)>0,$L11,0)) -> 1.5 | N11: =IF($A11="",0,IF(ISNUMBER(SEARCH(References!$C$18,$F11)),$L11,0)) -> 0 | O11: =IF($A11="",0,IF(ISNUMBER(SEARCH(O$2,$F11)),$L11,0)) -> 0 | P11: =IF($A11="",0,IF(ISNUMBER(SEARCH(P$2,$F11)),$L11,0)) -> 0 | Q11: =IF($A11="",0,IF(ISNUMBER(SEARCH(Q$2,$F11)),$L11,0)) -> 0 | R11: =IF($A11="",0,IF(ISNUMBER(SEARCH(R$2,$F11)),$L11,0)) -> 0 | S11: =IF($A11="",0,IF(ISNUMBER(SEARCH(S$2,$F11)),$L11,0)) -> 0 | T11: =IF($A11="",0,IF(ISNUMBER(SEARCH(T$2,$F11)),$L11,0)) -> 0 | U11: =IF($A11="",0,IF(ISNUMBER(SEARCH(U$2,$F11)),$L11,0)) -> 0 | V11: =IF($A11="",0,IF(ISNUMBER(SEARCH(V$2,$F11)),$L11,0)) -> 0 | ... AB11: =IF($A11="",0,IF(ISNUMBER(SEARCH(AB$2,$F11)),$L11,0)) -> 0 | AC11: =IF($A11="",0,IF(SUM($N11:$P11)>0,$L11,0)) -> 0 | AD11: =IF($A11="",0,IF(SUM($Q11:$T11)>0,$L11,0)) -> 0 | AE11: =IF($A11="",0,IF(SUM($U11:$Y11)>0,$L11,0)) -> 0 | AF11: =IF($A11="",0,IF(SUM($Z11:$AB11)>0,$L11,0)) -> 1.5
A12: East Coast | B12: CT | C12: Green Jobs Corps Program | D12: Public Act 23-61 / Conn. Gen. Stat. § 31-3rr | E12: Workforce Development | F12: Emerging Skills Gap; Capacity Constraints | G12: Programs & Initiatives | H12: 2023 | I12: Active | J12: The Green Jobs Corps Program establishes Connecticut's operating framework for green-jobs workforce training and implementation of the statewide training plan. | K12: https://www.cga.ct.gov/2023/ACT/PA/PDF/2023PA-00061-R00HB-06354-PA.PDF | L12: =IF($A12="",0,IFERROR(INDEX(References!$B$11:$B$15,MATCH($G12,References!$A$11:$A$15,0)),0)) -> 1.25 | M12: =IF($A12="",0,IF(SUM($O12:$AB12,$N12)>0,$L12,0)) -> 1.25 | N12: =IF($A12="",0,IF(ISNUMBER(SEARCH(References!$C$18,$F12)),$L12,0)) -> 0 | O12: =IF($A12="",0,IF(ISNUMBER(SEARCH(O$2,$F12)),$L12,0)) -> 0 | P12: =IF($A12="",0,IF(ISNUMBER(SEARCH(P$2,$F12)),$L12,0)) -> 0 | Q12: =IF($A12="",0,IF(ISNUMBER(SEARCH(Q$2,$F12)),$L12,0)) -> 0 | R12: =IF($A12="",0,IF(ISNUMBER(SEARCH(R$2,$F12)),$L12,0)) -> 0 | S12: =IF($A12="",0,IF(ISNUMBER(SEARCH(S$2,$F12)),$L12,0)) -> 0 | T12: =IF($A12="",0,IF(ISNUMBER(SEARCH(T$2,$F12)),$L12,0)) -> 0 | U12: =IF($A12="",0,IF(ISNUMBER(SEARCH(U$2,$F12)),$L12,0)) -> 0 | V12: =IF($A12="",0,IF(ISNUMBER(SEARCH(V$2,$F12)),$L12,0)) -> 0 | ... AB12: =IF($A12="",0,IF(ISNUMBER(SEARCH(AB$2,$F12)),$L12,0)) -> 1.25 | AC12: =IF($A12="",0,IF(SUM($N12:$P12)>0,$L12,0)) -> 0 | AD12: =IF($A12="",0,IF(SUM($Q12:$T12)>0,$L12,0)) -> 0 | AE12: =IF($A12="",0,IF(SUM($U12:$Y12)>0,$L12,0)) -> 0 | AF12: =IF($A12="",0,IF(SUM($Z12:$AB12)>0,$L12,0)) -> 1.25
A13: East Coast | B13: CT | C13: Nuclear Energy Advisory Council | D13: PA 23-102 | E13: Emerging Fuels & Decarbonization Pathways; Reliability, Resilience, & System Planning | F13: Evaluation & Valuation | G13: Regulatory Frameworks & Governance | H13: 2023 | I13: Active | J13: Establishes the Nuclear Energy Advisory Council to monitor and study nuclear-energy matters affecting Connecticut and advise or report to designated state officials and legislative committees. | K13: https://www.cga.ct.gov/2023/ACT/PA/PDF/2023PA-00102-R00HB-05004-PA.PDF | L13: =IF($A13="",0,IFERROR(INDEX(References!$B$11:$B$15,MATCH($G13,References!$A$11:$A$15,0)),0)) -> 1.25 | M13: =IF($A13="",0,IF(SUM($O13:$AB13,$N13)>0,$L13,0)) -> 1.25 | N13: =IF($A13="",0,IF(ISNUMBER(SEARCH(References!$C$18,$F13)),$L13,0)) -> 0 | O13: =IF($A13="",0,IF(ISNUMBER(SEARCH(O$2,$F13)),$L13,0)) -> 0 | P13: =IF($A13="",0,IF(ISNUMBER(SEARCH(P$2,$F13)),$L13,0)) -> 0 | Q13: =IF($A13="",0,IF(ISNUMBER(SEARCH(Q$2,$F13)),$L13,0)) -> 0 | R13: =IF($A13="",0,IF(ISNUMBER(SEARCH(R$2,$F13)),$L13,0)) -> 0 | S13: =IF($A13="",0,IF(ISNUMBER(SEARCH(S$2,$F13)),$L13,0)) -> 0 | T13: =IF($A13="",0,IF(ISNUMBER(SEARCH(T$2,$F13)),$L13,0)) -> 0 | U13: =IF($A13="",0,IF(ISNUMBER(SEARCH(U$2,$F13)),$L13,0)) -> 0 | V13: =IF($A13="",0,IF(ISNUMBER(SEARCH(V$2,$F13)),$L13,0)) -> 1.25 | ... AB13: =IF($A13="",0,IF(ISNUMBER(SEARCH(AB$2,$F13)),$L13,0)) -> 0 | AC13: =IF($A13="",0,IF(SUM($N13:$P13)>0,$L13,0)) -> 0 | AD13: =IF($A13="",0,IF(SUM($Q13:$T13)>0,$L13,0)) -> 0 | AE13: =IF($A13="",0,IF(SUM($U13:$Y13)>0,$L13,0)) -> 1.25 | AF13: =IF($A13="",0,IF(SUM($Z13:$AB13)>0,$L13,0)) -> 0
A14: East Coast | B14: CT | C14: Public Act 23-102 gas-company revenue-decoupling provision | D14: PA 23-102 | E14: Natural Gas Industry & Infrastructure; Reliability, Resilience, & System Planning | F14: Natural Gas Outlook; Evaluation & Valuation | G14: Mandates, Requirements & Standards | H14: 2023 | I14: Active | J14: Requires PURA, under conditions specified in Public Act 23-102, to implement a revenue-decoupling or comparable revenue-adjustment mechanism for regulated gas companies. | K14: https://www.cga.ct.gov/2023/ACT/PA/PDF/2023PA-00102-R00HB-05004-PA.PDF | L14: =IF($A14="",0,IFERROR(INDEX(References!$B$11:$B$15,MATCH($G14,References!$A$11:$A$15,0)),0)) -> 1.5 | M14: =IF($A14="",0,IF(SUM($O14:$AB14,$N14)>0,$L14,0)) -> 1.5 | N14: =IF($A14="",0,IF(ISNUMBER(SEARCH(References!$C$18,$F14)),$L14,0)) -> 1.5 | O14: =IF($A14="",0,IF(ISNUMBER(SEARCH(O$2,$F14)),$L14,0)) -> 0 | P14: =IF($A14="",0,IF(ISNUMBER(SEARCH(P$2,$F14)),$L14,0)) -> 0 | Q14: =IF($A14="",0,IF(ISNUMBER(SEARCH(Q$2,$F14)),$L14,0)) -> 0 | R14: =IF($A14="",0,IF(ISNUMBER(SEARCH(R$2,$F14)),$L14,0)) -> 0 | S14: =IF($A14="",0,IF(ISNUMBER(SEARCH(S$2,$F14)),$L14,0)) -> 0 | T14: =IF($A14="",0,IF(ISNUMBER(SEARCH(T$2,$F14)),$L14,0)) -> 0 | U14: =IF($A14="",0,IF(ISNUMBER(SEARCH(U$2,$F14)),$L14,0)) -> 0 | V14: =IF($A14="",0,IF(ISNUMBER(SEARCH(V$2,$F14)),$L14,0)) -> 1.5 | ... AB14: =IF($A14="",0,IF(ISNUMBER(SEARCH(AB$2,$F14)),$L14,0)) -> 0 | AC14: =IF($A14="",0,IF(SUM($N14:$P14)>0,$L14,0)) -> 1.5 | AD14: =IF($A14="",0,IF(SUM($Q14:$T14)>0,$L14,0)) -> 0 | AE14: =IF($A14="",0,IF(SUM($U14:$Y14)>0,$L14,0)) -> 1.5 | AF14: =IF($A14="",0,IF(SUM($Z14:$AB14)>0,$L14,0)) -> 0
... A213: Gulf Coast | B213: TX | C213: Recovery of Costs for Gas Utility Plant Placed in Service | D213: HB 4384 / Texas Utilities Code §104.302 | E213: Natural Gas Industry & Infrastructure | F213: Natural Gas Outlook; Infrastructure Maintenance & Modernization | G213: Regulatory Frameworks & Governance | H213: 2025 | I213: Active | J213: Allows gas utilities to defer specified post-in-service carrying costs, depreciation, and ad valorem taxes associated with unrecovered facilities placed in service. Deferred amounts are included in the utility’s authorized cost-recovery mechanism and reviewed in a general rate proceeding. | K213: https://capitol.texas.gov/tlodocs/89R/billtext/html/HB04384F.HTM | L213: =IF($A213="",0,IFERROR(INDEX(References!$B$11:$B$15,MATCH($G213,References!$A$11:$A$15,0)),0)) -> 1.25 | M213: =IF($A213="",0,IF(SUM($O213:$AB213,$N213)>0,$L213,0)) -> 1.25 | N213: =IF($A213="",0,IF(ISNUMBER(SEARCH(References!$C$18,$F213)),$L213,0)) -> 1.25 | O213: =IF($A213="",0,IF(ISNUMBER(SEARCH(O$2,$F213)),$L213,0)) -> 1.25 | P213: =IF($A213="",0,IF(ISNUMBER(SEARCH(P$2,$F213)),$L213,0)) -> 0 | Q213: =IF($A213="",0,IF(ISNUMBER(SEARCH(Q$2,$F213)),$L213,0)) -> 0 | R213: =IF($A213="",0,IF(ISNUMBER(SEARCH(R$2,$F213)),$L213,0)) -> 0 | S213: =IF($A213="",0,IF(ISNUMBER(SEARCH(S$2,$F213)),$L213,0)) -> 0 | T213: =IF($A213="",0,IF(ISNUMBER(SEARCH(T$2,$F213)),$L213,0)) -> 0 | U213: =IF($A213="",0,IF(ISNUMBER(SEARCH(U$2,$F213)),$L213,0)) -> 0 | V213: =IF($A213="",0,IF(ISNUMBER(SEARCH(V$2,$F213)),$L213,0)) -> 0 | ... AB213: =IF($A213="",0,IF(ISNUMBER(SEARCH(AB$2,$F213)),$L213,0)) -> 0 | AC213: =IF($A213="",0,IF(SUM($N213:$P213)>0,$L213,0)) -> 1.25 | AD213: =IF($A213="",0,IF(SUM($Q213:$T213)>0,$L213,0)) -> 0 | AE213: =IF($A213="",0,IF(SUM($U213:$Y213)>0,$L213,0)) -> 0 | AF213: =IF($A213="",0,IF(SUM($Z213:$AB213)>0,$L213,0)) -> 0
A214: Midwest | B214: IL | C214: Illinois Commerce Commission Future of Gas Proceeding and Workshops | D214: Docket 24-0158 | E214: Natural Gas Industry & Infrastructure; Reliability, Resilience, & System Planning | F214: Natural Gas Outlook; Evaluation & Valuation | G214: Planning, Studies & Strategies | H214: 2024 | I214: Closed | J214: Uses commission workshops and investigation to examine the future role of natural gas utility service and related regulatory issues in Illinois. The recorded proceeding or action is concluded. | K214: https://iccqa.illinois.gov/programs/Future-of-Gas-Workshop-Schedule | L214: =IF($A214="",0,IFERROR(INDEX(References!$B$11:$B$15,MATCH($G214,References!$A$11:$A$15,0)),0)) -> 1 | M214: =IF($A214="",0,IF(SUM($O214:$AB214,$N214)>0,$L214,0)) -> 1 | N214: =IF($A214="",0,IF(ISNUMBER(SEARCH(References!$C$18,$F214)),$L214,0)) -> 1 | O214: =IF($A214="",0,IF(ISNUMBER(SEARCH(O$2,$F214)),$L214,0)) -> 0 | P214: =IF($A214="",0,IF(ISNUMBER(SEARCH(P$2,$F214)),$L214,0)) -> 0 | Q214: =IF($A214="",0,IF(ISNUMBER(SEARCH(Q$2,$F214)),$L214,0)) -> 0 | R214: =IF($A214="",0,IF(ISNUMBER(SEARCH(R$2,$F214)),$L214,0)) -> 0 | S214: =IF($A214="",0,IF(ISNUMBER(SEARCH(S$2,$F214)),$L214,0)) -> 0 | T214: =IF($A214="",0,IF(ISNUMBER(SEARCH(T$2,$F214)),$L214,0)) -> 0 | U214: =IF($A214="",0,IF(ISNUMBER(SEARCH(U$2,$F214)),$L214,0)) -> 0 | V214: =IF($A214="",0,IF(ISNUMBER(SEARCH(V$2,$F214)),$L214,0)) -> 1 | ... AB214: =IF($A214="",0,IF(ISNUMBER(SEARCH(AB$2,$F214)),$L214,0)) -> 0 | AC214: =IF($A214="",0,IF(SUM($N214:$P214)>0,$L214,0)) -> 1 | AD214: =IF($A214="",0,IF(SUM($Q214:$T214)>0,$L214,0)) -> 0 | AE214: =IF($A214="",0,IF(SUM($U214:$Y214)>0,$L214,0)) -> 1 | AF214: =IF($A214="",0,IF(SUM($Z214:$AB214)>0,$L214,0)) -> 0
A215: Midwest | B215: IL | C215: Senate Bill 3935 – Clean and Healthy Buildings Act | D215: Senate Bill 3935 | E215: Natural Gas Industry & Infrastructure | F215: Natural Gas Outlook | G215: Mandates, Requirements & Standards | H215: 2024 | I215: Failed | J215: Would establish requirements affecting energy use in covered Illinois buildings, including measures intended to shift building energy systems away from higher-emitting fuel use. The measure did not become law. | K215: https://www.ilga.gov/legislation/billstatus.asp?DocNum=3935 | L215: =IF($A215="",0,IFERROR(INDEX(References!$B$11:$B$15,MATCH($G215,References!$A$11:$A$15,0)),0)) -> 1.5 | M215: =IF($A215="",0,IF(SUM($O215:$AB215,$N215)>0,$L215,0)) -> 1.5 | N215: =IF($A215="",0,IF(ISNUMBER(SEARCH(References!$C$18,$F215)),$L215,0)) -> 1.5 | O215: =IF($A215="",0,IF(ISNUMBER(SEARCH(O$2,$F215)),$L215,0)) -> 0 | P215: =IF($A215="",0,IF(ISNUMBER(SEARCH(P$2,$F215)),$L215,0)) -> 0 | Q215: =IF($A215="",0,IF(ISNUMBER(SEARCH(Q$2,$F215)),$L215,0)) -> 0 | R215: =IF($A215="",0,IF(ISNUMBER(SEARCH(R$2,$F215)),$L215,0)) -> 0 | S215: =IF($A215="",0,IF(ISNUMBER(SEARCH(S$2,$F215)),$L215,0)) -> 0 | T215: =IF($A215="",0,IF(ISNUMBER(SEARCH(T$2,$F215)),$L215,0)) -> 0 | U215: =IF($A215="",0,IF(ISNUMBER(SEARCH(U$2,$F215)),$L215,0)) -> 0 | V215: =IF($A215="",0,IF(ISNUMBER(SEARCH(V$2,$F215)),$L215,0)) -> 0 | ... AB215: =IF($A215="",0,IF(ISNUMBER(SEARCH(AB$2,$F215)),$L215,0)) -> 0 | AC215: =IF($A215="",0,IF(SUM($N215:$P215)>0,$L215,0)) -> 1.5 | AD215: =IF($A215="",0,IF(SUM($Q215:$T215)>0,$L215,0)) -> 0 | AE215: =IF($A215="",0,IF(SUM($U215:$Y215)>0,$L215,0)) -> 0 | AF215: =IF($A215="",0,IF(SUM($Z215:$AB215)>0,$L215,0)) -> 0
A216: Midwest | B216: IL | C216: Qualified Infrastructure Plant (QIP) Surcharge Law – Public Act 98-0057 / 220 ILCS 5/9-220.3 | D216: Public Act 98-0057 / 220 ILCS 5/9-220.3 | E216: Natural Gas Industry & Infrastructure | F216: Natural Gas Outlook; Infrastructure Maintenance & Modernization | G216: Regulatory Frameworks & Governance | H216: 2013 | I216: Expired | J216: Authorizes natural gas utilities to recover qualifying infrastructure investment through a rider or surcharge reviewed by the Illinois Commerce Commission. The mechanism applies to eligible system replacement and modernization costs. | K216: https://www.ilga.gov/legislation/ilcs/fulltext.asp?DocName=022000050K9-220.3 | L216: =IF($A216="",0,IFERROR(INDEX(References!$B$11:$B$15,MATCH($G216,References!$A$11:$A$15,0)),0)) -> 1.25 | M216: =IF($A216="",0,IF(SUM($O216:$AB216,$N216)>0,$L216,0)) -> 1.25 | N216: =IF($A216="",0,IF(ISNUMBER(SEARCH(References!$C$18,$F216)),$L216,0)) -> 1.25 | O216: =IF($A216="",0,IF(ISNUMBER(SEARCH(O$2,$F216)),$L216,0)) -> 1.25 | P216: =IF($A216="",0,IF(ISNUMBER(SEARCH(P$2,$F216)),$L216,0)) -> 0 | Q216: =IF($A216="",0,IF(ISNUMBER(SEARCH(Q$2,$F216)),$L216,0)) -> 0 | R216: =IF($A216="",0,IF(ISNUMBER(SEARCH(R$2,$F216)),$L216,0)) -> 0 | S216: =IF($A216="",0,IF(ISNUMBER(SEARCH(S$2,$F216)),$L216,0)) -> 0 | T216: =IF($A216="",0,IF(ISNUMBER(SEARCH(T$2,$F216)),$L216,0)) -> 0 | U216: =IF($A216="",0,IF(ISNUMBER(SEARCH(U$2,$F216)),$L216,0)) -> 0 | V216: =IF($A216="",0,IF(ISNUMBER(SEARCH(V$2,$F216)),$L216,0)) -> 0 | ... AB216: =IF($A216="",0,IF(ISNUMBER(SEARCH(AB$2,$F216)),$L216,0)) -> 0 | AC216: =IF($A216="",0,IF(SUM($N216:$P216)>0,$L216,0)) -> 1.25 | AD216: =IF($A216="",0,IF(SUM($Q216:$T216)>0,$L216,0)) -> 0 | AE216: =IF($A216="",0,IF(SUM($U216:$Y216)>0,$L216,0)) -> 0 | AF216: =IF($A216="",0,IF(SUM($Z216:$AB216)>0,$L216,0)) -> 0
A217: Midwest | B217: IL | C217: ICC Investigation of the Peoples Gas System Modernization Program | D217: Docket 24-0081 | E217: Natural Gas Industry & Infrastructure | F217: Infrastructure Maintenance & Modernization | G217: Planning, Studies & Strategies | H217: 2024 | I217: Closed | J217: Illinois Commerce Commission investigation of the Peoples Gas Light and Coke Company System Modernization Program. The proceeding reviewed the utility’s infrastructure-replacement activities and related regulatory issues and is now closed. | K217: https://icc.illinois.gov/docket/P2024-0081 | L217: =IF($A217="",0,IFERROR(INDEX(References!$B$11:$B$15,MATCH($G217,References!$A$11:$A$15,0)),0)) -> 1 | M217: =IF($A217="",0,IF(SUM($O217:$AB217,$N217)>0,$L217,0)) -> 1 | N217: =IF($A217="",0,IF(ISNUMBER(SEARCH(References!$C$18,$F217)),$L217,0)) -> 0 | O217: =IF($A217="",0,IF(ISNUMBER(SEARCH(O$2,$F217)),$L217,0)) -> 1 | P217: =IF($A217="",0,IF(ISNUMBER(SEARCH(P$2,$F217)),$L217,0)) -> 0 | Q217: =IF($A217="",0,IF(ISNUMBER(SEARCH(Q$2,$F217)),$L217,0)) -> 0 | R217: =IF($A217="",0,IF(ISNUMBER(SEARCH(R$2,$F217)),$L217,0)) -> 0 | S217: =IF($A217="",0,IF(ISNUMBER(SEARCH(S$2,$F217)),$L217,0)) -> 0 | T217: =IF($A217="",0,IF(ISNUMBER(SEARCH(T$2,$F217)),$L217,0)) -> 0 | U217: =IF($A217="",0,IF(ISNUMBER(SEARCH(U$2,$F217)),$L217,0)) -> 0 | V217: =IF($A217="",0,IF(ISNUMBER(SEARCH(V$2,$F217)),$L217,0)) -> 0 | ... AB217: =IF($A217="",0,IF(ISNUMBER(SEARCH(AB$2,$F217)),$L217,0)) -> 0 | AC217: =IF($A217="",0,IF(SUM($N217:$P217)>0,$L217,0)) -> 1 | AD217: =IF($A217="",0,IF(SUM($Q217:$T217)>0,$L217,0)) -> 0 | AE217: =IF($A217="",0,IF(SUM($U217:$Y217)>0,$L217,0)) -> 0 | AF217: =IF($A217="",0,IF(SUM($Z217:$AB217)>0,$L217,0)) -> 0
A218: Midwest | B218: IL | C218: Illinois Underground Natural Gas Storage Safety Act – 415 ILCS 160 / P.A. 100-1172 | D218: P.A. 100-1172 / 415 ILCS 160 | E218: Natural Gas Industry & Infrastructure | F218: Natural Gas Storage | G218: Regulatory Frameworks & Governance | H218: 2018 | I218: Active | J218: Establishes state safety oversight for underground natural gas storage facilities, including regulatory authority over storage operations and compliance. The action establishes or assigns a state body to oversee, coordinate, evaluate, or recommend further action within the stated scope. | K218: https://www.ilga.gov/legislation/publicacts/fulltext.asp?Name=100-1172 | L218: =IF($A218="",0,IFERROR(INDEX(References!$B$11:$B$15,MATCH($G218,References!$A$11:$A$15,0)),0)) -> 1.25 | M218: =IF($A218="",0,IF(SUM($O218:$AB218,$N218)>0,$L218,0)) -> 1.25 | N218: =IF($A218="",0,IF(ISNUMBER(SEARCH(References!$C$18,$F218)),$L218,0)) -> 0 | O218: =IF($A218="",0,IF(ISNUMBER(SEARCH(O$2,$F218)),$L218,0)) -> 0 | P218: =IF($A218="",0,IF(ISNUMBER(SEARCH(P$2,$F218)),$L218,0)) -> 1.25 | Q218: =IF($A218="",0,IF(ISNUMBER(SEARCH(Q$2,$F218)),$L218,0)) -> 0 | R218: =IF($A218="",0,IF(ISNUMBER(SEARCH(R$2,$F218)),$L218,0)) -> 0 | S218: =IF($A218="",0,IF(ISNUMBER(SEARCH(S$2,$F218)),$L218,0)) -> 0 | T218: =IF($A218="",0,IF(ISNUMBER(SEARCH(T$2,$F218)),$L218,0)) -> 0 | U218: =IF($A218="",0,IF(ISNUMBER(SEARCH(U$2,$F218)),$L218,0)) -> 0 | V218: =IF($A218="",0,IF(ISNUMBER(SEARCH(V$2,$F218)),$L218,0)) -> 0 | ... AB218: =IF($A218="",0,IF(ISNUMBER(SEARCH(AB$2,$F218)),$L218,0)) -> 0 | AC218: =IF($A218="",0,IF(SUM($N218:$P218)>0,$L218,0)) -> 1.25 | AD218: =IF($A218="",0,IF(SUM($Q218:$T218)>0,$L218,0)) -> 0 | AE218: =IF($A218="",0,IF(SUM($U218:$Y218)>0,$L218,0)) -> 0 | AF218: =IF($A218="",0,IF(SUM($Z218:$AB218)>0,$L218,0)) -> 0
A219: Midwest | B219: IL | C219: P.A. 103-0120 amendments to Illinois Underground Natural Gas Storage Safety Act | D219: P.A. 103-0120 | E219: Natural Gas Industry & Infrastructure | F219: Natural Gas Storage | G219: Regulatory Frameworks & Governance | H219: 2023 | I219: Active | J219: Establishes state safety oversight for underground natural gas storage facilities, including regulatory authority over storage operations and compliance. The action establishes or assigns a state body to oversee, coordinate, evaluate, or recommend further action within the stated scope. | K219: https://www.ilga.gov/legislation/publicacts/fulltext.asp?Name=103-0120 | L219: =IF($A219="",0,IFERROR(INDEX(References!$B$11:$B$15,MATCH($G219,References!$A$11:$A$15,0)),0)) -> 1.25 | M219: =IF($A219="",0,IF(SUM($O219:$AB219,$N219)>0,$L219,0)) -> 1.25 | N219: =IF($A219="",0,IF(ISNUMBER(SEARCH(References!$C$18,$F219)),$L219,0)) -> 0 | O219: =IF($A219="",0,IF(ISNUMBER(SEARCH(O$2,$F219)),$L219,0)) -> 0 | P219: =IF($A219="",0,IF(ISNUMBER(SEARCH(P$2,$F219)),$L219,0)) -> 1.25 | Q219: =IF($A219="",0,IF(ISNUMBER(SEARCH(Q$2,$F219)),$L219,0)) -> 0 | R219: =IF($A219="",0,IF(ISNUMBER(SEARCH(R$2,$F219)),$L219,0)) -> 0 | S219: =IF($A219="",0,IF(ISNUMBER(SEARCH(S$2,$F219)),$L219,0)) -> 0 | T219: =IF($A219="",0,IF(ISNUMBER(SEARCH(T$2,$F219)),$L219,0)) -> 0 | U219: =IF($A219="",0,IF(ISNUMBER(SEARCH(U$2,$F219)),$L219,0)) -> 0 | V219: =IF($A219="",0,IF(ISNUMBER(SEARCH(V$2,$F219)),$L219,0)) -> 0 | ... AB219: =IF($A219="",0,IF(ISNUMBER(SEARCH(AB$2,$F219)),$L219,0)) -> 0 | AC219: =IF($A219="",0,IF(SUM($N219:$P219)>0,$L219,0)) -> 1.25 | AD219: =IF($A219="",0,IF(SUM($Q219:$T219)>0,$L219,0)) -> 0 | AE219: =IF($A219="",0,IF(SUM($U219:$Y219)>0,$L219,0)) -> 0 | AF219: =IF($A219="",0,IF(SUM($Z219:$AB219)>0,$L219,0)) -> 0
A220: Midwest | B220: IL | C220: Hydrogen Fuel Replacement Tax Credit Act – Public Act 103-0268 | D220: Public Act 103-0268 | E220: Emerging Fuels & Decarbonization Pathways | F220: Hydrogen | G220: Incentives & Funding | H220: 2023 | I220: Active | J220: Creates an Illinois tax credit for qualifying use of hydrogen as a replacement fuel, using the state tax system as the incentive mechanism. The incentive operates through state tax treatment for qualifying property, production, equipment, or activity. | K220: https://www.ilga.gov/legislation/publicacts/fulltext.asp?Name=103-0268 | L220: =IF($A220="",0,IFERROR(INDEX(References!$B$11:$B$15,MATCH($G220,References!$A$11:$A$15,0)),0)) -> 1 | M220: =IF($A220="",0,IF(SUM($O220:$AB220,$N220)>0,$L220,0)) -> 1 | N220: =IF($A220="",0,IF(ISNUMBER(SEARCH(References!$C$18,$F220)),$L220,0)) -> 0 | O220: =IF($A220="",0,IF(ISNUMBER(SEARCH(O$2,$F220)),$L220,0)) -> 0 | P220: =IF($A220="",0,IF(ISNUMBER(SEARCH(P$2,$F220)),$L220,0)) -> 0 | Q220: =IF($A220="",0,IF(ISNUMBER(SEARCH(Q$2,$F220)),$L220,0)) -> 0 | R220: =IF($A220="",0,IF(ISNUMBER(SEARCH(R$2,$F220)),$L220,0)) -> 1 | S220: =IF($A220="",0,IF(ISNUMBER(SEARCH(S$2,$F220)),$L220,0)) -> 0 | T220: =IF($A220="",0,IF(ISNUMBER(SEARCH(T$2,$F220)),$L220,0)) -> 0 | U220: =IF($A220="",0,IF(ISNUMBER(SEARCH(U$2,$F220)),$L220,0)) -> 0 | V220: =IF($A220="",0,IF(ISNUMBER(SEARCH(V$2,$F220)),$L220,0)) -> 0 | ... AB220: =IF($A220="",0,IF(ISNUMBER(SEARCH(AB$2,$F220)),$L220,0)) -> 0 | AC220: =IF($A220="",0,IF(SUM($N220:$P220)>0,$L220,0)) -> 0 | AD220: =IF($A220="",0,IF(SUM($Q220:$T220)>0,$L220,0)) -> 1 | AE220: =IF($A220="",0,IF(SUM($U220:$Y220)>0,$L220,0)) -> 0 | AF220: =IF($A220="",0,IF(SUM($Z220:$AB220)>0,$L220,0)) -> 0
A221: Midwest | B221: IL | C221: SAFE CCS Act – Public Act 103-0651 | D221: Public Act 103-0651 | E221: Emerging Fuels & Decarbonization Pathways | F221: CCUS | G221: Regulatory Frameworks & Governance | H221: 2024 | I221: Active | J221: Establishes an Illinois framework for carbon capture, CO₂ transport, and geologic storage activities, including state oversight of related infrastructure and project requirements. The framework defines state authority and oversight for permitting or administering covered storage activity. | K221: https://www.ilga.gov/legislation/publicacts/fulltext.asp?Name=103-0651 | L221: =IF($A221="",0,IFERROR(INDEX(References!$B$11:$B$15,MATCH($G221,References!$A$11:$A$15,0)),0)) -> 1.25 | M221: =IF($A221="",0,IF(SUM($O221:$AB221,$N221)>0,$L221,0)) -> 1.25 | N221: =IF($A221="",0,IF(ISNUMBER(SEARCH(References!$C$18,$F221)),$L221,0)) -> 0 | O221: =IF($A221="",0,IF(ISNUMBER(SEARCH(O$2,$F221)),$L221,0)) -> 0 | P221: =IF($A221="",0,IF(ISNUMBER(SEARCH(P$2,$F221)),$L221,0)) -> 0 | Q221: =IF($A221="",0,IF(ISNUMBER(SEARCH(Q$2,$F221)),$L221,0)) -> 0 | R221: =IF($A221="",0,IF(ISNUMBER(SEARCH(R$2,$F221)),$L221,0)) -> 0 | S221: =IF($A221="",0,IF(ISNUMBER(SEARCH(S$2,$F221)),$L221,0)) -> 1.25 | T221: =IF($A221="",0,IF(ISNUMBER(SEARCH(T$2,$F221)),$L221,0)) -> 0 | U221: =IF($A221="",0,IF(ISNUMBER(SEARCH(U$2,$F221)),$L221,0)) -> 0 | V221: =IF($A221="",0,IF(ISNUMBER(SEARCH(V$2,$F221)),$L221,0)) -> 0 | ... AB221: =IF($A221="",0,IF(ISNUMBER(SEARCH(AB$2,$F221)),$L221,0)) -> 0 | AC221: =IF($A221="",0,IF(SUM($N221:$P221)>0,$L221,0)) -> 0 | AD221: =IF($A221="",0,IF(SUM($Q221:$T221)>0,$L221,0)) -> 1.25 | AE221: =IF($A221="",0,IF(SUM($U221:$Y221)>0,$L221,0)) -> 0 | AF221: =IF($A221="",0,IF(SUM($Z221:$AB221)>0,$L221,0)) -> 0
A222: Midwest | B222: IL | C222: Renewable Gas & Low-Carbon Fuels Act – HB 3115 | D222: HB 3115 | E222: Emerging Fuels & Decarbonization Pathways | F222: RNG | G222: Regulatory Frameworks & Governance | H222: 2021 | I222: Failed | J222: Would establish an Illinois policy framework for renewable gas and other low-carbon fuels, including their production, distribution, or use in the state energy system. The measure did not become law. | K222: https://www.ilga.gov/legislation/102/HB/10200HB3115.htm | L222: =IF($A222="",0,IFERROR(INDEX(References!$B$11:$B$15,MATCH($G222,References!$A$11:$A$15,0)),0)) -> 1.25 | M222: =IF($A222="",0,IF(SUM($O222:$AB222,$N222)>0,$L222,0)) -> 1.25 | N222: =IF($A222="",0,IF(ISNUMBER(SEARCH(References!$C$18,$F222)),$L222,0)) -> 0 | O222: =IF($A222="",0,IF(ISNUMBER(SEARCH(O$2,$F222)),$L222,0)) -> 0 | P222: =IF($A222="",0,IF(ISNUMBER(SEARCH(P$2,$F222)),$L222,0)) -> 0 | Q222: =IF($A222="",0,IF(ISNUMBER(SEARCH(Q$2,$F222)),$L222,0)) -> 1.25 | R222: =IF($A222="",0,IF(ISNUMBER(SEARCH(R$2,$F222)),$L222,0)) -> 0 | S222: =IF($A222="",0,IF(ISNUMBER(SEARCH(S$2,$F222)),$L222,0)) -> 0 | T222: =IF($A222="",0,IF(ISNUMBER(SEARCH(T$2,$F222)),$L222,0)) -> 0 | U222: =IF($A222="",0,IF(ISNUMBER(SEARCH(U$2,$F222)),$L222,0)) -> 0 | V222: =IF($A222="",0,IF(ISNUMBER(SEARCH(V$2,$F222)),$L222,0)) -> 0 | ... AB222: =IF($A222="",0,IF(ISNUMBER(SEARCH(AB$2,$F222)),$L222,0)) -> 0 | AC222: =IF($A222="",0,IF(SUM($N222:$P222)>0,$L222,0)) -> 0 | AD222: =IF($A222="",0,IF(SUM($Q222:$T222)>0,$L222,0)) -> 1.25 | AE222: =IF($A222="",0,IF(SUM($U222:$Y222)>0,$L222,0)) -> 0 | AF222: =IF($A222="",0,IF(SUM($Z222:$AB222)>0,$L222,0)) -> 0
A223: Midwest | B223: IL | C223: Illinois Renewable Portfolio Standard, expanded via CEJA | D223: 20 ILCS 3855/1-75(c) | E223: Natural Gas Industry & Infrastructure; Emerging Fuels & Decarbonization Pathways | F223: Natural Gas Outlook; Renewables | G223: Mandates, Requirements & Standards | H223: 2007 | I223: Active | J223: Establishes Illinois renewable electricity procurement requirements through the state renewable portfolio standard, as expanded under CEJA. Compliance is governed through the binding conditions or performance requirements established by the action. | K223: https://ipa.illinois.gov/renewable-resources.html | L223: =IF($A223="",0,IFERROR(INDEX(References!$B$11:$B$15,MATCH($G223,References!$A$11:$A$15,0)),0)) -> 1.5 | M223: =IF($A223="",0,IF(SUM($O223:$AB223,$N223)>0,$L223,0)) -> 1.5 | N223: =IF($A223="",0,IF(ISNUMBER(SEARCH(References!$C$18,$F223)),$L223,0)) -> 1.5 | O223: =IF($A223="",0,IF(ISNUMBER(SEARCH(O$2,$F223)),$L223,0)) -> 0 | P223: =IF($A223="",0,IF(ISNUMBER(SEARCH(P$2,$F223)),$L223,0)) -> 0 | Q223: =IF($A223="",0,IF(ISNUMBER(SEARCH(Q$2,$F223)),$L223,0)) -> 0 | R223: =IF($A223="",0,IF(ISNUMBER(SEARCH(R$2,$F223)),$L223,0)) -> 0 | S223: =IF($A223="",0,IF(ISNUMBER(SEARCH(S$2,$F223)),$L223,0)) -> 0 | T223: =IF($A223="",0,IF(ISNUMBER(SEARCH(T$2,$F223)),$L223,0)) -> 1.5 | U223: =IF($A223="",0,IF(ISNUMBER(SEARCH(U$2,$F223)),$L223,0)) -> 0 | V223: =IF($A223="",0,IF(ISNUMBER(SEARCH(V$2,$F223)),$L223,0)) -> 0 | ... AB223: =IF($A223="",0,IF(ISNUMBER(SEARCH(AB$2,$F223)),$L223,0)) -> 0 | AC223: =IF($A223="",0,IF(SUM($N223:$P223)>0,$L223,0)) -> 1.5 | AD223: =IF($A223="",0,IF(SUM($Q223:$T223)>0,$L223,0)) -> 1.5 | AE223: =IF($A223="",0,IF(SUM($U223:$Y223)>0,$L223,0)) -> 0 | AF223: =IF($A223="",0,IF(SUM($Z223:$AB223)>0,$L223,0)) -> 0
A224: Midwest | B224: IL | C224: Illinois self-direct renewable portfolio standard compliance program | D224: 20 ILCS 3855/1-75(c)(1)(R) | E224: Natural Gas Industry & Infrastructure; Emerging Fuels & Decarbonization Pathways | F224: Natural Gas Outlook; Renewables | G224: Programs & Initiatives | H224: 2021 | I224: Active | J224: Provides a self-direct pathway for qualifying large electricity customers to meet renewable portfolio compliance obligations through their own renewable-energy arrangements. | K224: https://ipa.illinois.gov/renewable-resources.html | L224: =IF($A224="",0,IFERROR(INDEX(References!$B$11:$B$15,MATCH($G224,References!$A$11:$A$15,0)),0)) -> 1.25 | M224: =IF($A224="",0,IF(SUM($O224:$AB224,$N224)>0,$L224,0)) -> 1.25 | N224: =IF($A224="",0,IF(ISNUMBER(SEARCH(References!$C$18,$F224)),$L224,0)) -> 1.25 | O224: =IF($A224="",0,IF(ISNUMBER(SEARCH(O$2,$F224)),$L224,0)) -> 0 | P224: =IF($A224="",0,IF(ISNUMBER(SEARCH(P$2,$F224)),$L224,0)) -> 0 | Q224: =IF($A224="",0,IF(ISNUMBER(SEARCH(Q$2,$F224)),$L224,0)) -> 0 | R224: =IF($A224="",0,IF(ISNUMBER(SEARCH(R$2,$F224)),$L224,0)) -> 0 | S224: =IF($A224="",0,IF(ISNUMBER(SEARCH(S$2,$F224)),$L224,0)) -> 0 | T224: =IF($A224="",0,IF(ISNUMBER(SEARCH(T$2,$F224)),$L224,0)) -> 1.25 | U224: =IF($A224="",0,IF(ISNUMBER(SEARCH(U$2,$F224)),$L224,0)) -> 0 | V224: =IF($A224="",0,IF(ISNUMBER(SEARCH(V$2,$F224)),$L224,0)) -> 0 | ... AB224: =IF($A224="",0,IF(ISNUMBER(SEARCH(AB$2,$F224)),$L224,0)) -> 0 | AC224: =IF($A224="",0,IF(SUM($N224:$P224)>0,$L224,0)) -> 1.25 | AD224: =IF($A224="",0,IF(SUM($Q224:$T224)>0,$L224,0)) -> 1.25 | AE224: =IF($A224="",0,IF(SUM($U224:$Y224)>0,$L224,0)) -> 0 | AF224: =IF($A224="",0,IF(SUM($Z224:$AB224)>0,$L224,0)) -> 0
A225: Midwest | B225: IL | C225: Clean and Reliable Grid Affordability Act (CRGA) – Public Act 104-0458 | D225: Public Act 104-0458 | E225: Natural Gas Industry & Infrastructure; Emerging Fuels & Decarbonization Pathways; Reliability, Resilience, & System Planning | F225: Natural Gas Outlook; Renewables; Grid Reliability & Resilience; Evaluation & Valuation; Demand Surge Reality; Infrastructure Design & Storage | G225: Mandates, Requirements & Standards | H225: 2026 | I225: Active | J225: Requires municipal and cooperative electric utilities to use integrated resource planning to evaluate generation portfolios, costs, reliability, and compliance, with oversight functions assigned to the Illinois Power Agency. | K225: https://www.ilga.gov/documents/legislation/PublicActs/104/104-0458.htm | L225: =IF($A225="",0,IFERROR(INDEX(References!$B$11:$B$15,MATCH($G225,References!$A$11:$A$15,0)),0)) -> 1.5 | M225: =IF($A225="",0,IF(SUM($O225:$AB225,$N225)>0,$L225,0)) -> 1.5 | N225: =IF($A225="",0,IF(ISNUMBER(SEARCH(References!$C$18,$F225)),$L225,0)) -> 1.5 | O225: =IF($A225="",0,IF(ISNUMBER(SEARCH(O$2,$F225)),$L225,0)) -> 0 | P225: =IF($A225="",0,IF(ISNUMBER(SEARCH(P$2,$F225)),$L225,0)) -> 0 | Q225: =IF($A225="",0,IF(ISNUMBER(SEARCH(Q$2,$F225)),$L225,0)) -> 0 | R225: =IF($A225="",0,IF(ISNUMBER(SEARCH(R$2,$F225)),$L225,0)) -> 0 | S225: =IF($A225="",0,IF(ISNUMBER(SEARCH(S$2,$F225)),$L225,0)) -> 0 | T225: =IF($A225="",0,IF(ISNUMBER(SEARCH(T$2,$F225)),$L225,0)) -> 1.5 | U225: =IF($A225="",0,IF(ISNUMBER(SEARCH(U$2,$F225)),$L225,0)) -> 1.5 | V225: =IF($A225="",0,IF(ISNUMBER(SEARCH(V$2,$F225)),$L225,0)) -> 1.5 | ... AB225: =IF($A225="",0,IF(ISNUMBER(SEARCH(AB$2,$F225)),$L225,0)) -> 0 | AC225: =IF($A225="",0,IF(SUM($N225:$P225)>0,$L225,0)) -> 1.5 | AD225: =IF($A225="",0,IF(SUM($Q225:$T225)>0,$L225,0)) -> 1.5 | AE225: =IF($A225="",0,IF(SUM($U225:$Y225)>0,$L225,0)) -> 1.5 | AF225: =IF($A225="",0,IF(SUM($Z225:$AB225)>0,$L225,0)) -> 0
A226: Midwest | B226: IL | C226: Public Utilities Act – 220 ILCS 5 / Article VIII | D226: 220 ILCS 5 | E226: Reliability, Resilience, & System Planning | F226: Grid Reliability & Resilience; Evaluation & Valuation | G226: Mandates, Requirements & Standards | H226: 1986 | I226: Active | J226: Sets out the core duties of public utilities, nondiscrimination rules, and specific service protections, including energy efficiency and winter service requirements. Compliance is governed through the binding conditions or performance requirements established by the action. | K226: https://my.ilga.gov/legislation/ILCS/details?MajorTopic=REGULATION&Chapter=UTILITIES&ActName=Public%20Utilities%20Act.&ActID=1277&ChapterID=23&ChapAct=220%2BILCS%2B5%2F&SeqStart=100000&SeqEnd=400000&Print=True | L226: =IF($A226="",0,IFERROR(INDEX(References!$B$11:$B$15,MATCH($G226,References!$A$11:$A$15,0)),0)) -> 1.5 | M226: =IF($A226="",0,IF(SUM($O226:$AB226,$N226)>0,$L226,0)) -> 1.5 | N226: =IF($A226="",0,IF(ISNUMBER(SEARCH(References!$C$18,$F226)),$L226,0)) -> 0 | O226: =IF($A226="",0,IF(ISNUMBER(SEARCH(O$2,$F226)),$L226,0)) -> 0 | P226: =IF($A226="",0,IF(ISNUMBER(SEARCH(P$2,$F226)),$L226,0)) -> 0 | Q226: =IF($A226="",0,IF(ISNUMBER(SEARCH(Q$2,$F226)),$L226,0)) -> 0 | R226: =IF($A226="",0,IF(ISNUMBER(SEARCH(R$2,$F226)),$L226,0)) -> 0 | S226: =IF($A226="",0,IF(ISNUMBER(SEARCH(S$2,$F226)),$L226,0)) -> 0 | T226: =IF($A226="",0,IF(ISNUMBER(SEARCH(T$2,$F226)),$L226,0)) -> 0 | U226: =IF($A226="",0,IF(ISNUMBER(SEARCH(U$2,$F226)),$L226,0)) -> 1.5 | V226: =IF($A226="",0,IF(ISNUMBER(SEARCH(V$2,$F226)),$L226,0)) -> 1.5 | ... AB226: =IF($A226="",0,IF(ISNUMBER(SEARCH(AB$2,$F226)),$L226,0)) -> 0 | AC226: =IF($A226="",0,IF(SUM($N226:$P226)>0,$L226,0)) -> 0 | AD226: =IF($A226="",0,IF(SUM($Q226:$T226)>0,$L226,0)) -> 0 | AE226: =IF($A226="",0,IF(SUM($U226:$Y226)>0,$L226,0)) -> 1.5 | AF226: =IF($A226="",0,IF(SUM($Z226:$AB226)>0,$L226,0)) -> 0
A227: Midwest | B227: IL | C227: Resource Adequacy Study Mandate – 415 ILCS 5/9.15(o) | D227: 415 ILCS 5/9.15(o) | E227: Natural Gas Industry & Infrastructure; Emerging Fuels & Decarbonization Pathways; Reliability, Resilience, & System Planning | F227: Natural Gas Outlook; Hydrogen; Renewables; Evaluation & Valuation; Demand Surge Reality | G227: Mandates, Requirements & Standards | H227: 2021 | I227: Active | J227: Requires a state study evaluating electricity resource adequacy and the ability of available generation resources to meet projected demand. The requirement is the mandated planning or reporting action; a completed output may be recorded separately when formally issued. | K227: https://www.ilga.gov/Documents/legislation/ilcs/documents/041500050K9.15.htm | L227: =IF($A227="",0,IFERROR(INDEX(References!$B$11:$B$15,MATCH($G227,References!$A$11:$A$15,0)),0)) -> 1.5 | M227: =IF($A227="",0,IF(SUM($O227:$AB227,$N227)>0,$L227,0)) -> 1.5 | N227: =IF($A227="",0,IF(ISNUMBER(SEARCH(References!$C$18,$F227)),$L227,0)) -> 1.5 | O227: =IF($A227="",0,IF(ISNUMBER(SEARCH(O$2,$F227)),$L227,0)) -> 0 | P227: =IF($A227="",0,IF(ISNUMBER(SEARCH(P$2,$F227)),$L227,0)) -> 0 | Q227: =IF($A227="",0,IF(ISNUMBER(SEARCH(Q$2,$F227)),$L227,0)) -> 0 | R227: =IF($A227="",0,IF(ISNUMBER(SEARCH(R$2,$F227)),$L227,0)) -> 1.5 | S227: =IF($A227="",0,IF(ISNUMBER(SEARCH(S$2,$F227)),$L227,0)) -> 0 | T227: =IF($A227="",0,IF(ISNUMBER(SEARCH(T$2,$F227)),$L227,0)) -> 1.5 | U227: =IF($A227="",0,IF(ISNUMBER(SEARCH(U$2,$F227)),$L227,0)) -> 0 | V227: =IF($A227="",0,IF(ISNUMBER(SEARCH(V$2,$F227)),$L227,0)) -> 1.5 | ... AB227: =IF($A227="",0,IF(ISNUMBER(SEARCH(AB$2,$F227)),$L227,0)) -> 0 | AC227: =IF($A227="",0,IF(SUM($N227:$P227)>0,$L227,0)) -> 1.5 | AD227: =IF($A227="",0,IF(SUM($Q227:$T227)>0,$L227,0)) -> 1.5 | AE227: =IF($A227="",0,IF(SUM($U227:$Y227)>0,$L227,0)) -> 1.5 | AF227: =IF($A227="",0,IF(SUM($Z227:$AB227)>0,$L227,0)) -> 0
A228: Midwest | B228: IL | C228: Extreme Weather Preparedness Notice of Inquiry Final Report | D228: 21-NOI-01 | E228: Reliability, Resilience, & System Planning | F228: Grid Reliability & Resilience; Evaluation & Valuation; Demand Surge Reality | G228: Planning, Studies & Strategies | H228: 2021 | I228: Published | J228: Summarizes an Illinois Commerce Commission inquiry into regulated utility preparedness for extreme weather and associated energy-system risks. The completed product serves as a non-governing planning or analytical reference. | K228: https://icc.illinois.gov/notice-of-inquiry/21-noi-01 | L228: =IF($A228="",0,IFERROR(INDEX(References!$B$11:$B$15,MATCH($G228,References!$A$11:$A$15,0)),0)) -> 1 | M228: =IF($A228="",0,IF(SUM($O228:$AB228,$N228)>0,$L228,0)) -> 1 | N228: =IF($A228="",0,IF(ISNUMBER(SEARCH(References!$C$18,$F228)),$L228,0)) -> 0 | O228: =IF($A228="",0,IF(ISNUMBER(SEARCH(O$2,$F228)),$L228,0)) -> 0 | P228: =IF($A228="",0,IF(ISNUMBER(SEARCH(P$2,$F228)),$L228,0)) -> 0 | Q228: =IF($A228="",0,IF(ISNUMBER(SEARCH(Q$2,$F228)),$L228,0)) -> 0 | R228: =IF($A228="",0,IF(ISNUMBER(SEARCH(R$2,$F228)),$L228,0)) -> 0 | S228: =IF($A228="",0,IF(ISNUMBER(SEARCH(S$2,$F228)),$L228,0)) -> 0 | T228: =IF($A228="",0,IF(ISNUMBER(SEARCH(T$2,$F228)),$L228,0)) -> 0 | U228: =IF($A228="",0,IF(ISNUMBER(SEARCH(U$2,$F228)),$L228,0)) -> 1 | V228: =IF($A228="",0,IF(ISNUMBER(SEARCH(V$2,$F228)),$L228,0)) -> 1 | ... AB228: =IF($A228="",0,IF(ISNUMBER(SEARCH(AB$2,$F228)),$L228,0)) -> 0 | AC228: =IF($A228="",0,IF(SUM($N228:$P228)>0,$L228,0)) -> 0 | AD228: =IF($A228="",0,IF(SUM($Q228:$T228)>0,$L228,0)) -> 0 | AE228: =IF($A228="",0,IF(SUM($U228:$Y228)>0,$L228,0)) -> 1 | AF228: =IF($A228="",0,IF(SUM($Z228:$AB228)>0,$L228,0)) -> 0
A229: Midwest | B229: IL | C229: 2025 Illinois Resource Adequacy Study | D229: - | E229: Natural Gas Industry & Infrastructure; Emerging Fuels & Decarbonization Pathways; Reliability, Resilience, & System Planning | F229: Natural Gas Outlook; Hydrogen; Renewables; Grid Reliability & Resilience; Evaluation & Valuation; Demand Surge Reality; Infrastructure Design & Storage | G229: Planning, Studies & Strategies | H229: 2025 | I229: Published | J229: Evaluates Illinois electricity resource adequacy, including whether available and planned resources are sufficient to meet projected system demand. The completed product serves as a non-governing planning or analytical reference. | K229: https://icc.illinois.gov/programs/Resource-Adequacy-Reliability-Study | L229: =IF($A229="",0,IFERROR(INDEX(References!$B$11:$B$15,MATCH($G229,References!$A$11:$A$15,0)),0)) -> 1 | M229: =IF($A229="",0,IF(SUM($O229:$AB229,$N229)>0,$L229,0)) -> 1 | N229: =IF($A229="",0,IF(ISNUMBER(SEARCH(References!$C$18,$F229)),$L229,0)) -> 1 | O229: =IF($A229="",0,IF(ISNUMBER(SEARCH(O$2,$F229)),$L229,0)) -> 0 | P229: =IF($A229="",0,IF(ISNUMBER(SEARCH(P$2,$F229)),$L229,0)) -> 0 | Q229: =IF($A229="",0,IF(ISNUMBER(SEARCH(Q$2,$F229)),$L229,0)) -> 0 | R229: =IF($A229="",0,IF(ISNUMBER(SEARCH(R$2,$F229)),$L229,0)) -> 1 | S229: =IF($A229="",0,IF(ISNUMBER(SEARCH(S$2,$F229)),$L229,0)) -> 0 | T229: =IF($A229="",0,IF(ISNUMBER(SEARCH(T$2,$F229)),$L229,0)) -> 1 | U229: =IF($A229="",0,IF(ISNUMBER(SEARCH(U$2,$F229)),$L229,0)) -> 1 | V229: =IF($A229="",0,IF(ISNUMBER(SEARCH(V$2,$F229)),$L229,0)) -> 1 | ... AB229: =IF($A229="",0,IF(ISNUMBER(SEARCH(AB$2,$F229)),$L229,0)) -> 0 | AC229: =IF($A229="",0,IF(SUM($N229:$P229)>0,$L229,0)) -> 1 | AD229: =IF($A229="",0,IF(SUM($Q229:$T229)>0,$L229,0)) -> 1 | AE229: =IF($A229="",0,IF(SUM($U229:$Y229)>0,$L229,0)) -> 1 | AF229: =IF($A229="",0,IF(SUM($Z229:$AB229)>0,$L229,0)) -> 0
A230: Midwest | B230: IL | C230: General Information Requirements Applicable for Gas Utilities | D230: 83 Ill. Admin. Code §285.315 | E230: Reliability, Resilience, & System Planning | F230: Infrastructure Design & Storage | G230: Mandates, Requirements & Standards | H230: 2014 | I230: Active | J230: Requires Illinois gas utilities to evaluate and plan system capacity for design-day demand conditions used to assess peak gas-service requirements. The requirement is the mandated planning or reporting action; a completed output may be recorded separately when formally issued. | K230: https://www.ilga.gov/agencies/JCAR/Sections?PartID=08300285&TitleDescription=TITLE%2083:%20%20PUBLIC%20UTILITIES | L230: =IF($A230="",0,IFERROR(INDEX(References!$B$11:$B$15,MATCH($G230,References!$A$11:$A$15,0)),0)) -> 1.5 | M230: =IF($A230="",0,IF(SUM($O230:$AB230,$N230)>0,$L230,0)) -> 1.5 | N230: =IF($A230="",0,IF(ISNUMBER(SEARCH(References!$C$18,$F230)),$L230,0)) -> 0 | O230: =IF($A230="",0,IF(ISNUMBER(SEARCH(O$2,$F230)),$L230,0)) -> 0 | P230: =IF($A230="",0,IF(ISNUMBER(SEARCH(P$2,$F230)),$L230,0)) -> 0 | Q230: =IF($A230="",0,IF(ISNUMBER(SEARCH(Q$2,$F230)),$L230,0)) -> 0 | R230: =IF($A230="",0,IF(ISNUMBER(SEARCH(R$2,$F230)),$L230,0)) -> 0 | S230: =IF($A230="",0,IF(ISNUMBER(SEARCH(S$2,$F230)),$L230,0)) -> 0 | T230: =IF($A230="",0,IF(ISNUMBER(SEARCH(T$2,$F230)),$L230,0)) -> 0 | U230: =IF($A230="",0,IF(ISNUMBER(SEARCH(U$2,$F230)),$L230,0)) -> 0 | V230: =IF($A230="",0,IF(ISNUMBER(SEARCH(V$2,$F230)),$L230,0)) -> 0 | ... AB230: =IF($A230="",0,IF(ISNUMBER(SEARCH(AB$2,$F230)),$L230,0)) -> 0 | AC230: =IF($A230="",0,IF(SUM($N230:$P230)>0,$L230,0)) -> 0 | AD230: =IF($A230="",0,IF(SUM($Q230:$T230)>0,$L230,0)) -> 0 | AE230: =IF($A230="",0,IF(SUM($U230:$Y230)>0,$L230,0)) -> 1.5 | AF230: =IF($A230="",0,IF(SUM($Z230:$AB230)>0,$L230,0)) -> 0
A231: Midwest | B231: IL | C231: Clean Jobs Workforce Network Program – CEJA / 20 ILCS 730/5-15 | D231: 20 ILCS 730/5-15 | E231: Workforce Development | F231: Capacity Constraints | G231: Programs & Initiatives | H231: 2021 | I231: Active | J231: Creates a statewide network that delivers training and employment services for clean-energy occupations, with state-administered support for workers entering or transitioning within the energy workforce. The program delivers or coordinates training, recruitment, career-pathway, or workforce-pipeline activities for eligible participants. | K231: https://www.ilga.gov/legislation/ilcs/documents/002007300K5-15.htm | L231: =IF($A231="",0,IFERROR(INDEX(References!$B$11:$B$15,MATCH($G231,References!$A$11:$A$15,0)),0)) -> 1.25 | M231: =IF($A231="",0,IF(SUM($O231:$AB231,$N231)>0,$L231,0)) -> 1.25 | N231: =IF($A231="",0,IF(ISNUMBER(SEARCH(References!$C$18,$F231)),$L231,0)) -> 0 | O231: =IF($A231="",0,IF(ISNUMBER(SEARCH(O$2,$F231)),$L231,0)) -> 0 | P231: =IF($A231="",0,IF(ISNUMBER(SEARCH(P$2,$F231)),$L231,0)) -> 0 | Q231: =IF($A231="",0,IF(ISNUMBER(SEARCH(Q$2,$F231)),$L231,0)) -> 0 | R231: =IF($A231="",0,IF(ISNUMBER(SEARCH(R$2,$F231)),$L231,0)) -> 0 | S231: =IF($A231="",0,IF(ISNUMBER(SEARCH(S$2,$F231)),$L231,0)) -> 0 | T231: =IF($A231="",0,IF(ISNUMBER(SEARCH(T$2,$F231)),$L231,0)) -> 0 | U231: =IF($A231="",0,IF(ISNUMBER(SEARCH(U$2,$F231)),$L231,0)) -> 0 | V231: =IF($A231="",0,IF(ISNUMBER(SEARCH(V$2,$F231)),$L231,0)) -> 0 | ... AB231: =IF($A231="",0,IF(ISNUMBER(SEARCH(AB$2,$F231)),$L231,0)) -> 1.25 | AC231: =IF($A231="",0,IF(SUM($N231:$P231)>0,$L231,0)) -> 0 | AD231: =IF($A231="",0,IF(SUM($Q231:$T231)>0,$L231,0)) -> 0 | AE231: =IF($A231="",0,IF(SUM($U231:$Y231)>0,$L231,0)) -> 0 | AF231: =IF($A231="",0,IF(SUM($Z231:$AB231)>0,$L231,0)) -> 1.25
A232: Midwest | B232: IL | C232: Displaced Energy Workers Bill of Rights – 20 ILCS 735/10-25 | D232: 20 ILCS 735/10-25 | E232: Workforce Development | F232: Transition & Retention | G232: Mandates, Requirements & Standards | H232: 2021 | I232: Active | J232: Establishes transition assistance and worker protections for employees displaced by energy-sector closures or changes, including access to workforce and reemployment support. | K232: https://www.ilga.gov/documents/legislation/ilcs/documents/002007350K10-25.htm | L232: =IF($A232="",0,IFERROR(INDEX(References!$B$11:$B$15,MATCH($G232,References!$A$11:$A$15,0)),0)) -> 1.5 | M232: =IF($A232="",0,IF(SUM($O232:$AB232,$N232)>0,$L232,0)) -> 1.5 | N232: =IF($A232="",0,IF(ISNUMBER(SEARCH(References!$C$18,$F232)),$L232,0)) -> 0 | O232: =IF($A232="",0,IF(ISNUMBER(SEARCH(O$2,$F232)),$L232,0)) -> 0 | P232: =IF($A232="",0,IF(ISNUMBER(SEARCH(P$2,$F232)),$L232,0)) -> 0 | Q232: =IF($A232="",0,IF(ISNUMBER(SEARCH(Q$2,$F232)),$L232,0)) -> 0 | R232: =IF($A232="",0,IF(ISNUMBER(SEARCH(R$2,$F232)),$L232,0)) -> 0 | S232: =IF($A232="",0,IF(ISNUMBER(SEARCH(S$2,$F232)),$L232,0)) -> 0 | T232: =IF($A232="",0,IF(ISNUMBER(SEARCH(T$2,$F232)),$L232,0)) -> 0 | U232: =IF($A232="",0,IF(ISNUMBER(SEARCH(U$2,$F232)),$L232,0)) -> 0 | V232: =IF($A232="",0,IF(ISNUMBER(SEARCH(V$2,$F232)),$L232,0)) -> 0 | ... AB232: =IF($A232="",0,IF(ISNUMBER(SEARCH(AB$2,$F232)),$L232,0)) -> 0 | AC232: =IF($A232="",0,IF(SUM($N232:$P232)>0,$L232,0)) -> 0 | AD232: =IF($A232="",0,IF(SUM($Q232:$T232)>0,$L232,0)) -> 0 | AE232: =IF($A232="",0,IF(SUM($U232:$Y232)>0,$L232,0)) -> 0 | AF232: =IF($A232="",0,IF(SUM($Z232:$AB232)>0,$L232,0)) -> 1.5
A233: Midwest | B233: IL | C233: Illinois Hydrogen Economy Task Force | D233: 20 ILCS 4122/5 | E233: Emerging Fuels & Decarbonization Pathways; Reliability, Resilience, & System Planning; Workforce Development | F233: Hydrogen; Evaluation & Valuation; Emerging Skills Gap | G233: Regulatory Frameworks & Governance | H233: 2022 | I233: Active | J233: Creates a state task force to examine hydrogen production, use, infrastructure, workforce needs, and economic-development opportunities and to develop recommendations for Illinois. The action establishes or assigns a state body to oversee, coordinate, evaluate, or recommend further action within the stated scope. | K233: https://dceo.illinois.gov/events/hydrogen-economy-task-force.html | L233: =IF($A233="",0,IFERROR(INDEX(References!$B$11:$B$15,MATCH($G233,References!$A$11:$A$15,0)),0)) -> 1.25 | M233: =IF($A233="",0,IF(SUM($O233:$AB233,$N233)>0,$L233,0)) -> 1.25 | N233: =IF($A233="",0,IF(ISNUMBER(SEARCH(References!$C$18,$F233)),$L233,0)) -> 0 | O233: =IF($A233="",0,IF(ISNUMBER(SEARCH(O$2,$F233)),$L233,0)) -> 0 | P233: =IF($A233="",0,IF(ISNUMBER(SEARCH(P$2,$F233)),$L233,0)) -> 0 | Q233: =IF($A233="",0,IF(ISNUMBER(SEARCH(Q$2,$F233)),$L233,0)) -> 0 | R233: =IF($A233="",0,IF(ISNUMBER(SEARCH(R$2,$F233)),$L233,0)) -> 1.25 | S233: =IF($A233="",0,IF(ISNUMBER(SEARCH(S$2,$F233)),$L233,0)) -> 0 | T233: =IF($A233="",0,IF(ISNUMBER(SEARCH(T$2,$F233)),$L233,0)) -> 0 | U233: =IF($A233="",0,IF(ISNUMBER(SEARCH(U$2,$F233)),$L233,0)) -> 0 | V233: =IF($A233="",0,IF(ISNUMBER(SEARCH(V$2,$F233)),$L233,0)) -> 1.25 | ... AB233: =IF($A233="",0,IF(ISNUMBER(SEARCH(AB$2,$F233)),$L233,0)) -> 0 | AC233: =IF($A233="",0,IF(SUM($N233:$P233)>0,$L233,0)) -> 0 | AD233: =IF($A233="",0,IF(SUM($Q233:$T233)>0,$L233,0)) -> 1.25 | AE233: =IF($A233="",0,IF(SUM($U233:$Y233)>0,$L233,0)) -> 1.25 | AF233: =IF($A233="",0,IF(SUM($Z233:$AB233)>0,$L233,0)) -> 1.25
A234: Midwest | B234: IN | C234: Senate Enrolled Act 451 – Public Law 90, Carbon Sequestration Pilot Amendments | D234: Senate Enrolled Act 451 | E234: Emerging Fuels & Decarbonization Pathways | F234: CCUS | G234: Regulatory Frameworks & Governance | H234: 2023 | I234: Active | J234: Amends Indiana requirements applying to a carbon sequestration pilot project and the state framework governing that project. The framework defines state authority and oversight for permitting or administering covered storage activity. | K234: https://iga.in.gov/legislative/2023/bills/senate/451/details | L234: =IF($A234="",0,IFERROR(INDEX(References!$B$11:$B$15,MATCH($G234,References!$A$11:$A$15,0)),0)) -> 1.25 | M234: =IF($A234="",0,IF(SUM($O234:$AB234,$N234)>0,$L234,0)) -> 1.25 | N234: =IF($A234="",0,IF(ISNUMBER(SEARCH(References!$C$18,$F234)),$L234,0)) -> 0 | O234: =IF($A234="",0,IF(ISNUMBER(SEARCH(O$2,$F234)),$L234,0)) -> 0 | P234: =IF($A234="",0,IF(ISNUMBER(SEARCH(P$2,$F234)),$L234,0)) -> 0 | Q234: =IF($A234="",0,IF(ISNUMBER(SEARCH(Q$2,$F234)),$L234,0)) -> 0 | R234: =IF($A234="",0,IF(ISNUMBER(SEARCH(R$2,$F234)),$L234,0)) -> 0 | S234: =IF($A234="",0,IF(ISNUMBER(SEARCH(S$2,$F234)),$L234,0)) -> 1.25 | T234: =IF($A234="",0,IF(ISNUMBER(SEARCH(T$2,$F234)),$L234,0)) -> 0 | U234: =IF($A234="",0,IF(ISNUMBER(SEARCH(U$2,$F234)),$L234,0)) -> 0 | V234: =IF($A234="",0,IF(ISNUMBER(SEARCH(V$2,$F234)),$L234,0)) -> 0 | ... AB234: =IF($A234="",0,IF(ISNUMBER(SEARCH(AB$2,$F234)),$L234,0)) -> 0 | AC234: =IF($A234="",0,IF(SUM($N234:$P234)>0,$L234,0)) -> 0 | AD234: =IF($A234="",0,IF(SUM($Q234:$T234)>0,$L234,0)) -> 1.25 | AE234: =IF($A234="",0,IF(SUM($U234:$Y234)>0,$L234,0)) -> 0 | AF234: =IF($A234="",0,IF(SUM($Z234:$AB234)>0,$L234,0)) -> 0
A235: Midwest | B235: IN | C235: Senate Enrolled Act 411 – Renewable Energy Ready Communities | D235: Senate Enrolled Act 411 | E235: Natural Gas Industry & Infrastructure; Emerging Fuels & Decarbonization Pathways | F235: Natural Gas Outlook; Renewables | G235: Programs & Initiatives | H235: 2022 | I235: Active | J235: Supports local governments preparing for renewable-energy development through state guidance, technical assistance, and community-readiness planning. | K235: https://iga.in.gov/legislative/2022/bills/senate/411/details | L235: =IF($A235="",0,IFERROR(INDEX(References!$B$11:$B$15,MATCH($G235,References!$A$11:$A$15,0)),0)) -> 1.25 | M235: =IF($A235="",0,IF(SUM($O235:$AB235,$N235)>0,$L235,0)) -> 1.25 | N235: =IF($A235="",0,IF(ISNUMBER(SEARCH(References!$C$18,$F235)),$L235,0)) -> 1.25 | O235: =IF($A235="",0,IF(ISNUMBER(SEARCH(O$2,$F235)),$L235,0)) -> 0 | P235: =IF($A235="",0,IF(ISNUMBER(SEARCH(P$2,$F235)),$L235,0)) -> 0 | Q235: =IF($A235="",0,IF(ISNUMBER(SEARCH(Q$2,$F235)),$L235,0)) -> 0 | R235: =IF($A235="",0,IF(ISNUMBER(SEARCH(R$2,$F235)),$L235,0)) -> 0 | S235: =IF($A235="",0,IF(ISNUMBER(SEARCH(S$2,$F235)),$L235,0)) -> 0 | T235: =IF($A235="",0,IF(ISNUMBER(SEARCH(T$2,$F235)),$L235,0)) -> 1.25 | U235: =IF($A235="",0,IF(ISNUMBER(SEARCH(U$2,$F235)),$L235,0)) -> 0 | V235: =IF($A235="",0,IF(ISNUMBER(SEARCH(V$2,$F235)),$L235,0)) -> 0 | ... AB235: =IF($A235="",0,IF(ISNUMBER(SEARCH(AB$2,$F235)),$L235,0)) -> 0 | AC235: =IF($A235="",0,IF(SUM($N235:$P235)>0,$L235,0)) -> 1.25 | AD235: =IF($A235="",0,IF(SUM($Q235:$T235)>0,$L235,0)) -> 1.25 | AE235: =IF($A235="",0,IF(SUM($U235:$Y235)>0,$L235,0)) -> 0 | AF235: =IF($A235="",0,IF(SUM($Z235:$AB235)>0,$L235,0)) -> 0
A236: Midwest | B236: IN | C236: House Enrolled Act 1520 – Public Law 150, Resource Adequacy and Reliability | D236: House Enrolled Act 1520 | E236: Reliability, Resilience, & System Planning | F236: Grid Reliability & Resilience; Evaluation & Valuation; Demand Surge Reality | G236: Mandates, Requirements & Standards | H236: 2021 | I236: Active | J236: Establishes Indiana utility and regulatory responsibilities for evaluating electric-system reliability and resource adequacy, including related reporting or planning duties. The requirement is the mandated planning or reporting action; a completed output may be recorded separately when formally issued. | K236: https://iga.in.gov/legislative/2021/bills/house/1520/details | L236: =IF($A236="",0,IFERROR(INDEX(References!$B$11:$B$15,MATCH($G236,References!$A$11:$A$15,0)),0)) -> 1.5 | M236: =IF($A236="",0,IF(SUM($O236:$AB236,$N236)>0,$L236,0)) -> 1.5 | N236: =IF($A236="",0,IF(ISNUMBER(SEARCH(References!$C$18,$F236)),$L236,0)) -> 0 | O236: =IF($A236="",0,IF(ISNUMBER(SEARCH(O$2,$F236)),$L236,0)) -> 0 | P236: =IF($A236="",0,IF(ISNUMBER(SEARCH(P$2,$F236)),$L236,0)) -> 0 | Q236: =IF($A236="",0,IF(ISNUMBER(SEARCH(Q$2,$F236)),$L236,0)) -> 0 | R236: =IF($A236="",0,IF(ISNUMBER(SEARCH(R$2,$F236)),$L236,0)) -> 0 | S236: =IF($A236="",0,IF(ISNUMBER(SEARCH(S$2,$F236)),$L236,0)) -> 0 | T236: =IF($A236="",0,IF(ISNUMBER(SEARCH(T$2,$F236)),$L236,0)) -> 0 | U236: =IF($A236="",0,IF(ISNUMBER(SEARCH(U$2,$F236)),$L236,0)) -> 1.5 | V236: =IF($A236="",0,IF(ISNUMBER(SEARCH(V$2,$F236)),$L236,0)) -> 1.5 | ... AB236: =IF($A236="",0,IF(ISNUMBER(SEARCH(AB$2,$F236)),$L236,0)) -> 0 | AC236: =IF($A236="",0,IF(SUM($N236:$P236)>0,$L236,0)) -> 0 | AD236: =IF($A236="",0,IF(SUM($Q236:$T236)>0,$L236,0)) -> 0 | AE236: =IF($A236="",0,IF(SUM($U236:$Y236)>0,$L236,0)) -> 1.5 | AF236: =IF($A236="",0,IF(SUM($Z236:$AB236)>0,$L236,0)) -> 0
A237: Midwest | B237: IN | C237: House Enrolled Act 1191 – Public Law 180, Energy Matters | D237: House Enrolled Act 1191 | E237: Natural Gas Industry & Infrastructure | F237: Natural Gas Outlook | G237: Mandates, Requirements & Standards | H237: 2021 | I237: Active | J237: Prevents Indiana counties, cities, and towns from prohibiting utility service or customer use of utility service based on the energy source, including natural gas service and equipment. The provision operates as a binding limit on the covered state, local, utility, or customer action. | K237: https://iga.in.gov/legislative/2021/bills/house/1191/ | L237: =IF($A237="",0,IFERROR(INDEX(References!$B$11:$B$15,MATCH($G237,References!$A$11:$A$15,0)),0)) -> 1.5 | M237: =IF($A237="",0,IF(SUM($O237:$AB237,$N237)>0,$L237,0)) -> 1.5 | N237: =IF($A237="",0,IF(ISNUMBER(SEARCH(References!$C$18,$F237)),$L237,0)) -> 1.5 | O237: =IF($A237="",0,IF(ISNUMBER(SEARCH(O$2,$F237)),$L237,0)) -> 0 | P237: =IF($A237="",0,IF(ISNUMBER(SEARCH(P$2,$F237)),$L237,0)) -> 0 | Q237: =IF($A237="",0,IF(ISNUMBER(SEARCH(Q$2,$F237)),$L237,0)) -> 0 | R237: =IF($A237="",0,IF(ISNUMBER(SEARCH(R$2,$F237)),$L237,0)) -> 0 | S237: =IF($A237="",0,IF(ISNUMBER(SEARCH(S$2,$F237)),$L237,0)) -> 0 | T237: =IF($A237="",0,IF(ISNUMBER(SEARCH(T$2,$F237)),$L237,0)) -> 0 | U237: =IF($A237="",0,IF(ISNUMBER(SEARCH(U$2,$F237)),$L237,0)) -> 0 | V237: =IF($A237="",0,IF(ISNUMBER(SEARCH(V$2,$F237)),$L237,0)) -> 0 | ... AB237: =IF($A237="",0,IF(ISNUMBER(SEARCH(AB$2,$F237)),$L237,0)) -> 0 | AC237: =IF($A237="",0,IF(SUM($N237:$P237)>0,$L237,0)) -> 1.5 | AD237: =IF($A237="",0,IF(SUM($Q237:$T237)>0,$L237,0)) -> 0 | AE237: =IF($A237="",0,IF(SUM($U237:$Y237)>0,$L237,0)) -> 0 | AF237: =IF($A237="",0,IF(SUM($Z237:$AB237)>0,$L237,0)) -> 0
A238: Midwest | B238: IN | C238: Senate Enrolled Act 178 – Public Law 46, Natural Gas and Propane as Clean Energy Resources | D238: Senate Enrolled Act 178 | E238: Natural Gas Industry & Infrastructure | F238: Natural Gas Outlook | G238: Mandates, Requirements & Standards | H238: 2025 | I238: Active | J238: Recognizes natural gas and propane as clean or green energy for Indiana state or federal programs that provide funding or incentives for similarly designated energy initiatives or projects. | K238: https://iga.in.gov/legislative/2025/bills/senate/178 | L238: =IF($A238="",0,IFERROR(INDEX(References!$B$11:$B$15,MATCH($G238,References!$A$11:$A$15,0)),0)) -> 1.5 | M238: =IF($A238="",0,IF(SUM($O238:$AB238,$N238)>0,$L238,0)) -> 1.5 | N238: =IF($A238="",0,IF(ISNUMBER(SEARCH(References!$C$18,$F238)),$L238,0)) -> 1.5 | O238: =IF($A238="",0,IF(ISNUMBER(SEARCH(O$2,$F238)),$L238,0)) -> 0 | P238: =IF($A238="",0,IF(ISNUMBER(SEARCH(P$2,$F238)),$L238,0)) -> 0 | Q238: =IF($A238="",0,IF(ISNUMBER(SEARCH(Q$2,$F238)),$L238,0)) -> 0 | R238: =IF($A238="",0,IF(ISNUMBER(SEARCH(R$2,$F238)),$L238,0)) -> 0 | S238: =IF($A238="",0,IF(ISNUMBER(SEARCH(S$2,$F238)),$L238,0)) -> 0 | T238: =IF($A238="",0,IF(ISNUMBER(SEARCH(T$2,$F238)),$L238,0)) -> 0 | U238: =IF($A238="",0,IF(ISNUMBER(SEARCH(U$2,$F238)),$L238,0)) -> 0 | V238: =IF($A238="",0,IF(ISNUMBER(SEARCH(V$2,$F238)),$L238,0)) -> 0 | ... AB238: =IF($A238="",0,IF(ISNUMBER(SEARCH(AB$2,$F238)),$L238,0)) -> 0 | AC238: =IF($A238="",0,IF(SUM($N238:$P238)>0,$L238,0)) -> 1.5 | AD238: =IF($A238="",0,IF(SUM($Q238:$T238)>0,$L238,0)) -> 0 | AE238: =IF($A238="",0,IF(SUM($U238:$Y238)>0,$L238,0)) -> 0 | AF238: =IF($A238="",0,IF(SUM($Z238:$AB238)>0,$L238,0)) -> 0
A239: Midwest | B239: IN | C239: House Enrolled Act 1421 – Public Law 83, Energy Production and Resources | D239: House Enrolled Act 1421 | E239: Natural Gas Industry & Infrastructure; Emerging Fuels & Decarbonization Pathways | F239: Natural Gas Outlook; RNG | G239: Mandates, Requirements & Standards | H239: 2023 | I239: Active | J239: Requires the Indiana Utility Regulatory Commission to decide certain generating-facility certificate applications within 240 days and expands clean-energy project treatment to include specified natural gas and renewable-gas projects, subject to commission findings for incentives and cost recovery. | K239: https://iga.in.gov/legislative/2023/bills/house/1421/details | L239: =IF($A239="",0,IFERROR(INDEX(References!$B$11:$B$15,MATCH($G239,References!$A$11:$A$15,0)),0)) -> 1.5 | M239: =IF($A239="",0,IF(SUM($O239:$AB239,$N239)>0,$L239,0)) -> 1.5 | N239: =IF($A239="",0,IF(ISNUMBER(SEARCH(References!$C$18,$F239)),$L239,0)) -> 1.5 | O239: =IF($A239="",0,IF(ISNUMBER(SEARCH(O$2,$F239)),$L239,0)) -> 0 | P239: =IF($A239="",0,IF(ISNUMBER(SEARCH(P$2,$F239)),$L239,0)) -> 0 | Q239: =IF($A239="",0,IF(ISNUMBER(SEARCH(Q$2,$F239)),$L239,0)) -> 1.5 | R239: =IF($A239="",0,IF(ISNUMBER(SEARCH(R$2,$F239)),$L239,0)) -> 0 | S239: =IF($A239="",0,IF(ISNUMBER(SEARCH(S$2,$F239)),$L239,0)) -> 0 | T239: =IF($A239="",0,IF(ISNUMBER(SEARCH(T$2,$F239)),$L239,0)) -> 0 | U239: =IF($A239="",0,IF(ISNUMBER(SEARCH(U$2,$F239)),$L239,0)) -> 0 | V239: =IF($A239="",0,IF(ISNUMBER(SEARCH(V$2,$F239)),$L239,0)) -> 0 | ... AB239: =IF($A239="",0,IF(ISNUMBER(SEARCH(AB$2,$F239)),$L239,0)) -> 0 | AC239: =IF($A239="",0,IF(SUM($N239:$P239)>0,$L239,0)) -> 1.5 | AD239: =IF($A239="",0,IF(SUM($Q239:$T239)>0,$L239,0)) -> 1.5 | AE239: =IF($A239="",0,IF(SUM($U239:$Y239)>0,$L239,0)) -> 0 | AF239: =IF($A239="",0,IF(SUM($Z239:$AB239)>0,$L239,0)) -> 0
A240: Midwest | B240: IN | C240: Transmission, Distribution, and Storage System Improvement Charge (TDSIC) Law – Indiana Code 8-1-39 | D240: Indiana Code 8-1-39 | E240: Natural Gas Industry & Infrastructure | F240: Natural Gas Outlook; Infrastructure Maintenance & Modernization; Natural Gas Storage | G240: Regulatory Frameworks & Governance | H240: 2013 | I240: Active | J240: Allows qualifying utilities to recover approved transmission, distribution, and storage system improvement costs through an Indiana Utility Regulatory Commission-authorized charge. The action establishes or assigns a state body to oversee, coordinate, evaluate, or recommend further action within the stated scope. | K240: https://iga.in.gov/laws/2026/ic/titles/8#8-1-39 | L240: =IF($A240="",0,IFERROR(INDEX(References!$B$11:$B$15,MATCH($G240,References!$A$11:$A$15,0)),0)) -> 1.25 | M240: =IF($A240="",0,IF(SUM($O240:$AB240,$N240)>0,$L240,0)) -> 1.25 | N240: =IF($A240="",0,IF(ISNUMBER(SEARCH(References!$C$18,$F240)),$L240,0)) -> 1.25 | O240: =IF($A240="",0,IF(ISNUMBER(SEARCH(O$2,$F240)),$L240,0)) -> 1.25 | P240: =IF($A240="",0,IF(ISNUMBER(SEARCH(P$2,$F240)),$L240,0)) -> 1.25 | Q240: =IF($A240="",0,IF(ISNUMBER(SEARCH(Q$2,$F240)),$L240,0)) -> 0 | R240: =IF($A240="",0,IF(ISNUMBER(SEARCH(R$2,$F240)),$L240,0)) -> 0 | S240: =IF($A240="",0,IF(ISNUMBER(SEARCH(S$2,$F240)),$L240,0)) -> 0 | T240: =IF($A240="",0,IF(ISNUMBER(SEARCH(T$2,$F240)),$L240,0)) -> 0 | U240: =IF($A240="",0,IF(ISNUMBER(SEARCH(U$2,$F240)),$L240,0)) -> 0 | V240: =IF($A240="",0,IF(ISNUMBER(SEARCH(V$2,$F240)),$L240,0)) -> 0 | ... AB240: =IF($A240="",0,IF(ISNUMBER(SEARCH(AB$2,$F240)),$L240,0)) -> 0 | AC240: =IF($A240="",0,IF(SUM($N240:$P240)>0,$L240,0)) -> 1.25 | AD240: =IF($A240="",0,IF(SUM($Q240:$T240)>0,$L240,0)) -> 0 | AE240: =IF($A240="",0,IF(SUM($U240:$Y240)>0,$L240,0)) -> 0 | AF240: =IF($A240="",0,IF(SUM($Z240:$AB240)>0,$L240,0)) -> 0
A241: Midwest | B241: IN | C241: Oil & Gas Program / Intrastate Underground Natural Gas Storage Regulation – IC 14-37 and PHMSA Partnership | D241: IC 14-37 | E241: Natural Gas Industry & Infrastructure | F241: Natural Gas Storage | G241: Regulatory Frameworks & Governance | H241: 1995 | I241: Active | J241: Authorizes state regulation of drilling, operation, plugging, and abandonment of wells used for underground storage of petroleum products and other oil and gas wells that may affect storage reservoirs. The framework defines state authority and oversight for permitting or administering covered storage activity. | K241: https://www.in.gov/dnr/oil-and-gas/statutes-and-regulations/ | L241: =IF($A241="",0,IFERROR(INDEX(References!$B$11:$B$15,MATCH($G241,References!$A$11:$A$15,0)),0)) -> 1.25 | M241: =IF($A241="",0,IF(SUM($O241:$AB241,$N241)>0,$L241,0)) -> 1.25 | N241: =IF($A241="",0,IF(ISNUMBER(SEARCH(References!$C$18,$F241)),$L241,0)) -> 0 | O241: =IF($A241="",0,IF(ISNUMBER(SEARCH(O$2,$F241)),$L241,0)) -> 0 | P241: =IF($A241="",0,IF(ISNUMBER(SEARCH(P$2,$F241)),$L241,0)) -> 1.25 | Q241: =IF($A241="",0,IF(ISNUMBER(SEARCH(Q$2,$F241)),$L241,0)) -> 0 | R241: =IF($A241="",0,IF(ISNUMBER(SEARCH(R$2,$F241)),$L241,0)) -> 0 | S241: =IF($A241="",0,IF(ISNUMBER(SEARCH(S$2,$F241)),$L241,0)) -> 0 | T241: =IF($A241="",0,IF(ISNUMBER(SEARCH(T$2,$F241)),$L241,0)) -> 0 | U241: =IF($A241="",0,IF(ISNUMBER(SEARCH(U$2,$F241)),$L241,0)) -> 0 | V241: =IF($A241="",0,IF(ISNUMBER(SEARCH(V$2,$F241)),$L241,0)) -> 0 | ... AB241: =IF($A241="",0,IF(ISNUMBER(SEARCH(AB$2,$F241)),$L241,0)) -> 0 | AC241: =IF($A241="",0,IF(SUM($N241:$P241)>0,$L241,0)) -> 1.25 | AD241: =IF($A241="",0,IF(SUM($Q241:$T241)>0,$L241,0)) -> 0 | AE241: =IF($A241="",0,IF(SUM($U241:$Y241)>0,$L241,0)) -> 0 | AF241: =IF($A241="",0,IF(SUM($Z241:$AB241)>0,$L241,0)) -> 0
A242: Midwest | B242: IN | C242: Senate Enrolled Act 442 – Public Law 291, Underground Storage of Carbon Dioxide | D242: Senate Enrolled Act 442 | E242: Emerging Fuels & Decarbonization Pathways | F242: CCUS | G242: Regulatory Frameworks & Governance | H242: 2019 | I242: Active | J242: Establishes Indiana requirements governing the underground storage of carbon dioxide and state oversight of associated sequestration projects. The framework defines state authority and oversight for permitting or administering covered storage activity. | K242: https://iga.in.gov/legislative/2019/bills/senate/442/details | L242: =IF($A242="",0,IFERROR(INDEX(References!$B$11:$B$15,MATCH($G242,References!$A$11:$A$15,0)),0)) -> 1.25 | M242: =IF($A242="",0,IF(SUM($O242:$AB242,$N242)>0,$L242,0)) -> 1.25 | N242: =IF($A242="",0,IF(ISNUMBER(SEARCH(References!$C$18,$F242)),$L242,0)) -> 0 | O242: =IF($A242="",0,IF(ISNUMBER(SEARCH(O$2,$F242)),$L242,0)) -> 0 | P242: =IF($A242="",0,IF(ISNUMBER(SEARCH(P$2,$F242)),$L242,0)) -> 0 | Q242: =IF($A242="",0,IF(ISNUMBER(SEARCH(Q$2,$F242)),$L242,0)) -> 0 | R242: =IF($A242="",0,IF(ISNUMBER(SEARCH(R$2,$F242)),$L242,0)) -> 0 | S242: =IF($A242="",0,IF(ISNUMBER(SEARCH(S$2,$F242)),$L242,0)) -> 1.25 | T242: =IF($A242="",0,IF(ISNUMBER(SEARCH(T$2,$F242)),$L242,0)) -> 0 | U242: =IF($A242="",0,IF(ISNUMBER(SEARCH(U$2,$F242)),$L242,0)) -> 0 | V242: =IF($A242="",0,IF(ISNUMBER(SEARCH(V$2,$F242)),$L242,0)) -> 0 | ... AB242: =IF($A242="",0,IF(ISNUMBER(SEARCH(AB$2,$F242)),$L242,0)) -> 0 | AC242: =IF($A242="",0,IF(SUM($N242:$P242)>0,$L242,0)) -> 0 | AD242: =IF($A242="",0,IF(SUM($Q242:$T242)>0,$L242,0)) -> 1.25 | AE242: =IF($A242="",0,IF(SUM($U242:$Y242)>0,$L242,0)) -> 0 | AF242: =IF($A242="",0,IF(SUM($Z242:$AB242)>0,$L242,0)) -> 0
... A249: Midwest | B249: IN | C249: House Bill 1381 – Renewable Siting Standards | D249: House Bill 1381 | E249: Natural Gas Industry & Infrastructure; Emerging Fuels & Decarbonization Pathways | F249: Natural Gas Outlook; Renewables | G249: Mandates, Requirements & Standards | H249: 2021 | I249: Failed | J249: Would establish default siting, operating, and decommissioning standards for commercial wind and solar projects and define how local units may regulate or permit those projects. The measure did not become law. | K249: https://iga.in.gov/legislative/2021/bills/house/1381/details | L249: =IF($A249="",0,IFERROR(INDEX(References!$B$11:$B$15,MATCH($G249,References!$A$11:$A$15,0)),0)) -> 1.5 | M249: =IF($A249="",0,IF(SUM($O249:$AB249,$N249)>0,$L249,0)) -> 1.5 | N249: =IF($A249="",0,IF(ISNUMBER(SEARCH(References!$C$18,$F249)),$L249,0)) -> 1.5 | O249: =IF($A249="",0,IF(ISNUMBER(SEARCH(O$2,$F249)),$L249,0)) -> 0 | P249: =IF($A249="",0,IF(ISNUMBER(SEARCH(P$2,$F249)),$L249,0)) -> 0 | Q249: =IF($A249="",0,IF(ISNUMBER(SEARCH(Q$2,$F249)),$L249,0)) -> 0 | R249: =IF($A249="",0,IF(ISNUMBER(SEARCH(R$2,$F249)),$L249,0)) -> 0 | S249: =IF($A249="",0,IF(ISNUMBER(SEARCH(S$2,$F249)),$L249,0)) -> 0 | T249: =IF($A249="",0,IF(ISNUMBER(SEARCH(T$2,$F249)),$L249,0)) -> 1.5 | U249: =IF($A249="",0,IF(ISNUMBER(SEARCH(U$2,$F249)),$L249,0)) -> 0 | V249: =IF($A249="",0,IF(ISNUMBER(SEARCH(V$2,$F249)),$L249,0)) -> 0 | ... AB249: =IF($A249="",0,IF(ISNUMBER(SEARCH(AB$2,$F249)),$L249,0)) -> 0 | AC249: =IF($A249="",0,IF(SUM($N249:$P249)>0,$L249,0)) -> 1.5 | AD249: =IF($A249="",0,IF(SUM($Q249:$T249)>0,$L249,0)) -> 1.5 | AE249: =IF($A249="",0,IF(SUM($U249:$Y249)>0,$L249,0)) -> 0 | AF249: =IF($A249="",0,IF(SUM($Z249:$AB249)>0,$L249,0)) -> 0
A250: Midwest | B250: IN | C250: Commercial Solar and Wind Energy Ready Communities Development Center | D250: IC 4-3-23.1 | E250: Natural Gas Industry & Infrastructure; Emerging Fuels & Decarbonization Pathways | F250: Natural Gas Outlook; Renewables | G250: Programs & Initiatives | H250: 2023 | I250: Active | J250: Provides permitting information and administers certification for qualifying commercial solar- and wind-energy-ready communities through the Indiana Office of Energy Development. | K250: https://www.in.gov/oed/indianas-energy-policy/energy-ready-communities/ | L250: =IF($A250="",0,IFERROR(INDEX(References!$B$11:$B$15,MATCH($G250,References!$A$11:$A$15,0)),0)) -> 1.25 | M250: =IF($A250="",0,IF(SUM($O250:$AB250,$N250)>0,$L250,0)) -> 1.25 | N250: =IF($A250="",0,IF(ISNUMBER(SEARCH(References!$C$18,$F250)),$L250,0)) -> 1.25 | O250: =IF($A250="",0,IF(ISNUMBER(SEARCH(O$2,$F250)),$L250,0)) -> 0 | P250: =IF($A250="",0,IF(ISNUMBER(SEARCH(P$2,$F250)),$L250,0)) -> 0 | Q250: =IF($A250="",0,IF(ISNUMBER(SEARCH(Q$2,$F250)),$L250,0)) -> 0 | R250: =IF($A250="",0,IF(ISNUMBER(SEARCH(R$2,$F250)),$L250,0)) -> 0 | S250: =IF($A250="",0,IF(ISNUMBER(SEARCH(S$2,$F250)),$L250,0)) -> 0 | T250: =IF($A250="",0,IF(ISNUMBER(SEARCH(T$2,$F250)),$L250,0)) -> 1.25 | U250: =IF($A250="",0,IF(ISNUMBER(SEARCH(U$2,$F250)),$L250,0)) -> 0 | V250: =IF($A250="",0,IF(ISNUMBER(SEARCH(V$2,$F250)),$L250,0)) -> 0 | ... AB250: =IF($A250="",0,IF(ISNUMBER(SEARCH(AB$2,$F250)),$L250,0)) -> 0 | AC250: =IF($A250="",0,IF(SUM($N250:$P250)>0,$L250,0)) -> 1.25 | AD250: =IF($A250="",0,IF(SUM($Q250:$T250)>0,$L250,0)) -> 1.25 | AE250: =IF($A250="",0,IF(SUM($U250:$Y250)>0,$L250,0)) -> 0 | AF250: =IF($A250="",0,IF(SUM($Z250:$AB250)>0,$L250,0)) -> 0
A251: Midwest | B251: IN | C251: Ind. Code 8-1-37 – Voluntary Clean Energy Portfolio Standard / CHOICE Program | D251: Ind. Code 8-1-37 | E251: Natural Gas Industry & Infrastructure; Emerging Fuels & Decarbonization Pathways | F251: Natural Gas Outlook; Renewables | G251: Programs & Initiatives | H251: 2011 | I251: Active | J251: Creates a voluntary clean-energy portfolio standard under which Indiana electric utilities may develop qualifying clean-energy resource portfolios. | K251: https://iga.in.gov/laws/2026/ic/titles/8#8-1-37 | L251: =IF($A251="",0,IFERROR(INDEX(References!$B$11:$B$15,MATCH($G251,References!$A$11:$A$15,0)),0)) -> 1.25 | M251: =IF($A251="",0,IF(SUM($O251:$AB251,$N251)>0,$L251,0)) -> 1.25 | N251: =IF($A251="",0,IF(ISNUMBER(SEARCH(References!$C$18,$F251)),$L251,0)) -> 1.25 | O251: =IF($A251="",0,IF(ISNUMBER(SEARCH(O$2,$F251)),$L251,0)) -> 0 | P251: =IF($A251="",0,IF(ISNUMBER(SEARCH(P$2,$F251)),$L251,0)) -> 0 | Q251: =IF($A251="",0,IF(ISNUMBER(SEARCH(Q$2,$F251)),$L251,0)) -> 0 | R251: =IF($A251="",0,IF(ISNUMBER(SEARCH(R$2,$F251)),$L251,0)) -> 0 | S251: =IF($A251="",0,IF(ISNUMBER(SEARCH(S$2,$F251)),$L251,0)) -> 0 | T251: =IF($A251="",0,IF(ISNUMBER(SEARCH(T$2,$F251)),$L251,0)) -> 1.25 | U251: =IF($A251="",0,IF(ISNUMBER(SEARCH(U$2,$F251)),$L251,0)) -> 0 | V251: =IF($A251="",0,IF(ISNUMBER(SEARCH(V$2,$F251)),$L251,0)) -> 0 | ... AB251: =IF($A251="",0,IF(ISNUMBER(SEARCH(AB$2,$F251)),$L251,0)) -> 0 | AC251: =IF($A251="",0,IF(SUM($N251:$P251)>0,$L251,0)) -> 1.25 | AD251: =IF($A251="",0,IF(SUM($Q251:$T251)>0,$L251,0)) -> 1.25 | AE251: =IF($A251="",0,IF(SUM($U251:$Y251)>0,$L251,0)) -> 0 | AF251: =IF($A251="",0,IF(SUM($Z251:$AB251)>0,$L251,0)) -> 0
A252: Midwest | B252: IN | C252: Senate Enrolled Act 411 – Public Law 90, Commercial Solar and Wind Energy | D252: Senate Enrolled Act 411 | E252: Natural Gas Industry & Infrastructure; Emerging Fuels & Decarbonization Pathways | F252: Natural Gas Outlook; Renewables | G252: Mandates, Requirements & Standards | H252: 2022 | I252: Active | J252: Establishes voluntary default siting, operating, and decommissioning standards for commercial wind and solar projects and defines qualifying wind- and solar-energy-ready communities. Compliance is governed through the binding conditions or performance requirements established by the action. | K252: https://iga.in.gov/legislative/2022/bills/senate/411/ | L252: =IF($A252="",0,IFERROR(INDEX(References!$B$11:$B$15,MATCH($G252,References!$A$11:$A$15,0)),0)) -> 1.5 | M252: =IF($A252="",0,IF(SUM($O252:$AB252,$N252)>0,$L252,0)) -> 1.5 | N252: =IF($A252="",0,IF(ISNUMBER(SEARCH(References!$C$18,$F252)),$L252,0)) -> 1.5 | O252: =IF($A252="",0,IF(ISNUMBER(SEARCH(O$2,$F252)),$L252,0)) -> 0 | P252: =IF($A252="",0,IF(ISNUMBER(SEARCH(P$2,$F252)),$L252,0)) -> 0 | Q252: =IF($A252="",0,IF(ISNUMBER(SEARCH(Q$2,$F252)),$L252,0)) -> 0 | R252: =IF($A252="",0,IF(ISNUMBER(SEARCH(R$2,$F252)),$L252,0)) -> 0 | S252: =IF($A252="",0,IF(ISNUMBER(SEARCH(S$2,$F252)),$L252,0)) -> 0 | T252: =IF($A252="",0,IF(ISNUMBER(SEARCH(T$2,$F252)),$L252,0)) -> 1.5 | U252: =IF($A252="",0,IF(ISNUMBER(SEARCH(U$2,$F252)),$L252,0)) -> 0 | V252: =IF($A252="",0,IF(ISNUMBER(SEARCH(V$2,$F252)),$L252,0)) -> 0 | ... AB252: =IF($A252="",0,IF(ISNUMBER(SEARCH(AB$2,$F252)),$L252,0)) -> 0 | AC252: =IF($A252="",0,IF(SUM($N252:$P252)>0,$L252,0)) -> 1.5 | AD252: =IF($A252="",0,IF(SUM($Q252:$T252)>0,$L252,0)) -> 1.5 | AE252: =IF($A252="",0,IF(SUM($U252:$Y252)>0,$L252,0)) -> 0 | AF252: =IF($A252="",0,IF(SUM($Z252:$AB252)>0,$L252,0)) -> 0
A253: Midwest | B253: IN | C253: Utility Duties – Indiana Code 8-1-2-4 and 8-1-2-8 | D253: Indiana Code 8-1-2-4 and 8-1-2-8 | E253: Reliability, Resilience, & System Planning | F253: Evaluation & Valuation | G253: Mandates, Requirements & Standards | H253: 1984 | I253: Active | J253: Requires Indiana public utilities to furnish reasonably adequate service and facilities at reasonable and just rates and authorizes commission treatment of service territories as regional units for ratemaking and accounting purposes. | K253: https://iga.in.gov/laws/2026/ic/titles/8#8-1-2-4 | L253: =IF($A253="",0,IFERROR(INDEX(References!$B$11:$B$15,MATCH($G253,References!$A$11:$A$15,0)),0)) -> 1.5 | M253: =IF($A253="",0,IF(SUM($O253:$AB253,$N253)>0,$L253,0)) -> 1.5 | N253: =IF($A253="",0,IF(ISNUMBER(SEARCH(References!$C$18,$F253)),$L253,0)) -> 0 | O253: =IF($A253="",0,IF(ISNUMBER(SEARCH(O$2,$F253)),$L253,0)) -> 0 | P253: =IF($A253="",0,IF(ISNUMBER(SEARCH(P$2,$F253)),$L253,0)) -> 0 | Q253: =IF($A253="",0,IF(ISNUMBER(SEARCH(Q$2,$F253)),$L253,0)) -> 0 | R253: =IF($A253="",0,IF(ISNUMBER(SEARCH(R$2,$F253)),$L253,0)) -> 0 | S253: =IF($A253="",0,IF(ISNUMBER(SEARCH(S$2,$F253)),$L253,0)) -> 0 | T253: =IF($A253="",0,IF(ISNUMBER(SEARCH(T$2,$F253)),$L253,0)) -> 0 | U253: =IF($A253="",0,IF(ISNUMBER(SEARCH(U$2,$F253)),$L253,0)) -> 0 | V253: =IF($A253="",0,IF(ISNUMBER(SEARCH(V$2,$F253)),$L253,0)) -> 1.5 | ... AB253: =IF($A253="",0,IF(ISNUMBER(SEARCH(AB$2,$F253)),$L253,0)) -> 0 | AC253: =IF($A253="",0,IF(SUM($N253:$P253)>0,$L253,0)) -> 0 | AD253: =IF($A253="",0,IF(SUM($Q253:$T253)>0,$L253,0)) -> 0 | AE253: =IF($A253="",0,IF(SUM($U253:$Y253)>0,$L253,0)) -> 1.5 | AF253: =IF($A253="",0,IF(SUM($Z253:$AB253)>0,$L253,0)) -> 0
A254: Midwest | B254: IN | C254: House Enrolled Act 1520 – Public Law 60, Electric Utility Reliability Adequacy Metrics | D254: House Enrolled Act 1520 | E254: Reliability, Resilience, & System Planning | F254: Grid Reliability & Resilience; Evaluation & Valuation; Demand Surge Reality | G254: Mandates, Requirements & Standards | H254: 2021 | I254: Active | J254: Establishes Indiana utility and regulatory responsibilities for evaluating electric-system reliability and resource adequacy, including related reporting or planning duties. The requirement is the mandated planning or reporting action; a completed output may be recorded separately when formally issued. | K254: https://iga.in.gov/legislative/2021/bills/house/1520/details | L254: =IF($A254="",0,IFERROR(INDEX(References!$B$11:$B$15,MATCH($G254,References!$A$11:$A$15,0)),0)) -> 1.5 | M254: =IF($A254="",0,IF(SUM($O254:$AB254,$N254)>0,$L254,0)) -> 1.5 | N254: =IF($A254="",0,IF(ISNUMBER(SEARCH(References!$C$18,$F254)),$L254,0)) -> 0 | O254: =IF($A254="",0,IF(ISNUMBER(SEARCH(O$2,$F254)),$L254,0)) -> 0 | P254: =IF($A254="",0,IF(ISNUMBER(SEARCH(P$2,$F254)),$L254,0)) -> 0 | Q254: =IF($A254="",0,IF(ISNUMBER(SEARCH(Q$2,$F254)),$L254,0)) -> 0 | R254: =IF($A254="",0,IF(ISNUMBER(SEARCH(R$2,$F254)),$L254,0)) -> 0 | S254: =IF($A254="",0,IF(ISNUMBER(SEARCH(S$2,$F254)),$L254,0)) -> 0 | T254: =IF($A254="",0,IF(ISNUMBER(SEARCH(T$2,$F254)),$L254,0)) -> 0 | U254: =IF($A254="",0,IF(ISNUMBER(SEARCH(U$2,$F254)),$L254,0)) -> 1.5 | V254: =IF($A254="",0,IF(ISNUMBER(SEARCH(V$2,$F254)),$L254,0)) -> 1.5 | ... AB254: =IF($A254="",0,IF(ISNUMBER(SEARCH(AB$2,$F254)),$L254,0)) -> 0 | AC254: =IF($A254="",0,IF(SUM($N254:$P254)>0,$L254,0)) -> 0 | AD254: =IF($A254="",0,IF(SUM($Q254:$T254)>0,$L254,0)) -> 0 | AE254: =IF($A254="",0,IF(SUM($U254:$Y254)>0,$L254,0)) -> 1.5 | AF254: =IF($A254="",0,IF(SUM($Z254:$AB254)>0,$L254,0)) -> 0
A255: Midwest | B255: IN | C255: Indiana 21st Century Energy Policy Development Task Force | D255: IC 2-5-45.1 | E255: Reliability, Resilience, & System Planning; Workforce Development | F255: Grid Reliability & Resilience; Evaluation & Valuation; Demand Surge Reality; Infrastructure Design & Storage; Transition & Retention | G255: Regulatory Frameworks & Governance | H255: 2019 | I255: Expired | J255: Creates a legislative task force to study Indiana energy policy, review system needs and emerging issues, and develop recommendations for state action. The authorization or temporary body has expired. | K255: https://iga.in.gov/2022/committees/interim/21st-century-energy-policy-development-task-force | L255: =IF($A255="",0,IFERROR(INDEX(References!$B$11:$B$15,MATCH($G255,References!$A$11:$A$15,0)),0)) -> 1.25 | M255: =IF($A255="",0,IF(SUM($O255:$AB255,$N255)>0,$L255,0)) -> 1.25 | N255: =IF($A255="",0,IF(ISNUMBER(SEARCH(References!$C$18,$F255)),$L255,0)) -> 0 | O255: =IF($A255="",0,IF(ISNUMBER(SEARCH(O$2,$F255)),$L255,0)) -> 0 | P255: =IF($A255="",0,IF(ISNUMBER(SEARCH(P$2,$F255)),$L255,0)) -> 0 | Q255: =IF($A255="",0,IF(ISNUMBER(SEARCH(Q$2,$F255)),$L255,0)) -> 0 | R255: =IF($A255="",0,IF(ISNUMBER(SEARCH(R$2,$F255)),$L255,0)) -> 0 | S255: =IF($A255="",0,IF(ISNUMBER(SEARCH(S$2,$F255)),$L255,0)) -> 0 | T255: =IF($A255="",0,IF(ISNUMBER(SEARCH(T$2,$F255)),$L255,0)) -> 0 | U255: =IF($A255="",0,IF(ISNUMBER(SEARCH(U$2,$F255)),$L255,0)) -> 1.25 | V255: =IF($A255="",0,IF(ISNUMBER(SEARCH(V$2,$F255)),$L255,0)) -> 1.25 | ... AB255: =IF($A255="",0,IF(ISNUMBER(SEARCH(AB$2,$F255)),$L255,0)) -> 0 | AC255: =IF($A255="",0,IF(SUM($N255:$P255)>0,$L255,0)) -> 0 | AD255: =IF($A255="",0,IF(SUM($Q255:$T255)>0,$L255,0)) -> 0 | AE255: =IF($A255="",0,IF(SUM($U255:$Y255)>0,$L255,0)) -> 1.25 | AF255: =IF($A255="",0,IF(SUM($Z255:$AB255)>0,$L255,0)) -> 1.25
A256: Midwest | B256: IN | C256: IURC Reliability and Resilience Reporting under HEA 1520 | D256: - | E256: Reliability, Resilience, & System Planning | F256: Grid Reliability & Resilience; Evaluation & Valuation; Demand Surge Reality | G256: Mandates, Requirements & Standards | H256: 2021 | I256: Active | J256: Requires the Indiana Utility Regulatory Commission to evaluate and report on utility reliability and resilience under the framework established by HEA 1520. The requirement is the mandated planning or reporting action; a completed output may be recorded separately when formally issued. | K256: https://www.in.gov/iurc/files/HEA1520-Report-10.5.2022-Final.pdf | L256: =IF($A256="",0,IFERROR(INDEX(References!$B$11:$B$15,MATCH($G256,References!$A$11:$A$15,0)),0)) -> 1.5 | M256: =IF($A256="",0,IF(SUM($O256:$AB256,$N256)>0,$L256,0)) -> 1.5 | N256: =IF($A256="",0,IF(ISNUMBER(SEARCH(References!$C$18,$F256)),$L256,0)) -> 0 | O256: =IF($A256="",0,IF(ISNUMBER(SEARCH(O$2,$F256)),$L256,0)) -> 0 | P256: =IF($A256="",0,IF(ISNUMBER(SEARCH(P$2,$F256)),$L256,0)) -> 0 | Q256: =IF($A256="",0,IF(ISNUMBER(SEARCH(Q$2,$F256)),$L256,0)) -> 0 | R256: =IF($A256="",0,IF(ISNUMBER(SEARCH(R$2,$F256)),$L256,0)) -> 0 | S256: =IF($A256="",0,IF(ISNUMBER(SEARCH(S$2,$F256)),$L256,0)) -> 0 | T256: =IF($A256="",0,IF(ISNUMBER(SEARCH(T$2,$F256)),$L256,0)) -> 0 | U256: =IF($A256="",0,IF(ISNUMBER(SEARCH(U$2,$F256)),$L256,0)) -> 1.5 | V256: =IF($A256="",0,IF(ISNUMBER(SEARCH(V$2,$F256)),$L256,0)) -> 1.5 | ... AB256: =IF($A256="",0,IF(ISNUMBER(SEARCH(AB$2,$F256)),$L256,0)) -> 0 | AC256: =IF($A256="",0,IF(SUM($N256:$P256)>0,$L256,0)) -> 0 | AD256: =IF($A256="",0,IF(SUM($Q256:$T256)>0,$L256,0)) -> 0 | AE256: =IF($A256="",0,IF(SUM($U256:$Y256)>0,$L256,0)) -> 1.5 | AF256: =IF($A256="",0,IF(SUM($Z256:$AB256)>0,$L256,0)) -> 0
A257: Midwest | B257: IN | C257: Integrated Resource Planning Rule – 170 IAC 4-7 | D257: 170 IAC 4-7 | E257: Emerging Fuels & Decarbonization Pathways; Reliability, Resilience, & System Planning | F257: Renewables; Grid Reliability & Resilience; Evaluation & Valuation; Demand Surge Reality; Infrastructure Design & Storage | G257: Mandates, Requirements & Standards | H257: 2018 | I257: Active | J257: Requires Indiana electric utilities to prepare and submit integrated resource plans evaluating future demand, supply resources, and preferred resource portfolios. The requirement is the mandated planning or reporting action; a completed output may be recorded separately when formally issued. | K257: https://iar.iga.in.gov/code/2026/170/4/7 | L257: =IF($A257="",0,IFERROR(INDEX(References!$B$11:$B$15,MATCH($G257,References!$A$11:$A$15,0)),0)) -> 1.5 | M257: =IF($A257="",0,IF(SUM($O257:$AB257,$N257)>0,$L257,0)) -> 1.5 | N257: =IF($A257="",0,IF(ISNUMBER(SEARCH(References!$C$18,$F257)),$L257,0)) -> 0 | O257: =IF($A257="",0,IF(ISNUMBER(SEARCH(O$2,$F257)),$L257,0)) -> 0 | P257: =IF($A257="",0,IF(ISNUMBER(SEARCH(P$2,$F257)),$L257,0)) -> 0 | Q257: =IF($A257="",0,IF(ISNUMBER(SEARCH(Q$2,$F257)),$L257,0)) -> 0 | R257: =IF($A257="",0,IF(ISNUMBER(SEARCH(R$2,$F257)),$L257,0)) -> 0 | S257: =IF($A257="",0,IF(ISNUMBER(SEARCH(S$2,$F257)),$L257,0)) -> 0 | T257: =IF($A257="",0,IF(ISNUMBER(SEARCH(T$2,$F257)),$L257,0)) -> 1.5 | U257: =IF($A257="",0,IF(ISNUMBER(SEARCH(U$2,$F257)),$L257,0)) -> 1.5 | V257: =IF($A257="",0,IF(ISNUMBER(SEARCH(V$2,$F257)),$L257,0)) -> 1.5 | ... AB257: =IF($A257="",0,IF(ISNUMBER(SEARCH(AB$2,$F257)),$L257,0)) -> 0 | AC257: =IF($A257="",0,IF(SUM($N257:$P257)>0,$L257,0)) -> 0 | AD257: =IF($A257="",0,IF(SUM($Q257:$T257)>0,$L257,0)) -> 1.5 | AE257: =IF($A257="",0,IF(SUM($U257:$Y257)>0,$L257,0)) -> 1.5 | AF257: =IF($A257="",0,IF(SUM($Z257:$AB257)>0,$L257,0)) -> 0
A258: Midwest | B258: IN | C258: Next Level Jobs – Workforce Ready Grant Program | D258: - | E258: Workforce Development | F258: Emerging Skills Gap | G258: Incentives & Funding | H258: 2017 | I258: Active | J258: Provides tuition grants for eligible Indiana residents to complete approved certificate programs in high-demand fields, including qualifying technical and workforce credentials. Financial assistance is provided to eligible recipients subject to the program’s stated eligibility and administration requirements. | K258: https://www.in.gov/dwd/nextleveljobs/workforce-ready-grant | L258: =IF($A258="",0,IFERROR(INDEX(References!$B$11:$B$15,MATCH($G258,References!$A$11:$A$15,0)),0)) -> 1 | M258: =IF($A258="",0,IF(SUM($O258:$AB258,$N258)>0,$L258,0)) -> 1 | N258: =IF($A258="",0,IF(ISNUMBER(SEARCH(References!$C$18,$F258)),$L258,0)) -> 0 | O258: =IF($A258="",0,IF(ISNUMBER(SEARCH(O$2,$F258)),$L258,0)) -> 0 | P258: =IF($A258="",0,IF(ISNUMBER(SEARCH(P$2,$F258)),$L258,0)) -> 0 | Q258: =IF($A258="",0,IF(ISNUMBER(SEARCH(Q$2,$F258)),$L258,0)) -> 0 | R258: =IF($A258="",0,IF(ISNUMBER(SEARCH(R$2,$F258)),$L258,0)) -> 0 | S258: =IF($A258="",0,IF(ISNUMBER(SEARCH(S$2,$F258)),$L258,0)) -> 0 | T258: =IF($A258="",0,IF(ISNUMBER(SEARCH(T$2,$F258)),$L258,0)) -> 0 | U258: =IF($A258="",0,IF(ISNUMBER(SEARCH(U$2,$F258)),$L258,0)) -> 0 | V258: =IF($A258="",0,IF(ISNUMBER(SEARCH(V$2,$F258)),$L258,0)) -> 0 | ... AB258: =IF($A258="",0,IF(ISNUMBER(SEARCH(AB$2,$F258)),$L258,0)) -> 0 | AC258: =IF($A258="",0,IF(SUM($N258:$P258)>0,$L258,0)) -> 0 | AD258: =IF($A258="",0,IF(SUM($Q258:$T258)>0,$L258,0)) -> 0 | AE258: =IF($A258="",0,IF(SUM($U258:$Y258)>0,$L258,0)) -> 0 | AF258: =IF($A258="",0,IF(SUM($Z258:$AB258)>0,$L258,0)) -> 1
A259: Midwest | B259: IA | C259: House File 555 – Energy Preemption Act / Public Law 2021 c.111 | D259: House File 555 | E259: Natural Gas Industry & Infrastructure | F259: Natural Gas Outlook | G259: Mandates, Requirements & Standards | H259: 2021 | I259: Active | J259: Restricts local governments from prohibiting utility service or energy use based on the type or source of fuel, preserving customer access to covered energy services. The provision operates as a binding limit on the covered state, local, utility, or customer action. | K259: https://www.legis.iowa.gov/legislation/BillBook?ga=89&ba=HF555 | L259: =IF($A259="",0,IFERROR(INDEX(References!$B$11:$B$15,MATCH($G259,References!$A$11:$A$15,0)),0)) -> 1.5 | M259: =IF($A259="",0,IF(SUM($O259:$AB259,$N259)>0,$L259,0)) -> 1.5 | N259: =IF($A259="",0,IF(ISNUMBER(SEARCH(References!$C$18,$F259)),$L259,0)) -> 1.5 | O259: =IF($A259="",0,IF(ISNUMBER(SEARCH(O$2,$F259)),$L259,0)) -> 0 | P259: =IF($A259="",0,IF(ISNUMBER(SEARCH(P$2,$F259)),$L259,0)) -> 0 | Q259: =IF($A259="",0,IF(ISNUMBER(SEARCH(Q$2,$F259)),$L259,0)) -> 0 | R259: =IF($A259="",0,IF(ISNUMBER(SEARCH(R$2,$F259)),$L259,0)) -> 0 | S259: =IF($A259="",0,IF(ISNUMBER(SEARCH(S$2,$F259)),$L259,0)) -> 0 | T259: =IF($A259="",0,IF(ISNUMBER(SEARCH(T$2,$F259)),$L259,0)) -> 0 | U259: =IF($A259="",0,IF(ISNUMBER(SEARCH(U$2,$F259)),$L259,0)) -> 0 | V259: =IF($A259="",0,IF(ISNUMBER(SEARCH(V$2,$F259)),$L259,0)) -> 0 | ... AB259: =IF($A259="",0,IF(ISNUMBER(SEARCH(AB$2,$F259)),$L259,0)) -> 0 | AC259: =IF($A259="",0,IF(SUM($N259:$P259)>0,$L259,0)) -> 1.5 | AD259: =IF($A259="",0,IF(SUM($Q259:$T259)>0,$L259,0)) -> 0 | AE259: =IF($A259="",0,IF(SUM($U259:$Y259)>0,$L259,0)) -> 0 | AF259: =IF($A259="",0,IF(SUM($Z259:$AB259)>0,$L259,0)) -> 0
A260: Midwest | B260: IA | C260: Governor’s Comprehensive Energy Bill – House Study Bill 123 | D260: House Study Bill 123 | E260: Emerging Fuels & Decarbonization Pathways; Reliability, Resilience, & System Planning | F260: RNG; Renewables; Grid Reliability & Resilience; Evaluation & Valuation; Infrastructure Design & Storage | G260: Regulatory Frameworks & Governance | H260: 2025 | I260: Superseded | J260: Legislative proposal that would overhaul Iowa’s energy system rules, including generation, storage, and transmission ratemaking, create public utility innovation tariffs, set land restoration standards, and regulate anaerobic digesters. | K260: https://www.legis.iowa.gov/legislation/BillBook?ga=91&ba=HSB123 | L260: =IF($A260="",0,IFERROR(INDEX(References!$B$11:$B$15,MATCH($G260,References!$A$11:$A$15,0)),0)) -> 1.25 | M260: =IF($A260="",0,IF(SUM($O260:$AB260,$N260)>0,$L260,0)) -> 1.25 | N260: =IF($A260="",0,IF(ISNUMBER(SEARCH(References!$C$18,$F260)),$L260,0)) -> 0 | O260: =IF($A260="",0,IF(ISNUMBER(SEARCH(O$2,$F260)),$L260,0)) -> 0 | P260: =IF($A260="",0,IF(ISNUMBER(SEARCH(P$2,$F260)),$L260,0)) -> 0 | Q260: =IF($A260="",0,IF(ISNUMBER(SEARCH(Q$2,$F260)),$L260,0)) -> 1.25 | R260: =IF($A260="",0,IF(ISNUMBER(SEARCH(R$2,$F260)),$L260,0)) -> 0 | S260: =IF($A260="",0,IF(ISNUMBER(SEARCH(S$2,$F260)),$L260,0)) -> 0 | T260: =IF($A260="",0,IF(ISNUMBER(SEARCH(T$2,$F260)),$L260,0)) -> 1.25 | U260: =IF($A260="",0,IF(ISNUMBER(SEARCH(U$2,$F260)),$L260,0)) -> 1.25 | V260: =IF($A260="",0,IF(ISNUMBER(SEARCH(V$2,$F260)),$L260,0)) -> 1.25 | ... AB260: =IF($A260="",0,IF(ISNUMBER(SEARCH(AB$2,$F260)),$L260,0)) -> 0 | AC260: =IF($A260="",0,IF(SUM($N260:$P260)>0,$L260,0)) -> 0 | AD260: =IF($A260="",0,IF(SUM($Q260:$T260)>0,$L260,0)) -> 1.25 | AE260: =IF($A260="",0,IF(SUM($U260:$Y260)>0,$L260,0)) -> 1.25 | AF260: =IF($A260="",0,IF(SUM($Z260:$AB260)>0,$L260,0)) -> 0
A261: Midwest | B261: IA | C261: Iowa Utilities Board Rule 199 IAC 19.17 – Capital Infrastructure Investment Automatic Adjustment Mechanism | D261: 199 IAC 19.17 | E261: Natural Gas Industry & Infrastructure | F261: Natural Gas Outlook; Infrastructure Maintenance & Modernization | G261: Regulatory Frameworks & Governance | H261: 2018 | I261: Active | J261: Provides a regulatory mechanism through which an Iowa utility may adjust rates to recover approved capital-infrastructure investment costs. Implementation occurs through utility filings and commission review of eligible costs or rate treatment. | K261: https://www.legis.iowa.gov/docs/iac/rule/199.19.17.pdf | L261: =IF($A261="",0,IFERROR(INDEX(References!$B$11:$B$15,MATCH($G261,References!$A$11:$A$15,0)),0)) -> 1.25 | M261: =IF($A261="",0,IF(SUM($O261:$AB261,$N261)>0,$L261,0)) -> 1.25 | N261: =IF($A261="",0,IF(ISNUMBER(SEARCH(References!$C$18,$F261)),$L261,0)) -> 1.25 | O261: =IF($A261="",0,IF(ISNUMBER(SEARCH(O$2,$F261)),$L261,0)) -> 1.25 | P261: =IF($A261="",0,IF(ISNUMBER(SEARCH(P$2,$F261)),$L261,0)) -> 0 | Q261: =IF($A261="",0,IF(ISNUMBER(SEARCH(Q$2,$F261)),$L261,0)) -> 0 | R261: =IF($A261="",0,IF(ISNUMBER(SEARCH(R$2,$F261)),$L261,0)) -> 0 | S261: =IF($A261="",0,IF(ISNUMBER(SEARCH(S$2,$F261)),$L261,0)) -> 0 | T261: =IF($A261="",0,IF(ISNUMBER(SEARCH(T$2,$F261)),$L261,0)) -> 0 | U261: =IF($A261="",0,IF(ISNUMBER(SEARCH(U$2,$F261)),$L261,0)) -> 0 | V261: =IF($A261="",0,IF(ISNUMBER(SEARCH(V$2,$F261)),$L261,0)) -> 0 | ... AB261: =IF($A261="",0,IF(ISNUMBER(SEARCH(AB$2,$F261)),$L261,0)) -> 0 | AC261: =IF($A261="",0,IF(SUM($N261:$P261)>0,$L261,0)) -> 1.25 | AD261: =IF($A261="",0,IF(SUM($Q261:$T261)>0,$L261,0)) -> 0 | AE261: =IF($A261="",0,IF(SUM($U261:$Y261)>0,$L261,0)) -> 0 | AF261: =IF($A261="",0,IF(SUM($Z261:$AB261)>0,$L261,0)) -> 0
A262: Midwest | B262: IA | C262: Iowa Code Chapter 479 – Intrastate Pipelines and Underground Gas Storage | D262: Iowa Code Chapter 479 | E262: Natural Gas Industry & Infrastructure | F262: Natural Gas Storage | G262: Regulatory Frameworks & Governance | H262: 1935 | I262: Active | J262: Establishes Iowa permitting and regulatory requirements for intrastate pipelines and underground natural gas storage facilities. The framework defines state authority and oversight for permitting or administering covered storage activity. | K262: https://www.legis.iowa.gov/docs/code/479.pdf | L262: =IF($A262="",0,IFERROR(INDEX(References!$B$11:$B$15,MATCH($G262,References!$A$11:$A$15,0)),0)) -> 1.25 | M262: =IF($A262="",0,IF(SUM($O262:$AB262,$N262)>0,$L262,0)) -> 1.25 | N262: =IF($A262="",0,IF(ISNUMBER(SEARCH(References!$C$18,$F262)),$L262,0)) -> 0 | O262: =IF($A262="",0,IF(ISNUMBER(SEARCH(O$2,$F262)),$L262,0)) -> 0 | P262: =IF($A262="",0,IF(ISNUMBER(SEARCH(P$2,$F262)),$L262,0)) -> 1.25 | Q262: =IF($A262="",0,IF(ISNUMBER(SEARCH(Q$2,$F262)),$L262,0)) -> 0 | R262: =IF($A262="",0,IF(ISNUMBER(SEARCH(R$2,$F262)),$L262,0)) -> 0 | S262: =IF($A262="",0,IF(ISNUMBER(SEARCH(S$2,$F262)),$L262,0)) -> 0 | T262: =IF($A262="",0,IF(ISNUMBER(SEARCH(T$2,$F262)),$L262,0)) -> 0 | U262: =IF($A262="",0,IF(ISNUMBER(SEARCH(U$2,$F262)),$L262,0)) -> 0 | V262: =IF($A262="",0,IF(ISNUMBER(SEARCH(V$2,$F262)),$L262,0)) -> 0 | ... AB262: =IF($A262="",0,IF(ISNUMBER(SEARCH(AB$2,$F262)),$L262,0)) -> 0 | AC262: =IF($A262="",0,IF(SUM($N262:$P262)>0,$L262,0)) -> 1.25 | AD262: =IF($A262="",0,IF(SUM($Q262:$T262)>0,$L262,0)) -> 0 | AE262: =IF($A262="",0,IF(SUM($U262:$Y262)>0,$L262,0)) -> 0 | AF262: =IF($A262="",0,IF(SUM($Z262:$AB262)>0,$L262,0)) -> 0
A263: Midwest | B263: IA | C263: Iowa Code Chapter 479B – Hazardous Liquid Pipeline and Storage Act | D263: Iowa Code Chapter 479B | E263: Emerging Fuels & Decarbonization Pathways | F263: CCUS | G263: Regulatory Frameworks & Governance | H263: 1995 | I263: Active | J263: Governs the siting, permitting, and state oversight of hazardous-liquid pipelines and related storage infrastructure in Iowa, including covered carbon dioxide pipeline activity. The framework defines state authority and oversight for permitting or administering covered storage activity. | K263: https://www.legis.iowa.gov/docs/code/479B.pdf | L263: =IF($A263="",0,IFERROR(INDEX(References!$B$11:$B$15,MATCH($G263,References!$A$11:$A$15,0)),0)) -> 1.25 | M263: =IF($A263="",0,IF(SUM($O263:$AB263,$N263)>0,$L263,0)) -> 1.25 | N263: =IF($A263="",0,IF(ISNUMBER(SEARCH(References!$C$18,$F263)),$L263,0)) -> 0 | O263: =IF($A263="",0,IF(ISNUMBER(SEARCH(O$2,$F263)),$L263,0)) -> 0 | P263: =IF($A263="",0,IF(ISNUMBER(SEARCH(P$2,$F263)),$L263,0)) -> 0 | Q263: =IF($A263="",0,IF(ISNUMBER(SEARCH(Q$2,$F263)),$L263,0)) -> 0 | R263: =IF($A263="",0,IF(ISNUMBER(SEARCH(R$2,$F263)),$L263,0)) -> 0 | S263: =IF($A263="",0,IF(ISNUMBER(SEARCH(S$2,$F263)),$L263,0)) -> 1.25 | T263: =IF($A263="",0,IF(ISNUMBER(SEARCH(T$2,$F263)),$L263,0)) -> 0 | U263: =IF($A263="",0,IF(ISNUMBER(SEARCH(U$2,$F263)),$L263,0)) -> 0 | V263: =IF($A263="",0,IF(ISNUMBER(SEARCH(V$2,$F263)),$L263,0)) -> 0 | ... AB263: =IF($A263="",0,IF(ISNUMBER(SEARCH(AB$2,$F263)),$L263,0)) -> 0 | AC263: =IF($A263="",0,IF(SUM($N263:$P263)>0,$L263,0)) -> 0 | AD263: =IF($A263="",0,IF(SUM($Q263:$T263)>0,$L263,0)) -> 1.25 | AE263: =IF($A263="",0,IF(SUM($U263:$Y263)>0,$L263,0)) -> 0 | AF263: =IF($A263="",0,IF(SUM($Z263:$AB263)>0,$L263,0)) -> 0
A264: Midwest | B264: IA | C264: Energy Infrastructure Revolving Loan Program (EIRLP) | D264: - | E264: Emerging Fuels & Decarbonization Pathways; Reliability, Resilience, & System Planning | F264: RNG; Renewables; Infrastructure Design & Storage | G264: Incentives & Funding | H264: 2021 | I264: Active | J264: Provides revolving-loan financing for eligible energy-infrastructure projects through the Iowa Economic Development Authority and Iowa Energy Office. The mechanism provides financing support for qualifying projects or costs. | K264: https://opportunityiowa.gov/community/energy/grants-funding/eirl-program | L264: =IF($A264="",0,IFERROR(INDEX(References!$B$11:$B$15,MATCH($G264,References!$A$11:$A$15,0)),0)) -> 1 | M264: =IF($A264="",0,IF(SUM($O264:$AB264,$N264)>0,$L264,0)) -> 1 | N264: =IF($A264="",0,IF(ISNUMBER(SEARCH(References!$C$18,$F264)),$L264,0)) -> 0 | O264: =IF($A264="",0,IF(ISNUMBER(SEARCH(O$2,$F264)),$L264,0)) -> 0 | P264: =IF($A264="",0,IF(ISNUMBER(SEARCH(P$2,$F264)),$L264,0)) -> 0 | Q264: =IF($A264="",0,IF(ISNUMBER(SEARCH(Q$2,$F264)),$L264,0)) -> 1 | R264: =IF($A264="",0,IF(ISNUMBER(SEARCH(R$2,$F264)),$L264,0)) -> 0 | S264: =IF($A264="",0,IF(ISNUMBER(SEARCH(S$2,$F264)),$L264,0)) -> 0 | T264: =IF($A264="",0,IF(ISNUMBER(SEARCH(T$2,$F264)),$L264,0)) -> 1 | U264: =IF($A264="",0,IF(ISNUMBER(SEARCH(U$2,$F264)),$L264,0)) -> 0 | V264: =IF($A264="",0,IF(ISNUMBER(SEARCH(V$2,$F264)),$L264,0)) -> 0 | ... AB264: =IF($A264="",0,IF(ISNUMBER(SEARCH(AB$2,$F264)),$L264,0)) -> 0 | AC264: =IF($A264="",0,IF(SUM($N264:$P264)>0,$L264,0)) -> 0 | AD264: =IF($A264="",0,IF(SUM($Q264:$T264)>0,$L264,0)) -> 1 | AE264: =IF($A264="",0,IF(SUM($U264:$Y264)>0,$L264,0)) -> 1 | AF264: =IF($A264="",0,IF(SUM($Z264:$AB264)>0,$L264,0)) -> 0
A265: Midwest | B265: IA | C265: IUB RNG Gathering Line Rule – Docket RMU-2022-0010 / 199 IAC 10.19 | D265: Docket RMU-2022-0010 / 199 IAC 10.19 | E265: Emerging Fuels & Decarbonization Pathways | F265: RNG | G265: Mandates, Requirements & Standards | H265: 2023 | I265: Active | J265: Establishes Iowa regulatory requirements for renewable natural gas gathering lines, including commission oversight of covered pipeline facilities. Compliance is governed through the binding conditions or performance requirements established by the action. | K265: https://www.legis.iowa.gov/docs/iac/rule/02-05-2025.199.10.19.pdf | L265: =IF($A265="",0,IFERROR(INDEX(References!$B$11:$B$15,MATCH($G265,References!$A$11:$A$15,0)),0)) -> 1.5 | M265: =IF($A265="",0,IF(SUM($O265:$AB265,$N265)>0,$L265,0)) -> 1.5 | N265: =IF($A265="",0,IF(ISNUMBER(SEARCH(References!$C$18,$F265)),$L265,0)) -> 0 | O265: =IF($A265="",0,IF(ISNUMBER(SEARCH(O$2,$F265)),$L265,0)) -> 0 | P265: =IF($A265="",0,IF(ISNUMBER(SEARCH(P$2,$F265)),$L265,0)) -> 0 | Q265: =IF($A265="",0,IF(ISNUMBER(SEARCH(Q$2,$F265)),$L265,0)) -> 1.5 | R265: =IF($A265="",0,IF(ISNUMBER(SEARCH(R$2,$F265)),$L265,0)) -> 0 | S265: =IF($A265="",0,IF(ISNUMBER(SEARCH(S$2,$F265)),$L265,0)) -> 0 | T265: =IF($A265="",0,IF(ISNUMBER(SEARCH(T$2,$F265)),$L265,0)) -> 0 | U265: =IF($A265="",0,IF(ISNUMBER(SEARCH(U$2,$F265)),$L265,0)) -> 0 | V265: =IF($A265="",0,IF(ISNUMBER(SEARCH(V$2,$F265)),$L265,0)) -> 0 | ... AB265: =IF($A265="",0,IF(ISNUMBER(SEARCH(AB$2,$F265)),$L265,0)) -> 0 | AC265: =IF($A265="",0,IF(SUM($N265:$P265)>0,$L265,0)) -> 0 | AD265: =IF($A265="",0,IF(SUM($Q265:$T265)>0,$L265,0)) -> 1.5 | AE265: =IF($A265="",0,IF(SUM($U265:$Y265)>0,$L265,0)) -> 0 | AF265: =IF($A265="",0,IF(SUM($Z265:$AB265)>0,$L265,0)) -> 0
A266: Midwest | B266: IA | C266: House File 565 | D266: House File 565 | E266: Emerging Fuels & Decarbonization Pathways | F266: CCUS | G266: Mandates, Requirements & Standards | H266: 2023 | I266: Failed | J266: Would restrict liquefied carbon dioxide pipeline companies from receiving eminent-domain authority until at least 90 percent of the affected route miles are secured through voluntary or preexisting easements, and would establish related landowner-damage and study provisions. | K266: https://www.legis.iowa.gov/legislation/BillBook?ga=90&ba=HF565 | L266: =IF($A266="",0,IFERROR(INDEX(References!$B$11:$B$15,MATCH($G266,References!$A$11:$A$15,0)),0)) -> 1.5 | M266: =IF($A266="",0,IF(SUM($O266:$AB266,$N266)>0,$L266,0)) -> 1.5 | N266: =IF($A266="",0,IF(ISNUMBER(SEARCH(References!$C$18,$F266)),$L266,0)) -> 0 | O266: =IF($A266="",0,IF(ISNUMBER(SEARCH(O$2,$F266)),$L266,0)) -> 0 | P266: =IF($A266="",0,IF(ISNUMBER(SEARCH(P$2,$F266)),$L266,0)) -> 0 | Q266: =IF($A266="",0,IF(ISNUMBER(SEARCH(Q$2,$F266)),$L266,0)) -> 0 | R266: =IF($A266="",0,IF(ISNUMBER(SEARCH(R$2,$F266)),$L266,0)) -> 0 | S266: =IF($A266="",0,IF(ISNUMBER(SEARCH(S$2,$F266)),$L266,0)) -> 1.5 | T266: =IF($A266="",0,IF(ISNUMBER(SEARCH(T$2,$F266)),$L266,0)) -> 0 | U266: =IF($A266="",0,IF(ISNUMBER(SEARCH(U$2,$F266)),$L266,0)) -> 0 | V266: =IF($A266="",0,IF(ISNUMBER(SEARCH(V$2,$F266)),$L266,0)) -> 0 | ... AB266: =IF($A266="",0,IF(ISNUMBER(SEARCH(AB$2,$F266)),$L266,0)) -> 0 | AC266: =IF($A266="",0,IF(SUM($N266:$P266)>0,$L266,0)) -> 0 | AD266: =IF($A266="",0,IF(SUM($Q266:$T266)>0,$L266,0)) -> 1.5 | AE266: =IF($A266="",0,IF(SUM($U266:$Y266)>0,$L266,0)) -> 0 | AF266: =IF($A266="",0,IF(SUM($Z266:$AB266)>0,$L266,0)) -> 0
A267: Midwest | B267: IA | C267: House File 943 – CO₂ Pipeline Eminent Domain Ban | D267: House File 943 | E267: Emerging Fuels & Decarbonization Pathways | F267: CCUS | G267: Mandates, Requirements & Standards | H267: 2025 | I267: Failed | J267: Would restrict or prohibit the use of eminent domain for specified carbon dioxide pipeline projects in Iowa. The measure did not become law. | K267: https://www.legis.iowa.gov/legislation/BillBook?ga=91&ba=HF943 | L267: =IF($A267="",0,IFERROR(INDEX(References!$B$11:$B$15,MATCH($G267,References!$A$11:$A$15,0)),0)) -> 1.5 | M267: =IF($A267="",0,IF(SUM($O267:$AB267,$N267)>0,$L267,0)) -> 1.5 | N267: =IF($A267="",0,IF(ISNUMBER(SEARCH(References!$C$18,$F267)),$L267,0)) -> 0 | O267: =IF($A267="",0,IF(ISNUMBER(SEARCH(O$2,$F267)),$L267,0)) -> 0 | P267: =IF($A267="",0,IF(ISNUMBER(SEARCH(P$2,$F267)),$L267,0)) -> 0 | Q267: =IF($A267="",0,IF(ISNUMBER(SEARCH(Q$2,$F267)),$L267,0)) -> 0 | R267: =IF($A267="",0,IF(ISNUMBER(SEARCH(R$2,$F267)),$L267,0)) -> 0 | S267: =IF($A267="",0,IF(ISNUMBER(SEARCH(S$2,$F267)),$L267,0)) -> 1.5 | T267: =IF($A267="",0,IF(ISNUMBER(SEARCH(T$2,$F267)),$L267,0)) -> 0 | U267: =IF($A267="",0,IF(ISNUMBER(SEARCH(U$2,$F267)),$L267,0)) -> 0 | V267: =IF($A267="",0,IF(ISNUMBER(SEARCH(V$2,$F267)),$L267,0)) -> 0 | ... AB267: =IF($A267="",0,IF(ISNUMBER(SEARCH(AB$2,$F267)),$L267,0)) -> 0 | AC267: =IF($A267="",0,IF(SUM($N267:$P267)>0,$L267,0)) -> 0 | AD267: =IF($A267="",0,IF(SUM($Q267:$T267)>0,$L267,0)) -> 1.5 | AE267: =IF($A267="",0,IF(SUM($U267:$Y267)>0,$L267,0)) -> 0 | AF267: =IF($A267="",0,IF(SUM($Z267:$AB267)>0,$L267,0)) -> 0
... A272: Midwest | B272: IA | C272: Renewable Hydrogen in Iowa Analysis | D272: - | E272: Emerging Fuels & Decarbonization Pathways | F272: Hydrogen | G272: Planning, Studies & Strategies | H272: 2022 | I272: Published | J272: Analyzes opportunities, resources, and potential applications for renewable hydrogen development in Iowa. The completed product serves as a non-governing planning or analytical reference. | K272: https://opportunityiowa.gov/community/energy/plans-reports#renewable-hydrogen-in-iowa | L272: =IF($A272="",0,IFERROR(INDEX(References!$B$11:$B$15,MATCH($G272,References!$A$11:$A$15,0)),0)) -> 1 | M272: =IF($A272="",0,IF(SUM($O272:$AB272,$N272)>0,$L272,0)) -> 1 | N272: =IF($A272="",0,IF(ISNUMBER(SEARCH(References!$C$18,$F272)),$L272,0)) -> 0 | O272: =IF($A272="",0,IF(ISNUMBER(SEARCH(O$2,$F272)),$L272,0)) -> 0 | P272: =IF($A272="",0,IF(ISNUMBER(SEARCH(P$2,$F272)),$L272,0)) -> 0 | Q272: =IF($A272="",0,IF(ISNUMBER(SEARCH(Q$2,$F272)),$L272,0)) -> 0 | R272: =IF($A272="",0,IF(ISNUMBER(SEARCH(R$2,$F272)),$L272,0)) -> 1 | S272: =IF($A272="",0,IF(ISNUMBER(SEARCH(S$2,$F272)),$L272,0)) -> 0 | T272: =IF($A272="",0,IF(ISNUMBER(SEARCH(T$2,$F272)),$L272,0)) -> 0 | U272: =IF($A272="",0,IF(ISNUMBER(SEARCH(U$2,$F272)),$L272,0)) -> 0 | V272: =IF($A272="",0,IF(ISNUMBER(SEARCH(V$2,$F272)),$L272,0)) -> 0 | ... AB272: =IF($A272="",0,IF(ISNUMBER(SEARCH(AB$2,$F272)),$L272,0)) -> 0 | AC272: =IF($A272="",0,IF(SUM($N272:$P272)>0,$L272,0)) -> 0 | AD272: =IF($A272="",0,IF(SUM($Q272:$T272)>0,$L272,0)) -> 1 | AE272: =IF($A272="",0,IF(SUM($U272:$Y272)>0,$L272,0)) -> 0 | AF272: =IF($A272="",0,IF(SUM($Z272:$AB272)>0,$L272,0)) -> 0
A273: Midwest | B273: IA | C273: Energy Storage Action Plan | D273: - | E273: Emerging Fuels & Decarbonization Pathways; Reliability, Resilience, & System Planning | F273: Renewables; Grid Reliability & Resilience; Evaluation & Valuation; Infrastructure Design & Storage | G273: Planning, Studies & Strategies | H273: 2019 | I273: Published | J273: Identifies state actions and planning considerations for energy-storage deployment and integration into Iowa’s energy system. The completed product serves as a non-governing planning or analytical reference. | K273: https://opportunityiowa.gov/media/212/download?inline | L273: =IF($A273="",0,IFERROR(INDEX(References!$B$11:$B$15,MATCH($G273,References!$A$11:$A$15,0)),0)) -> 1 | M273: =IF($A273="",0,IF(SUM($O273:$AB273,$N273)>0,$L273,0)) -> 1 | N273: =IF($A273="",0,IF(ISNUMBER(SEARCH(References!$C$18,$F273)),$L273,0)) -> 0 | O273: =IF($A273="",0,IF(ISNUMBER(SEARCH(O$2,$F273)),$L273,0)) -> 0 | P273: =IF($A273="",0,IF(ISNUMBER(SEARCH(P$2,$F273)),$L273,0)) -> 0 | Q273: =IF($A273="",0,IF(ISNUMBER(SEARCH(Q$2,$F273)),$L273,0)) -> 0 | R273: =IF($A273="",0,IF(ISNUMBER(SEARCH(R$2,$F273)),$L273,0)) -> 0 | S273: =IF($A273="",0,IF(ISNUMBER(SEARCH(S$2,$F273)),$L273,0)) -> 0 | T273: =IF($A273="",0,IF(ISNUMBER(SEARCH(T$2,$F273)),$L273,0)) -> 1 | U273: =IF($A273="",0,IF(ISNUMBER(SEARCH(U$2,$F273)),$L273,0)) -> 1 | V273: =IF($A273="",0,IF(ISNUMBER(SEARCH(V$2,$F273)),$L273,0)) -> 1 | ... AB273: =IF($A273="",0,IF(ISNUMBER(SEARCH(AB$2,$F273)),$L273,0)) -> 0 | AC273: =IF($A273="",0,IF(SUM($N273:$P273)>0,$L273,0)) -> 0 | AD273: =IF($A273="",0,IF(SUM($Q273:$T273)>0,$L273,0)) -> 1 | AE273: =IF($A273="",0,IF(SUM($U273:$Y273)>0,$L273,0)) -> 1 | AF273: =IF($A273="",0,IF(SUM($Z273:$AB273)>0,$L273,0)) -> 0
A274: Midwest | B274: IA | C274: House File 976 – Alternative Fuel Taxation | D274: House File 976 | E274: Emerging Fuels & Decarbonization Pathways | F274: Hydrogen | G274: Mandates, Requirements & Standards | H274: 2023 | I274: Active | J274: Establishes Iowa tax treatment for covered alternative fuels, including the application of state fuel-tax requirements. Compliance is governed through the binding conditions or performance requirements established by the action. | K274: https://www.legis.iowa.gov/legislation/BillBook?ga=90&ba=HF976 | L274: =IF($A274="",0,IFERROR(INDEX(References!$B$11:$B$15,MATCH($G274,References!$A$11:$A$15,0)),0)) -> 1.5 | M274: =IF($A274="",0,IF(SUM($O274:$AB274,$N274)>0,$L274,0)) -> 1.5 | N274: =IF($A274="",0,IF(ISNUMBER(SEARCH(References!$C$18,$F274)),$L274,0)) -> 0 | O274: =IF($A274="",0,IF(ISNUMBER(SEARCH(O$2,$F274)),$L274,0)) -> 0 | P274: =IF($A274="",0,IF(ISNUMBER(SEARCH(P$2,$F274)),$L274,0)) -> 0 | Q274: =IF($A274="",0,IF(ISNUMBER(SEARCH(Q$2,$F274)),$L274,0)) -> 0 | R274: =IF($A274="",0,IF(ISNUMBER(SEARCH(R$2,$F274)),$L274,0)) -> 1.5 | S274: =IF($A274="",0,IF(ISNUMBER(SEARCH(S$2,$F274)),$L274,0)) -> 0 | T274: =IF($A274="",0,IF(ISNUMBER(SEARCH(T$2,$F274)),$L274,0)) -> 0 | U274: =IF($A274="",0,IF(ISNUMBER(SEARCH(U$2,$F274)),$L274,0)) -> 0 | V274: =IF($A274="",0,IF(ISNUMBER(SEARCH(V$2,$F274)),$L274,0)) -> 0 | ... AB274: =IF($A274="",0,IF(ISNUMBER(SEARCH(AB$2,$F274)),$L274,0)) -> 0 | AC274: =IF($A274="",0,IF(SUM($N274:$P274)>0,$L274,0)) -> 0 | AD274: =IF($A274="",0,IF(SUM($Q274:$T274)>0,$L274,0)) -> 1.5 | AE274: =IF($A274="",0,IF(SUM($U274:$Y274)>0,$L274,0)) -> 0 | AF274: =IF($A274="",0,IF(SUM($Z274:$AB274)>0,$L274,0)) -> 0
A275: Midwest | B275: IA | C275: Iowa Public Utilities Law – Iowa Code §476.8 | D275: Iowa Code §476.8 | E275: Reliability, Resilience, & System Planning | F275: Evaluation & Valuation | G275: Mandates, Requirements & Standards | H275: 2024 | I275: Active | J275: Requires Iowa public utilities to provide reasonably adequate service and facilities at reasonable and just rates, with commission authority to evaluate value and disallow unreasonable affiliate profits in ratemaking. | K275: https://www.legis.iowa.gov/docs/code/476.8.pdf | L275: =IF($A275="",0,IFERROR(INDEX(References!$B$11:$B$15,MATCH($G275,References!$A$11:$A$15,0)),0)) -> 1.5 | M275: =IF($A275="",0,IF(SUM($O275:$AB275,$N275)>0,$L275,0)) -> 1.5 | N275: =IF($A275="",0,IF(ISNUMBER(SEARCH(References!$C$18,$F275)),$L275,0)) -> 0 | O275: =IF($A275="",0,IF(ISNUMBER(SEARCH(O$2,$F275)),$L275,0)) -> 0 | P275: =IF($A275="",0,IF(ISNUMBER(SEARCH(P$2,$F275)),$L275,0)) -> 0 | Q275: =IF($A275="",0,IF(ISNUMBER(SEARCH(Q$2,$F275)),$L275,0)) -> 0 | R275: =IF($A275="",0,IF(ISNUMBER(SEARCH(R$2,$F275)),$L275,0)) -> 0 | S275: =IF($A275="",0,IF(ISNUMBER(SEARCH(S$2,$F275)),$L275,0)) -> 0 | T275: =IF($A275="",0,IF(ISNUMBER(SEARCH(T$2,$F275)),$L275,0)) -> 0 | U275: =IF($A275="",0,IF(ISNUMBER(SEARCH(U$2,$F275)),$L275,0)) -> 0 | V275: =IF($A275="",0,IF(ISNUMBER(SEARCH(V$2,$F275)),$L275,0)) -> 1.5 | ... AB275: =IF($A275="",0,IF(ISNUMBER(SEARCH(AB$2,$F275)),$L275,0)) -> 0 | AC275: =IF($A275="",0,IF(SUM($N275:$P275)>0,$L275,0)) -> 0 | AD275: =IF($A275="",0,IF(SUM($Q275:$T275)>0,$L275,0)) -> 0 | AE275: =IF($A275="",0,IF(SUM($U275:$Y275)>0,$L275,0)) -> 1.5 | AF275: =IF($A275="",0,IF(SUM($Z275:$AB275)>0,$L275,0)) -> 0
A276: Midwest | B276: IA | C276: House File 617 – Ratemaking and Planning Study | D276: House File 617 | E276: Reliability, Resilience, & System Planning | F276: Grid Reliability & Resilience; Evaluation & Valuation | G276: Mandates, Requirements & Standards | H276: 2023 | I276: Published | J276: Requires a state study of utility ratemaking and planning issues to inform future regulatory or legislative decisions. The requirement is the mandated planning or reporting action; a completed output may be recorded separately when formally issued. | K276: https://www.legis.iowa.gov/legislation/BillBook?ga=90&ba=HF617 | L276: =IF($A276="",0,IFERROR(INDEX(References!$B$11:$B$15,MATCH($G276,References!$A$11:$A$15,0)),0)) -> 1.5 | M276: =IF($A276="",0,IF(SUM($O276:$AB276,$N276)>0,$L276,0)) -> 1.5 | N276: =IF($A276="",0,IF(ISNUMBER(SEARCH(References!$C$18,$F276)),$L276,0)) -> 0 | O276: =IF($A276="",0,IF(ISNUMBER(SEARCH(O$2,$F276)),$L276,0)) -> 0 | P276: =IF($A276="",0,IF(ISNUMBER(SEARCH(P$2,$F276)),$L276,0)) -> 0 | Q276: =IF($A276="",0,IF(ISNUMBER(SEARCH(Q$2,$F276)),$L276,0)) -> 0 | R276: =IF($A276="",0,IF(ISNUMBER(SEARCH(R$2,$F276)),$L276,0)) -> 0 | S276: =IF($A276="",0,IF(ISNUMBER(SEARCH(S$2,$F276)),$L276,0)) -> 0 | T276: =IF($A276="",0,IF(ISNUMBER(SEARCH(T$2,$F276)),$L276,0)) -> 0 | U276: =IF($A276="",0,IF(ISNUMBER(SEARCH(U$2,$F276)),$L276,0)) -> 1.5 | V276: =IF($A276="",0,IF(ISNUMBER(SEARCH(V$2,$F276)),$L276,0)) -> 1.5 | ... AB276: =IF($A276="",0,IF(ISNUMBER(SEARCH(AB$2,$F276)),$L276,0)) -> 0 | AC276: =IF($A276="",0,IF(SUM($N276:$P276)>0,$L276,0)) -> 0 | AD276: =IF($A276="",0,IF(SUM($Q276:$T276)>0,$L276,0)) -> 0 | AE276: =IF($A276="",0,IF(SUM($U276:$Y276)>0,$L276,0)) -> 1.5 | AF276: =IF($A276="",0,IF(SUM($Z276:$AB276)>0,$L276,0)) -> 0
A277: Midwest | B277: IA | C277: Iowa Energy Forecast Report – House Study Bill 755 | D277: House Study Bill 755 | E277: Reliability, Resilience, & System Planning | F277: Evaluation & Valuation; Demand Surge Reality; Infrastructure Design & Storage | G277: Mandates, Requirements & Standards | H277: 2026 | I277: Superseded | J277: Would require preparation of an Iowa energy forecast report evaluating projected energy demand, supply, or system conditions for state planning. A later action or version replaced this proposal or framework. | K277: https://www.legis.iowa.gov/legislation/BillBook?ga=91&ba=HSB755 | L277: =IF($A277="",0,IFERROR(INDEX(References!$B$11:$B$15,MATCH($G277,References!$A$11:$A$15,0)),0)) -> 1.5 | M277: =IF($A277="",0,IF(SUM($O277:$AB277,$N277)>0,$L277,0)) -> 1.5 | N277: =IF($A277="",0,IF(ISNUMBER(SEARCH(References!$C$18,$F277)),$L277,0)) -> 0 | O277: =IF($A277="",0,IF(ISNUMBER(SEARCH(O$2,$F277)),$L277,0)) -> 0 | P277: =IF($A277="",0,IF(ISNUMBER(SEARCH(P$2,$F277)),$L277,0)) -> 0 | Q277: =IF($A277="",0,IF(ISNUMBER(SEARCH(Q$2,$F277)),$L277,0)) -> 0 | R277: =IF($A277="",0,IF(ISNUMBER(SEARCH(R$2,$F277)),$L277,0)) -> 0 | S277: =IF($A277="",0,IF(ISNUMBER(SEARCH(S$2,$F277)),$L277,0)) -> 0 | T277: =IF($A277="",0,IF(ISNUMBER(SEARCH(T$2,$F277)),$L277,0)) -> 0 | U277: =IF($A277="",0,IF(ISNUMBER(SEARCH(U$2,$F277)),$L277,0)) -> 0 | V277: =IF($A277="",0,IF(ISNUMBER(SEARCH(V$2,$F277)),$L277,0)) -> 1.5 | ... AB277: =IF($A277="",0,IF(ISNUMBER(SEARCH(AB$2,$F277)),$L277,0)) -> 0 | AC277: =IF($A277="",0,IF(SUM($N277:$P277)>0,$L277,0)) -> 0 | AD277: =IF($A277="",0,IF(SUM($Q277:$T277)>0,$L277,0)) -> 0 | AE277: =IF($A277="",0,IF(SUM($U277:$Y277)>0,$L277,0)) -> 1.5 | AF277: =IF($A277="",0,IF(SUM($Z277:$AB277)>0,$L277,0)) -> 0
A278: Midwest | B278: IA | C278: IUB Rule 199 IAC 19.11 – Periodic Gas Procurement Plan Review | D278: 199 IAC 19.11 | E278: Natural Gas Industry & Infrastructure; Reliability, Resilience, & System Planning | F278: Natural Gas Outlook; Evaluation & Valuation | G278: Mandates, Requirements & Standards | H278: 2025 | I278: Active | J278: Requires periodic Iowa Utilities Commission review of regulated gas utilities’ procurement plans and related supply arrangements. The requirement is the mandated planning or reporting action; a completed output may be recorded separately when formally issued. | K278: https://www.legis.iowa.gov/docs/iac/rule/199.19.11.pdf | L278: =IF($A278="",0,IFERROR(INDEX(References!$B$11:$B$15,MATCH($G278,References!$A$11:$A$15,0)),0)) -> 1.5 | M278: =IF($A278="",0,IF(SUM($O278:$AB278,$N278)>0,$L278,0)) -> 1.5 | N278: =IF($A278="",0,IF(ISNUMBER(SEARCH(References!$C$18,$F278)),$L278,0)) -> 1.5 | O278: =IF($A278="",0,IF(ISNUMBER(SEARCH(O$2,$F278)),$L278,0)) -> 0 | P278: =IF($A278="",0,IF(ISNUMBER(SEARCH(P$2,$F278)),$L278,0)) -> 0 | Q278: =IF($A278="",0,IF(ISNUMBER(SEARCH(Q$2,$F278)),$L278,0)) -> 0 | R278: =IF($A278="",0,IF(ISNUMBER(SEARCH(R$2,$F278)),$L278,0)) -> 0 | S278: =IF($A278="",0,IF(ISNUMBER(SEARCH(S$2,$F278)),$L278,0)) -> 0 | T278: =IF($A278="",0,IF(ISNUMBER(SEARCH(T$2,$F278)),$L278,0)) -> 0 | U278: =IF($A278="",0,IF(ISNUMBER(SEARCH(U$2,$F278)),$L278,0)) -> 0 | V278: =IF($A278="",0,IF(ISNUMBER(SEARCH(V$2,$F278)),$L278,0)) -> 1.5 | ... AB278: =IF($A278="",0,IF(ISNUMBER(SEARCH(AB$2,$F278)),$L278,0)) -> 0 | AC278: =IF($A278="",0,IF(SUM($N278:$P278)>0,$L278,0)) -> 1.5 | AD278: =IF($A278="",0,IF(SUM($Q278:$T278)>0,$L278,0)) -> 0 | AE278: =IF($A278="",0,IF(SUM($U278:$Y278)>0,$L278,0)) -> 1.5 | AF278: =IF($A278="",0,IF(SUM($Z278:$AB278)>0,$L278,0)) -> 0
A279: Midwest | B279: IA | C279: Iowa Energy Center – Iowa Code §15.120 | D279: Iowa Code §15.120 | E279: Emerging Fuels & Decarbonization Pathways; Reliability, Resilience, & System Planning; Workforce Development | F279: CCUS; Renewables; Grid Reliability & Resilience; Infrastructure Design & Storage; Emerging Skills Gap; Capacity Constraints | G279: Programs & Initiatives | H279: 1990 | I279: Active | J279: Establishes the Iowa Energy Center to expand energy-sector workforce and career opportunities, support training and technology development, and administer related energy research and program priorities through the Iowa Economic Development Authority. | K279: https://www.legis.iowa.gov/docs/code/15.120.pdf | L279: =IF($A279="",0,IFERROR(INDEX(References!$B$11:$B$15,MATCH($G279,References!$A$11:$A$15,0)),0)) -> 1.25 | M279: =IF($A279="",0,IF(SUM($O279:$AB279,$N279)>0,$L279,0)) -> 1.25 | N279: =IF($A279="",0,IF(ISNUMBER(SEARCH(References!$C$18,$F279)),$L279,0)) -> 0 | O279: =IF($A279="",0,IF(ISNUMBER(SEARCH(O$2,$F279)),$L279,0)) -> 0 | P279: =IF($A279="",0,IF(ISNUMBER(SEARCH(P$2,$F279)),$L279,0)) -> 0 | Q279: =IF($A279="",0,IF(ISNUMBER(SEARCH(Q$2,$F279)),$L279,0)) -> 0 | R279: =IF($A279="",0,IF(ISNUMBER(SEARCH(R$2,$F279)),$L279,0)) -> 0 | S279: =IF($A279="",0,IF(ISNUMBER(SEARCH(S$2,$F279)),$L279,0)) -> 1.25 | T279: =IF($A279="",0,IF(ISNUMBER(SEARCH(T$2,$F279)),$L279,0)) -> 1.25 | U279: =IF($A279="",0,IF(ISNUMBER(SEARCH(U$2,$F279)),$L279,0)) -> 1.25 | V279: =IF($A279="",0,IF(ISNUMBER(SEARCH(V$2,$F279)),$L279,0)) -> 0 | ... AB279: =IF($A279="",0,IF(ISNUMBER(SEARCH(AB$2,$F279)),$L279,0)) -> 1.25 | AC279: =IF($A279="",0,IF(SUM($N279:$P279)>0,$L279,0)) -> 0 | AD279: =IF($A279="",0,IF(SUM($Q279:$T279)>0,$L279,0)) -> 1.25 | AE279: =IF($A279="",0,IF(SUM($U279:$Y279)>0,$L279,0)) -> 1.25 | AF279: =IF($A279="",0,IF(SUM($Z279:$AB279)>0,$L279,0)) -> 1.25
A280: Midwest | B280: IA | C280: Industrial New Jobs Training Program – Iowa Code Chapter 260E | D280: Iowa Code Chapter 260E | E280: Workforce Development | F280: Capacity Constraints | G280: Incentives & Funding | H280: 1983 | I280: Active | J280: Finances customized training for employees in newly created jobs through agreements involving eligible Iowa businesses and community colleges. The mechanism provides financing support for qualifying projects or costs. | K280: https://www.legis.iowa.gov/docs/code/260E.pdf | L280: =IF($A280="",0,IFERROR(INDEX(References!$B$11:$B$15,MATCH($G280,References!$A$11:$A$15,0)),0)) -> 1 | M280: =IF($A280="",0,IF(SUM($O280:$AB280,$N280)>0,$L280,0)) -> 1 | N280: =IF($A280="",0,IF(ISNUMBER(SEARCH(References!$C$18,$F280)),$L280,0)) -> 0 | O280: =IF($A280="",0,IF(ISNUMBER(SEARCH(O$2,$F280)),$L280,0)) -> 0 | P280: =IF($A280="",0,IF(ISNUMBER(SEARCH(P$2,$F280)),$L280,0)) -> 0 | Q280: =IF($A280="",0,IF(ISNUMBER(SEARCH(Q$2,$F280)),$L280,0)) -> 0 | R280: =IF($A280="",0,IF(ISNUMBER(SEARCH(R$2,$F280)),$L280,0)) -> 0 | S280: =IF($A280="",0,IF(ISNUMBER(SEARCH(S$2,$F280)),$L280,0)) -> 0 | T280: =IF($A280="",0,IF(ISNUMBER(SEARCH(T$2,$F280)),$L280,0)) -> 0 | U280: =IF($A280="",0,IF(ISNUMBER(SEARCH(U$2,$F280)),$L280,0)) -> 0 | V280: =IF($A280="",0,IF(ISNUMBER(SEARCH(V$2,$F280)),$L280,0)) -> 0 | ... AB280: =IF($A280="",0,IF(ISNUMBER(SEARCH(AB$2,$F280)),$L280,0)) -> 1 | AC280: =IF($A280="",0,IF(SUM($N280:$P280)>0,$L280,0)) -> 0 | AD280: =IF($A280="",0,IF(SUM($Q280:$T280)>0,$L280,0)) -> 0 | AE280: =IF($A280="",0,IF(SUM($U280:$Y280)>0,$L280,0)) -> 0 | AF280: =IF($A280="",0,IF(SUM($Z280:$AB280)>0,$L280,0)) -> 1
A281: Midwest | B281: MI | C281: Public Act 235 of 2023 (Clean Energy Standard) | D281: Public Act 235 of 2023 / Act 235 | E281: Natural Gas Industry & Infrastructure; Emerging Fuels & Decarbonization Pathways; Reliability, Resilience, & System Planning | F281: Natural Gas Outlook; Renewables; Evaluation & Valuation; Infrastructure Design & Storage | G281: Mandates, Requirements & Standards | H281: 2023 | I281: Active | J281: Requires increasing utility procurement of renewable and other qualifying clean energy resources. Compliance is governed through the binding conditions or performance requirements established by the action. | K281: https://www.legislature.mi.gov/Laws/MCL?objectName=mcl-Act-235-of-2023 | L281: =IF($A281="",0,IFERROR(INDEX(References!$B$11:$B$15,MATCH($G281,References!$A$11:$A$15,0)),0)) -> 1.5 | M281: =IF($A281="",0,IF(SUM($O281:$AB281,$N281)>0,$L281,0)) -> 1.5 | N281: =IF($A281="",0,IF(ISNUMBER(SEARCH(References!$C$18,$F281)),$L281,0)) -> 1.5 | O281: =IF($A281="",0,IF(ISNUMBER(SEARCH(O$2,$F281)),$L281,0)) -> 0 | P281: =IF($A281="",0,IF(ISNUMBER(SEARCH(P$2,$F281)),$L281,0)) -> 0 | Q281: =IF($A281="",0,IF(ISNUMBER(SEARCH(Q$2,$F281)),$L281,0)) -> 0 | R281: =IF($A281="",0,IF(ISNUMBER(SEARCH(R$2,$F281)),$L281,0)) -> 0 | S281: =IF($A281="",0,IF(ISNUMBER(SEARCH(S$2,$F281)),$L281,0)) -> 0 | T281: =IF($A281="",0,IF(ISNUMBER(SEARCH(T$2,$F281)),$L281,0)) -> 1.5 | U281: =IF($A281="",0,IF(ISNUMBER(SEARCH(U$2,$F281)),$L281,0)) -> 0 | V281: =IF($A281="",0,IF(ISNUMBER(SEARCH(V$2,$F281)),$L281,0)) -> 1.5 | ... AB281: =IF($A281="",0,IF(ISNUMBER(SEARCH(AB$2,$F281)),$L281,0)) -> 0 | AC281: =IF($A281="",0,IF(SUM($N281:$P281)>0,$L281,0)) -> 1.5 | AD281: =IF($A281="",0,IF(SUM($Q281:$T281)>0,$L281,0)) -> 1.5 | AE281: =IF($A281="",0,IF(SUM($U281:$Y281)>0,$L281,0)) -> 1.5 | AF281: =IF($A281="",0,IF(SUM($Z281:$AB281)>0,$L281,0)) -> 0
A282: Midwest | B282: MI | C282: HB 4036 (Local Gas Ban Preemption Act, proposed) | D282: HB 4036 | E282: Natural Gas Industry & Infrastructure | F282: Natural Gas Outlook | G282: Mandates, Requirements & Standards | H282: 2023 | I282: Failed | J282: Would preempt local restrictions on natural gas service, connections, or customer fuel choice. The measure did not become law. | K282: https://www.legislature.mi.gov/Bills/Bill?ObjectName=2023-HB-4036 | L282: =IF($A282="",0,IFERROR(INDEX(References!$B$11:$B$15,MATCH($G282,References!$A$11:$A$15,0)),0)) -> 1.5 | M282: =IF($A282="",0,IF(SUM($O282:$AB282,$N282)>0,$L282,0)) -> 1.5 | N282: =IF($A282="",0,IF(ISNUMBER(SEARCH(References!$C$18,$F282)),$L282,0)) -> 1.5 | O282: =IF($A282="",0,IF(ISNUMBER(SEARCH(O$2,$F282)),$L282,0)) -> 0 | P282: =IF($A282="",0,IF(ISNUMBER(SEARCH(P$2,$F282)),$L282,0)) -> 0 | Q282: =IF($A282="",0,IF(ISNUMBER(SEARCH(Q$2,$F282)),$L282,0)) -> 0 | R282: =IF($A282="",0,IF(ISNUMBER(SEARCH(R$2,$F282)),$L282,0)) -> 0 | S282: =IF($A282="",0,IF(ISNUMBER(SEARCH(S$2,$F282)),$L282,0)) -> 0 | T282: =IF($A282="",0,IF(ISNUMBER(SEARCH(T$2,$F282)),$L282,0)) -> 0 | U282: =IF($A282="",0,IF(ISNUMBER(SEARCH(U$2,$F282)),$L282,0)) -> 0 | V282: =IF($A282="",0,IF(ISNUMBER(SEARCH(V$2,$F282)),$L282,0)) -> 0 | ... AB282: =IF($A282="",0,IF(ISNUMBER(SEARCH(AB$2,$F282)),$L282,0)) -> 0 | AC282: =IF($A282="",0,IF(SUM($N282:$P282)>0,$L282,0)) -> 1.5 | AD282: =IF($A282="",0,IF(SUM($Q282:$T282)>0,$L282,0)) -> 0 | AE282: =IF($A282="",0,IF(SUM($U282:$Y282)>0,$L282,0)) -> 0 | AF282: =IF($A282="",0,IF(SUM($Z282:$AB282)>0,$L282,0)) -> 0
A283: Midwest | B283: MI | C283: MI Healthy Climate Plan | D283: - | E283: Natural Gas Industry & Infrastructure; Emerging Fuels & Decarbonization Pathways; Reliability, Resilience, & System Planning; Workforce Development | F283: Natural Gas Outlook; Renewables; Evaluation & Valuation; Transition & Retention; Emerging Skills Gap | G283: Planning, Studies & Strategies | H283: 2022 | I283: Active | J283: Sets statewide strategies for reducing emissions and expanding clean energy, transportation, building, and industrial actions. The product evaluates conditions and identifies considerations or actions for future policy and planning. | K283: https://www.michigan.gov/egle/about/organization/climate-and-energy/mi-healthy-climate-plan | L283: =IF($A283="",0,IFERROR(INDEX(References!$B$11:$B$15,MATCH($G283,References!$A$11:$A$15,0)),0)) -> 1 | M283: =IF($A283="",0,IF(SUM($O283:$AB283,$N283)>0,$L283,0)) -> 1 | N283: =IF($A283="",0,IF(ISNUMBER(SEARCH(References!$C$18,$F283)),$L283,0)) -> 1 | O283: =IF($A283="",0,IF(ISNUMBER(SEARCH(O$2,$F283)),$L283,0)) -> 0 | P283: =IF($A283="",0,IF(ISNUMBER(SEARCH(P$2,$F283)),$L283,0)) -> 0 | Q283: =IF($A283="",0,IF(ISNUMBER(SEARCH(Q$2,$F283)),$L283,0)) -> 0 | R283: =IF($A283="",0,IF(ISNUMBER(SEARCH(R$2,$F283)),$L283,0)) -> 0 | S283: =IF($A283="",0,IF(ISNUMBER(SEARCH(S$2,$F283)),$L283,0)) -> 0 | T283: =IF($A283="",0,IF(ISNUMBER(SEARCH(T$2,$F283)),$L283,0)) -> 1 | U283: =IF($A283="",0,IF(ISNUMBER(SEARCH(U$2,$F283)),$L283,0)) -> 0 | V283: =IF($A283="",0,IF(ISNUMBER(SEARCH(V$2,$F283)),$L283,0)) -> 1 | ... AB283: =IF($A283="",0,IF(ISNUMBER(SEARCH(AB$2,$F283)),$L283,0)) -> 0 | AC283: =IF($A283="",0,IF(SUM($N283:$P283)>0,$L283,0)) -> 1 | AD283: =IF($A283="",0,IF(SUM($Q283:$T283)>0,$L283,0)) -> 1 | AE283: =IF($A283="",0,IF(SUM($U283:$Y283)>0,$L283,0)) -> 1 | AF283: =IF($A283="",0,IF(SUM($Z283:$AB283)>0,$L283,0)) -> 1
A284: Midwest | B284: MI | C284: Public Act 165 of 1969 (Gas Safety Standards) | D284: Public Act 165 of 1969 / Act 165 | E284: Natural Gas Industry & Infrastructure | F284: Infrastructure Maintenance & Modernization | G284: Mandates, Requirements & Standards | H284: 1969 | I284: Active | J284: Establishes safety standards and state enforcement authority for covered natural gas pipeline facilities. Compliance is governed through the binding conditions or performance requirements established by the action. | K284: https://www.legislature.mi.gov/Laws/MCL?objectName=mcl-Act-165-of-1969 | L284: =IF($A284="",0,IFERROR(INDEX(References!$B$11:$B$15,MATCH($G284,References!$A$11:$A$15,0)),0)) -> 1.5 | M284: =IF($A284="",0,IF(SUM($O284:$AB284,$N284)>0,$L284,0)) -> 1.5 | N284: =IF($A284="",0,IF(ISNUMBER(SEARCH(References!$C$18,$F284)),$L284,0)) -> 0 | O284: =IF($A284="",0,IF(ISNUMBER(SEARCH(O$2,$F284)),$L284,0)) -> 1.5 | P284: =IF($A284="",0,IF(ISNUMBER(SEARCH(P$2,$F284)),$L284,0)) -> 0 | Q284: =IF($A284="",0,IF(ISNUMBER(SEARCH(Q$2,$F284)),$L284,0)) -> 0 | R284: =IF($A284="",0,IF(ISNUMBER(SEARCH(R$2,$F284)),$L284,0)) -> 0 | S284: =IF($A284="",0,IF(ISNUMBER(SEARCH(S$2,$F284)),$L284,0)) -> 0 | T284: =IF($A284="",0,IF(ISNUMBER(SEARCH(T$2,$F284)),$L284,0)) -> 0 | U284: =IF($A284="",0,IF(ISNUMBER(SEARCH(U$2,$F284)),$L284,0)) -> 0 | V284: =IF($A284="",0,IF(ISNUMBER(SEARCH(V$2,$F284)),$L284,0)) -> 0 | ... AB284: =IF($A284="",0,IF(ISNUMBER(SEARCH(AB$2,$F284)),$L284,0)) -> 0 | AC284: =IF($A284="",0,IF(SUM($N284:$P284)>0,$L284,0)) -> 1.5 | AD284: =IF($A284="",0,IF(SUM($Q284:$T284)>0,$L284,0)) -> 0 | AE284: =IF($A284="",0,IF(SUM($U284:$Y284)>0,$L284,0)) -> 0 | AF284: =IF($A284="",0,IF(SUM($Z284:$AB284)>0,$L284,0)) -> 0
A285: Midwest | B285: MI | C285: Commission-Ordered Gas Delivery Plans (2024) | D285: - | E285: Natural Gas Industry & Infrastructure | F285: Natural Gas Outlook | G285: Mandates, Requirements & Standards | H285: 2024 | I285: Active | J285: Requires regulated gas utilities to prepare delivery or supply plans for commission review of system needs, service capability, and related infrastructure planning. The requirement is the mandated planning or reporting action; a completed output may be recorded separately when formally issued. | K285: https://www.michigan.gov/mpsc/commission/news-releases/2024/11/07/mpsc-approves-increase-in-bills-for-customers-of-dte | L285: =IF($A285="",0,IFERROR(INDEX(References!$B$11:$B$15,MATCH($G285,References!$A$11:$A$15,0)),0)) -> 1.5 | M285: =IF($A285="",0,IF(SUM($O285:$AB285,$N285)>0,$L285,0)) -> 1.5 | N285: =IF($A285="",0,IF(ISNUMBER(SEARCH(References!$C$18,$F285)),$L285,0)) -> 1.5 | O285: =IF($A285="",0,IF(ISNUMBER(SEARCH(O$2,$F285)),$L285,0)) -> 0 | P285: =IF($A285="",0,IF(ISNUMBER(SEARCH(P$2,$F285)),$L285,0)) -> 0 | Q285: =IF($A285="",0,IF(ISNUMBER(SEARCH(Q$2,$F285)),$L285,0)) -> 0 | R285: =IF($A285="",0,IF(ISNUMBER(SEARCH(R$2,$F285)),$L285,0)) -> 0 | S285: =IF($A285="",0,IF(ISNUMBER(SEARCH(S$2,$F285)),$L285,0)) -> 0 | T285: =IF($A285="",0,IF(ISNUMBER(SEARCH(T$2,$F285)),$L285,0)) -> 0 | U285: =IF($A285="",0,IF(ISNUMBER(SEARCH(U$2,$F285)),$L285,0)) -> 0 | V285: =IF($A285="",0,IF(ISNUMBER(SEARCH(V$2,$F285)),$L285,0)) -> 0 | ... AB285: =IF($A285="",0,IF(ISNUMBER(SEARCH(AB$2,$F285)),$L285,0)) -> 0 | AC285: =IF($A285="",0,IF(SUM($N285:$P285)>0,$L285,0)) -> 1.5 | AD285: =IF($A285="",0,IF(SUM($Q285:$T285)>0,$L285,0)) -> 0 | AE285: =IF($A285="",0,IF(SUM($U285:$Y285)>0,$L285,0)) -> 0 | AF285: =IF($A285="",0,IF(SUM($Z285:$AB285)>0,$L285,0)) -> 0
A286: Midwest | B286: MI | C286: Natural Gas Act (Public Act 9 of 1929) | D286: Public Act 9 of 1929 / Act 9 | E286: Natural Gas Industry & Infrastructure | F286: Natural Gas Outlook; Natural Gas Storage | G286: Regulatory Frameworks & Governance | H286: 1929 | I286: Active | J286: Regulates the intrastate transportation, production, purchase, and sale of natural gas and places covered entities under state commission oversight. The action establishes or assigns a state body to oversee, coordinate, evaluate, or recommend further action within the stated scope. | K286: https://www.legislature.mi.gov/Laws/MCL?objectName=mcl-Act-9-of-1929 | L286: =IF($A286="",0,IFERROR(INDEX(References!$B$11:$B$15,MATCH($G286,References!$A$11:$A$15,0)),0)) -> 1.25 | M286: =IF($A286="",0,IF(SUM($O286:$AB286,$N286)>0,$L286,0)) -> 1.25 | N286: =IF($A286="",0,IF(ISNUMBER(SEARCH(References!$C$18,$F286)),$L286,0)) -> 1.25 | O286: =IF($A286="",0,IF(ISNUMBER(SEARCH(O$2,$F286)),$L286,0)) -> 0 | P286: =IF($A286="",0,IF(ISNUMBER(SEARCH(P$2,$F286)),$L286,0)) -> 1.25 | Q286: =IF($A286="",0,IF(ISNUMBER(SEARCH(Q$2,$F286)),$L286,0)) -> 0 | R286: =IF($A286="",0,IF(ISNUMBER(SEARCH(R$2,$F286)),$L286,0)) -> 0 | S286: =IF($A286="",0,IF(ISNUMBER(SEARCH(S$2,$F286)),$L286,0)) -> 0 | T286: =IF($A286="",0,IF(ISNUMBER(SEARCH(T$2,$F286)),$L286,0)) -> 0 | U286: =IF($A286="",0,IF(ISNUMBER(SEARCH(U$2,$F286)),$L286,0)) -> 0 | V286: =IF($A286="",0,IF(ISNUMBER(SEARCH(V$2,$F286)),$L286,0)) -> 0 | ... AB286: =IF($A286="",0,IF(ISNUMBER(SEARCH(AB$2,$F286)),$L286,0)) -> 0 | AC286: =IF($A286="",0,IF(SUM($N286:$P286)>0,$L286,0)) -> 1.25 | AD286: =IF($A286="",0,IF(SUM($Q286:$T286)>0,$L286,0)) -> 0 | AE286: =IF($A286="",0,IF(SUM($U286:$Y286)>0,$L286,0)) -> 0 | AF286: =IF($A286="",0,IF(SUM($Z286:$AB286)>0,$L286,0)) -> 0
A287: Midwest | B287: MI | C287: Community and Worker Economic Transition Act | D287: Public Act 232 of 2023 / Act 232 | E287: Workforce Development | F287: Transition & Retention; Emerging Skills Gap | G287: Regulatory Frameworks & Governance | H287: 2023 | I287: Active | J287: Creates state planning and assistance functions for workers and communities affected by energy-sector transition. | K287: https://www.legislature.mi.gov/Laws/MCL?objectName=mcl-Act-232-of-2023 | L287: =IF($A287="",0,IFERROR(INDEX(References!$B$11:$B$15,MATCH($G287,References!$A$11:$A$15,0)),0)) -> 1.25 | M287: =IF($A287="",0,IF(SUM($O287:$AB287,$N287)>0,$L287,0)) -> 1.25 | N287: =IF($A287="",0,IF(ISNUMBER(SEARCH(References!$C$18,$F287)),$L287,0)) -> 0 | O287: =IF($A287="",0,IF(ISNUMBER(SEARCH(O$2,$F287)),$L287,0)) -> 0 | P287: =IF($A287="",0,IF(ISNUMBER(SEARCH(P$2,$F287)),$L287,0)) -> 0 | Q287: =IF($A287="",0,IF(ISNUMBER(SEARCH(Q$2,$F287)),$L287,0)) -> 0 | R287: =IF($A287="",0,IF(ISNUMBER(SEARCH(R$2,$F287)),$L287,0)) -> 0 | S287: =IF($A287="",0,IF(ISNUMBER(SEARCH(S$2,$F287)),$L287,0)) -> 0 | T287: =IF($A287="",0,IF(ISNUMBER(SEARCH(T$2,$F287)),$L287,0)) -> 0 | U287: =IF($A287="",0,IF(ISNUMBER(SEARCH(U$2,$F287)),$L287,0)) -> 0 | V287: =IF($A287="",0,IF(ISNUMBER(SEARCH(V$2,$F287)),$L287,0)) -> 0 | ... AB287: =IF($A287="",0,IF(ISNUMBER(SEARCH(AB$2,$F287)),$L287,0)) -> 0 | AC287: =IF($A287="",0,IF(SUM($N287:$P287)>0,$L287,0)) -> 0 | AD287: =IF($A287="",0,IF(SUM($Q287:$T287)>0,$L287,0)) -> 0 | AE287: =IF($A287="",0,IF(SUM($U287:$Y287)>0,$L287,0)) -> 0 | AF287: =IF($A287="",0,IF(SUM($Z287:$AB287)>0,$L287,0)) -> 1.25
A288: Midwest | B288: MI | C288: Michigan Senate Bill 394 | D288: SB 394 (2023) | E288: Emerging Fuels & Decarbonization Pathways | F288: CCUS | G288: Regulatory Frameworks & Governance | H288: 2023 | I288: Failed | J288: Would establish part of Michigan’s proposed carbon-sequestration framework through the provisions of Senate Bill 394. The measure did not become law. | K288: https://www.legislature.mi.gov/Bills/Bill?ObjectName=2023-SB-394 | L288: =IF($A288="",0,IFERROR(INDEX(References!$B$11:$B$15,MATCH($G288,References!$A$11:$A$15,0)),0)) -> 1.25 | M288: =IF($A288="",0,IF(SUM($O288:$AB288,$N288)>0,$L288,0)) -> 1.25 | N288: =IF($A288="",0,IF(ISNUMBER(SEARCH(References!$C$18,$F288)),$L288,0)) -> 0 | O288: =IF($A288="",0,IF(ISNUMBER(SEARCH(O$2,$F288)),$L288,0)) -> 0 | P288: =IF($A288="",0,IF(ISNUMBER(SEARCH(P$2,$F288)),$L288,0)) -> 0 | Q288: =IF($A288="",0,IF(ISNUMBER(SEARCH(Q$2,$F288)),$L288,0)) -> 0 | R288: =IF($A288="",0,IF(ISNUMBER(SEARCH(R$2,$F288)),$L288,0)) -> 0 | S288: =IF($A288="",0,IF(ISNUMBER(SEARCH(S$2,$F288)),$L288,0)) -> 1.25 | T288: =IF($A288="",0,IF(ISNUMBER(SEARCH(T$2,$F288)),$L288,0)) -> 0 | U288: =IF($A288="",0,IF(ISNUMBER(SEARCH(U$2,$F288)),$L288,0)) -> 0 | V288: =IF($A288="",0,IF(ISNUMBER(SEARCH(V$2,$F288)),$L288,0)) -> 0 | ... AB288: =IF($A288="",0,IF(ISNUMBER(SEARCH(AB$2,$F288)),$L288,0)) -> 0 | AC288: =IF($A288="",0,IF(SUM($N288:$P288)>0,$L288,0)) -> 0 | AD288: =IF($A288="",0,IF(SUM($Q288:$T288)>0,$L288,0)) -> 1.25 | AE288: =IF($A288="",0,IF(SUM($U288:$Y288)>0,$L288,0)) -> 0 | AF288: =IF($A288="",0,IF(SUM($Z288:$AB288)>0,$L288,0)) -> 0
A289: Midwest | B289: MI | C289: Michigan Senate Bill 395 | D289: SB 395 (2023) | E289: Emerging Fuels & Decarbonization Pathways | F289: CCUS | G289: Regulatory Frameworks & Governance | H289: 2023 | I289: Failed | J289: Would establish part of Michigan’s proposed carbon-sequestration framework through the provisions of Senate Bill 395. The measure did not become law. | K289: https://www.legislature.mi.gov/Bills/Bill?ObjectName=2023-SB-395 | L289: =IF($A289="",0,IFERROR(INDEX(References!$B$11:$B$15,MATCH($G289,References!$A$11:$A$15,0)),0)) -> 1.25 | M289: =IF($A289="",0,IF(SUM($O289:$AB289,$N289)>0,$L289,0)) -> 1.25 | N289: =IF($A289="",0,IF(ISNUMBER(SEARCH(References!$C$18,$F289)),$L289,0)) -> 0 | O289: =IF($A289="",0,IF(ISNUMBER(SEARCH(O$2,$F289)),$L289,0)) -> 0 | P289: =IF($A289="",0,IF(ISNUMBER(SEARCH(P$2,$F289)),$L289,0)) -> 0 | Q289: =IF($A289="",0,IF(ISNUMBER(SEARCH(Q$2,$F289)),$L289,0)) -> 0 | R289: =IF($A289="",0,IF(ISNUMBER(SEARCH(R$2,$F289)),$L289,0)) -> 0 | S289: =IF($A289="",0,IF(ISNUMBER(SEARCH(S$2,$F289)),$L289,0)) -> 1.25 | T289: =IF($A289="",0,IF(ISNUMBER(SEARCH(T$2,$F289)),$L289,0)) -> 0 | U289: =IF($A289="",0,IF(ISNUMBER(SEARCH(U$2,$F289)),$L289,0)) -> 0 | V289: =IF($A289="",0,IF(ISNUMBER(SEARCH(V$2,$F289)),$L289,0)) -> 0 | ... AB289: =IF($A289="",0,IF(ISNUMBER(SEARCH(AB$2,$F289)),$L289,0)) -> 0 | AC289: =IF($A289="",0,IF(SUM($N289:$P289)>0,$L289,0)) -> 0 | AD289: =IF($A289="",0,IF(SUM($Q289:$T289)>0,$L289,0)) -> 1.25 | AE289: =IF($A289="",0,IF(SUM($U289:$Y289)>0,$L289,0)) -> 0 | AF289: =IF($A289="",0,IF(SUM($Z289:$AB289)>0,$L289,0)) -> 0
A290: Midwest | B290: MI | C290: Michigan Senate Bill 396 | D290: SB 396 (2023) | E290: Emerging Fuels & Decarbonization Pathways | F290: CCUS | G290: Regulatory Frameworks & Governance | H290: 2023 | I290: Failed | J290: Would establish part of Michigan’s proposed carbon-sequestration framework through the provisions of Senate Bill 396. The measure did not become law. | K290: https://www.legislature.mi.gov/Bills/Bill?ObjectName=2023-SB-396 | L290: =IF($A290="",0,IFERROR(INDEX(References!$B$11:$B$15,MATCH($G290,References!$A$11:$A$15,0)),0)) -> 1.25 | M290: =IF($A290="",0,IF(SUM($O290:$AB290,$N290)>0,$L290,0)) -> 1.25 | N290: =IF($A290="",0,IF(ISNUMBER(SEARCH(References!$C$18,$F290)),$L290,0)) -> 0 | O290: =IF($A290="",0,IF(ISNUMBER(SEARCH(O$2,$F290)),$L290,0)) -> 0 | P290: =IF($A290="",0,IF(ISNUMBER(SEARCH(P$2,$F290)),$L290,0)) -> 0 | Q290: =IF($A290="",0,IF(ISNUMBER(SEARCH(Q$2,$F290)),$L290,0)) -> 0 | R290: =IF($A290="",0,IF(ISNUMBER(SEARCH(R$2,$F290)),$L290,0)) -> 0 | S290: =IF($A290="",0,IF(ISNUMBER(SEARCH(S$2,$F290)),$L290,0)) -> 1.25 | T290: =IF($A290="",0,IF(ISNUMBER(SEARCH(T$2,$F290)),$L290,0)) -> 0 | U290: =IF($A290="",0,IF(ISNUMBER(SEARCH(U$2,$F290)),$L290,0)) -> 0 | V290: =IF($A290="",0,IF(ISNUMBER(SEARCH(V$2,$F290)),$L290,0)) -> 0 | ... AB290: =IF($A290="",0,IF(ISNUMBER(SEARCH(AB$2,$F290)),$L290,0)) -> 0 | AC290: =IF($A290="",0,IF(SUM($N290:$P290)>0,$L290,0)) -> 0 | AD290: =IF($A290="",0,IF(SUM($Q290:$T290)>0,$L290,0)) -> 1.25 | AE290: =IF($A290="",0,IF(SUM($U290:$Y290)>0,$L290,0)) -> 0 | AF290: =IF($A290="",0,IF(SUM($Z290:$AB290)>0,$L290,0)) -> 0
A291: Midwest | B291: MI | C291: SB 275 (Clean Fuel Standard, proposed) | D291: SB 275 | E291: Natural Gas Industry & Infrastructure; Emerging Fuels & Decarbonization Pathways | F291: Natural Gas Outlook; Renewables | G291: Mandates, Requirements & Standards | H291: 2023 | I291: Failed | J291: Would establish a declining carbon-intensity standard for transportation fuels and a credit-based compliance mechanism. The measure did not become law. | K291: https://www.legislature.mi.gov/Bills/Bill?ObjectName=2023-SB-275 | L291: =IF($A291="",0,IFERROR(INDEX(References!$B$11:$B$15,MATCH($G291,References!$A$11:$A$15,0)),0)) -> 1.5 | M291: =IF($A291="",0,IF(SUM($O291:$AB291,$N291)>0,$L291,0)) -> 1.5 | N291: =IF($A291="",0,IF(ISNUMBER(SEARCH(References!$C$18,$F291)),$L291,0)) -> 1.5 | O291: =IF($A291="",0,IF(ISNUMBER(SEARCH(O$2,$F291)),$L291,0)) -> 0 | P291: =IF($A291="",0,IF(ISNUMBER(SEARCH(P$2,$F291)),$L291,0)) -> 0 | Q291: =IF($A291="",0,IF(ISNUMBER(SEARCH(Q$2,$F291)),$L291,0)) -> 0 | R291: =IF($A291="",0,IF(ISNUMBER(SEARCH(R$2,$F291)),$L291,0)) -> 0 | S291: =IF($A291="",0,IF(ISNUMBER(SEARCH(S$2,$F291)),$L291,0)) -> 0 | T291: =IF($A291="",0,IF(ISNUMBER(SEARCH(T$2,$F291)),$L291,0)) -> 1.5 | U291: =IF($A291="",0,IF(ISNUMBER(SEARCH(U$2,$F291)),$L291,0)) -> 0 | V291: =IF($A291="",0,IF(ISNUMBER(SEARCH(V$2,$F291)),$L291,0)) -> 0 | ... AB291: =IF($A291="",0,IF(ISNUMBER(SEARCH(AB$2,$F291)),$L291,0)) -> 0 | AC291: =IF($A291="",0,IF(SUM($N291:$P291)>0,$L291,0)) -> 1.5 | AD291: =IF($A291="",0,IF(SUM($Q291:$T291)>0,$L291,0)) -> 1.5 | AE291: =IF($A291="",0,IF(SUM($U291:$Y291)>0,$L291,0)) -> 0 | AF291: =IF($A291="",0,IF(SUM($Z291:$AB291)>0,$L291,0)) -> 0
A292: Midwest | B292: MI | C292: Midwest Alliance for Clean Hydrogen (MachH2) | D292: MachH2 | E292: Emerging Fuels & Decarbonization Pathways | F292: Hydrogen | G292: Programs & Initiatives | H292: 2022 | I292: Active | J292: Documents Michigan participation in a regional coalition pursuing clean hydrogen production, infrastructure, and market development. | K292: https://www.michigan.gov/whitmer/news/press-releases/2022/09/19/michigan-joins-midwest-states-to-develop-clean-hydrogen-economy | L292: =IF($A292="",0,IFERROR(INDEX(References!$B$11:$B$15,MATCH($G292,References!$A$11:$A$15,0)),0)) -> 1.25 | M292: =IF($A292="",0,IF(SUM($O292:$AB292,$N292)>0,$L292,0)) -> 1.25 | N292: =IF($A292="",0,IF(ISNUMBER(SEARCH(References!$C$18,$F292)),$L292,0)) -> 0 | O292: =IF($A292="",0,IF(ISNUMBER(SEARCH(O$2,$F292)),$L292,0)) -> 0 | P292: =IF($A292="",0,IF(ISNUMBER(SEARCH(P$2,$F292)),$L292,0)) -> 0 | Q292: =IF($A292="",0,IF(ISNUMBER(SEARCH(Q$2,$F292)),$L292,0)) -> 0 | R292: =IF($A292="",0,IF(ISNUMBER(SEARCH(R$2,$F292)),$L292,0)) -> 1.25 | S292: =IF($A292="",0,IF(ISNUMBER(SEARCH(S$2,$F292)),$L292,0)) -> 0 | T292: =IF($A292="",0,IF(ISNUMBER(SEARCH(T$2,$F292)),$L292,0)) -> 0 | U292: =IF($A292="",0,IF(ISNUMBER(SEARCH(U$2,$F292)),$L292,0)) -> 0 | V292: =IF($A292="",0,IF(ISNUMBER(SEARCH(V$2,$F292)),$L292,0)) -> 0 | ... AB292: =IF($A292="",0,IF(ISNUMBER(SEARCH(AB$2,$F292)),$L292,0)) -> 0 | AC292: =IF($A292="",0,IF(SUM($N292:$P292)>0,$L292,0)) -> 0 | AD292: =IF($A292="",0,IF(SUM($Q292:$T292)>0,$L292,0)) -> 1.25 | AE292: =IF($A292="",0,IF(SUM($U292:$Y292)>0,$L292,0)) -> 0 | AF292: =IF($A292="",0,IF(SUM($Z292:$AB292)>0,$L292,0)) -> 0
... A301: Midwest | B301: MN | C301: Gas Utility Infrastructure Cost Rider (GUIC) §216B.1635 | D301: §216B.1635 | E301: Natural Gas Industry & Infrastructure | F301: Natural Gas Outlook; Infrastructure Maintenance & Modernization | G301: Regulatory Frameworks & Governance | H301: 2013 | I301: Active | J301: Authorizes gas utilities to recover qualifying infrastructure-improvement costs through a commission-approved rider. The action establishes or assigns a state body to oversee, coordinate, evaluate, or recommend further action within the stated scope. | K301: https://www.revisor.mn.gov/statutes/cite/216B.1635 | L301: =IF($A301="",0,IFERROR(INDEX(References!$B$11:$B$15,MATCH($G301,References!$A$11:$A$15,0)),0)) -> 1.25 | M301: =IF($A301="",0,IF(SUM($O301:$AB301,$N301)>0,$L301,0)) -> 1.25 | N301: =IF($A301="",0,IF(ISNUMBER(SEARCH(References!$C$18,$F301)),$L301,0)) -> 1.25 | O301: =IF($A301="",0,IF(ISNUMBER(SEARCH(O$2,$F301)),$L301,0)) -> 1.25 | P301: =IF($A301="",0,IF(ISNUMBER(SEARCH(P$2,$F301)),$L301,0)) -> 0 | Q301: =IF($A301="",0,IF(ISNUMBER(SEARCH(Q$2,$F301)),$L301,0)) -> 0 | R301: =IF($A301="",0,IF(ISNUMBER(SEARCH(R$2,$F301)),$L301,0)) -> 0 | S301: =IF($A301="",0,IF(ISNUMBER(SEARCH(S$2,$F301)),$L301,0)) -> 0 | T301: =IF($A301="",0,IF(ISNUMBER(SEARCH(T$2,$F301)),$L301,0)) -> 0 | U301: =IF($A301="",0,IF(ISNUMBER(SEARCH(U$2,$F301)),$L301,0)) -> 0 | V301: =IF($A301="",0,IF(ISNUMBER(SEARCH(V$2,$F301)),$L301,0)) -> 0 | ... AB301: =IF($A301="",0,IF(ISNUMBER(SEARCH(AB$2,$F301)),$L301,0)) -> 0 | AC301: =IF($A301="",0,IF(SUM($N301:$P301)>0,$L301,0)) -> 1.25 | AD301: =IF($A301="",0,IF(SUM($Q301:$T301)>0,$L301,0)) -> 0 | AE301: =IF($A301="",0,IF(SUM($U301:$Y301)>0,$L301,0)) -> 0 | AF301: =IF($A301="",0,IF(SUM($Z301:$AB301)>0,$L301,0)) -> 0
A302: Midwest | B302: MN | C302: Pipeline Routing Permit Requirement §216G.02 | D302: §216G.02 | G302: Mandates, Requirements & Standards | H302: 1979 | I302: Active | J302: Requires a state route permit before construction of covered pipelines. Compliance is governed through the binding conditions or performance requirements established by the action. | K302: https://www.revisor.mn.gov/statutes/cite/216G.02 | L302: =IF($A302="",0,IFERROR(INDEX(References!$B$11:$B$15,MATCH($G302,References!$A$11:$A$15,0)),0)) -> 1.5 | M302: =IF($A302="",0,IF(SUM($O302:$AB302,$N302)>0,$L302,0)) -> 0 | N302: =IF($A302="",0,IF(ISNUMBER(SEARCH(References!$C$18,$F302)),$L302,0)) -> 0 | O302: =IF($A302="",0,IF(ISNUMBER(SEARCH(O$2,$F302)),$L302,0)) -> 0 | P302: =IF($A302="",0,IF(ISNUMBER(SEARCH(P$2,$F302)),$L302,0)) -> 0 | Q302: =IF($A302="",0,IF(ISNUMBER(SEARCH(Q$2,$F302)),$L302,0)) -> 0 | R302: =IF($A302="",0,IF(ISNUMBER(SEARCH(R$2,$F302)),$L302,0)) -> 0 | S302: =IF($A302="",0,IF(ISNUMBER(SEARCH(S$2,$F302)),$L302,0)) -> 0 | T302: =IF($A302="",0,IF(ISNUMBER(SEARCH(T$2,$F302)),$L302,0)) -> 0 | U302: =IF($A302="",0,IF(ISNUMBER(SEARCH(U$2,$F302)),$L302,0)) -> 0 | V302: =IF($A302="",0,IF(ISNUMBER(SEARCH(V$2,$F302)),$L302,0)) -> 0 | ... AB302: =IF($A302="",0,IF(ISNUMBER(SEARCH(AB$2,$F302)),$L302,0)) -> 0 | AC302: =IF($A302="",0,IF(SUM($N302:$P302)>0,$L302,0)) -> 0 | AD302: =IF($A302="",0,IF(SUM($Q302:$T302)>0,$L302,0)) -> 0 | AE302: =IF($A302="",0,IF(SUM($U302:$Y302)>0,$L302,0)) -> 0 | AF302: =IF($A302="",0,IF(SUM($Z302:$AB302)>0,$L302,0)) -> 0
A303: Midwest | B303: MN | C303: CO2 Pipeline Regulation §216G.025 (2024) | D303: §216G.025 | E303: Emerging Fuels & Decarbonization Pathways | F303: CCUS | G303: Regulatory Frameworks & Governance | H303: 2024 | I303: Active | J303: Establishes routing and permitting requirements for carbon dioxide pipelines. | K303: https://www.revisor.mn.gov/statutes/cite/216G.025 | L303: =IF($A303="",0,IFERROR(INDEX(References!$B$11:$B$15,MATCH($G303,References!$A$11:$A$15,0)),0)) -> 1.25 | M303: =IF($A303="",0,IF(SUM($O303:$AB303,$N303)>0,$L303,0)) -> 1.25 | N303: =IF($A303="",0,IF(ISNUMBER(SEARCH(References!$C$18,$F303)),$L303,0)) -> 0 | O303: =IF($A303="",0,IF(ISNUMBER(SEARCH(O$2,$F303)),$L303,0)) -> 0 | P303: =IF($A303="",0,IF(ISNUMBER(SEARCH(P$2,$F303)),$L303,0)) -> 0 | Q303: =IF($A303="",0,IF(ISNUMBER(SEARCH(Q$2,$F303)),$L303,0)) -> 0 | R303: =IF($A303="",0,IF(ISNUMBER(SEARCH(R$2,$F303)),$L303,0)) -> 0 | S303: =IF($A303="",0,IF(ISNUMBER(SEARCH(S$2,$F303)),$L303,0)) -> 1.25 | T303: =IF($A303="",0,IF(ISNUMBER(SEARCH(T$2,$F303)),$L303,0)) -> 0 | U303: =IF($A303="",0,IF(ISNUMBER(SEARCH(U$2,$F303)),$L303,0)) -> 0 | V303: =IF($A303="",0,IF(ISNUMBER(SEARCH(V$2,$F303)),$L303,0)) -> 0 | ... AB303: =IF($A303="",0,IF(ISNUMBER(SEARCH(AB$2,$F303)),$L303,0)) -> 0 | AC303: =IF($A303="",0,IF(SUM($N303:$P303)>0,$L303,0)) -> 0 | AD303: =IF($A303="",0,IF(SUM($Q303:$T303)>0,$L303,0)) -> 1.25 | AE303: =IF($A303="",0,IF(SUM($U303:$Y303)>0,$L303,0)) -> 0 | AF303: =IF($A303="",0,IF(SUM($Z303:$AB303)>0,$L303,0)) -> 0
A304: Midwest | B304: MN | C304: Natural Gas Innovation Act (NGIA) §216B.2427 | D304: §216B.2427 | E304: Natural Gas Industry & Infrastructure; Emerging Fuels & Decarbonization Pathways | F304: Natural Gas Outlook; RNG; Hydrogen; CCUS | G304: Regulatory Frameworks & Governance | H304: 2021 | I304: Active | J304: Authorizes gas utilities to propose innovation plans for renewable natural gas, hydrogen, carbon management, and other lower-carbon resources. | K304: https://www.revisor.mn.gov/statutes/cite/216B.2427 | L304: =IF($A304="",0,IFERROR(INDEX(References!$B$11:$B$15,MATCH($G304,References!$A$11:$A$15,0)),0)) -> 1.25 | M304: =IF($A304="",0,IF(SUM($O304:$AB304,$N304)>0,$L304,0)) -> 1.25 | N304: =IF($A304="",0,IF(ISNUMBER(SEARCH(References!$C$18,$F304)),$L304,0)) -> 1.25 | O304: =IF($A304="",0,IF(ISNUMBER(SEARCH(O$2,$F304)),$L304,0)) -> 0 | P304: =IF($A304="",0,IF(ISNUMBER(SEARCH(P$2,$F304)),$L304,0)) -> 0 | Q304: =IF($A304="",0,IF(ISNUMBER(SEARCH(Q$2,$F304)),$L304,0)) -> 1.25 | R304: =IF($A304="",0,IF(ISNUMBER(SEARCH(R$2,$F304)),$L304,0)) -> 1.25 | S304: =IF($A304="",0,IF(ISNUMBER(SEARCH(S$2,$F304)),$L304,0)) -> 1.25 | T304: =IF($A304="",0,IF(ISNUMBER(SEARCH(T$2,$F304)),$L304,0)) -> 0 | U304: =IF($A304="",0,IF(ISNUMBER(SEARCH(U$2,$F304)),$L304,0)) -> 0 | V304: =IF($A304="",0,IF(ISNUMBER(SEARCH(V$2,$F304)),$L304,0)) -> 0 | ... AB304: =IF($A304="",0,IF(ISNUMBER(SEARCH(AB$2,$F304)),$L304,0)) -> 0 | AC304: =IF($A304="",0,IF(SUM($N304:$P304)>0,$L304,0)) -> 1.25 | AD304: =IF($A304="",0,IF(SUM($Q304:$T304)>0,$L304,0)) -> 1.25 | AE304: =IF($A304="",0,IF(SUM($U304:$Y304)>0,$L304,0)) -> 0 | AF304: =IF($A304="",0,IF(SUM($Z304:$AB304)>0,$L304,0)) -> 0
A305: Midwest | B305: MN | C305: Renewable & Carbon-Free Standard §216B.1691 | D305: §216B.1691 | E305: Natural Gas Industry & Infrastructure; Emerging Fuels & Decarbonization Pathways | F305: Natural Gas Outlook; Renewables | G305: Mandates, Requirements & Standards | H305: 2023 | I305: Active | J305: Requires utility compliance with renewable-energy and carbon-free electricity standards. Compliance is governed through the binding conditions or performance requirements established by the action. | K305: https://www.revisor.mn.gov/statutes/cite/216B.1691 | L305: =IF($A305="",0,IFERROR(INDEX(References!$B$11:$B$15,MATCH($G305,References!$A$11:$A$15,0)),0)) -> 1.5 | M305: =IF($A305="",0,IF(SUM($O305:$AB305,$N305)>0,$L305,0)) -> 1.5 | N305: =IF($A305="",0,IF(ISNUMBER(SEARCH(References!$C$18,$F305)),$L305,0)) -> 1.5 | O305: =IF($A305="",0,IF(ISNUMBER(SEARCH(O$2,$F305)),$L305,0)) -> 0 | P305: =IF($A305="",0,IF(ISNUMBER(SEARCH(P$2,$F305)),$L305,0)) -> 0 | Q305: =IF($A305="",0,IF(ISNUMBER(SEARCH(Q$2,$F305)),$L305,0)) -> 0 | R305: =IF($A305="",0,IF(ISNUMBER(SEARCH(R$2,$F305)),$L305,0)) -> 0 | S305: =IF($A305="",0,IF(ISNUMBER(SEARCH(S$2,$F305)),$L305,0)) -> 0 | T305: =IF($A305="",0,IF(ISNUMBER(SEARCH(T$2,$F305)),$L305,0)) -> 1.5 | U305: =IF($A305="",0,IF(ISNUMBER(SEARCH(U$2,$F305)),$L305,0)) -> 0 | V305: =IF($A305="",0,IF(ISNUMBER(SEARCH(V$2,$F305)),$L305,0)) -> 0 | ... AB305: =IF($A305="",0,IF(ISNUMBER(SEARCH(AB$2,$F305)),$L305,0)) -> 0 | AC305: =IF($A305="",0,IF(SUM($N305:$P305)>0,$L305,0)) -> 1.5 | AD305: =IF($A305="",0,IF(SUM($Q305:$T305)>0,$L305,0)) -> 1.5 | AE305: =IF($A305="",0,IF(SUM($U305:$Y305)>0,$L305,0)) -> 0 | AF305: =IF($A305="",0,IF(SUM($Z305:$AB305)>0,$L305,0)) -> 0
A306: Midwest | B306: MN | C306: ECO Act (2021) §216B.2403 | D306: §216B.2403 | E306: Natural Gas Industry & Infrastructure; Emerging Fuels & Decarbonization Pathways | F306: Natural Gas Outlook; Renewables | G306: Mandates, Requirements & Standards | H306: 2021 | I306: Active | J306: Requires energy-conservation programs and establishes utility savings and spending obligations. Compliance is governed through the binding conditions or performance requirements established by the action. | K306: https://www.revisor.mn.gov/statutes/cite/216B.2403 | L306: =IF($A306="",0,IFERROR(INDEX(References!$B$11:$B$15,MATCH($G306,References!$A$11:$A$15,0)),0)) -> 1.5 | M306: =IF($A306="",0,IF(SUM($O306:$AB306,$N306)>0,$L306,0)) -> 1.5 | N306: =IF($A306="",0,IF(ISNUMBER(SEARCH(References!$C$18,$F306)),$L306,0)) -> 1.5 | O306: =IF($A306="",0,IF(ISNUMBER(SEARCH(O$2,$F306)),$L306,0)) -> 0 | P306: =IF($A306="",0,IF(ISNUMBER(SEARCH(P$2,$F306)),$L306,0)) -> 0 | Q306: =IF($A306="",0,IF(ISNUMBER(SEARCH(Q$2,$F306)),$L306,0)) -> 0 | R306: =IF($A306="",0,IF(ISNUMBER(SEARCH(R$2,$F306)),$L306,0)) -> 0 | S306: =IF($A306="",0,IF(ISNUMBER(SEARCH(S$2,$F306)),$L306,0)) -> 0 | T306: =IF($A306="",0,IF(ISNUMBER(SEARCH(T$2,$F306)),$L306,0)) -> 1.5 | U306: =IF($A306="",0,IF(ISNUMBER(SEARCH(U$2,$F306)),$L306,0)) -> 0 | V306: =IF($A306="",0,IF(ISNUMBER(SEARCH(V$2,$F306)),$L306,0)) -> 0 | ... AB306: =IF($A306="",0,IF(ISNUMBER(SEARCH(AB$2,$F306)),$L306,0)) -> 0 | AC306: =IF($A306="",0,IF(SUM($N306:$P306)>0,$L306,0)) -> 1.5 | AD306: =IF($A306="",0,IF(SUM($Q306:$T306)>0,$L306,0)) -> 1.5 | AE306: =IF($A306="",0,IF(SUM($U306:$Y306)>0,$L306,0)) -> 0 | AF306: =IF($A306="",0,IF(SUM($Z306:$AB306)>0,$L306,0)) -> 0
A307: Midwest | B307: MN | C307: Reliability Off-Ramps (HF 7) | D307: HF 7 | E307: Natural Gas Industry & Infrastructure; Emerging Fuels & Decarbonization Pathways; Reliability, Resilience, & System Planning | F307: Natural Gas Outlook; Renewables; Evaluation & Valuation; Infrastructure Design & Storage | G307: Regulatory Frameworks & Governance | H307: 2023 | I307: Active | J307: Allows reliability considerations to affect implementation of Minnesota’s carbon-free electricity requirements when compliance would create specified reliability concerns. | K307: https://www.revisor.mn.gov/bills/bill.php?b=House&f=HF0007&ssn=0&y=2023 | L307: =IF($A307="",0,IFERROR(INDEX(References!$B$11:$B$15,MATCH($G307,References!$A$11:$A$15,0)),0)) -> 1.25 | M307: =IF($A307="",0,IF(SUM($O307:$AB307,$N307)>0,$L307,0)) -> 1.25 | N307: =IF($A307="",0,IF(ISNUMBER(SEARCH(References!$C$18,$F307)),$L307,0)) -> 1.25 | O307: =IF($A307="",0,IF(ISNUMBER(SEARCH(O$2,$F307)),$L307,0)) -> 0 | P307: =IF($A307="",0,IF(ISNUMBER(SEARCH(P$2,$F307)),$L307,0)) -> 0 | Q307: =IF($A307="",0,IF(ISNUMBER(SEARCH(Q$2,$F307)),$L307,0)) -> 0 | R307: =IF($A307="",0,IF(ISNUMBER(SEARCH(R$2,$F307)),$L307,0)) -> 0 | S307: =IF($A307="",0,IF(ISNUMBER(SEARCH(S$2,$F307)),$L307,0)) -> 0 | T307: =IF($A307="",0,IF(ISNUMBER(SEARCH(T$2,$F307)),$L307,0)) -> 1.25 | U307: =IF($A307="",0,IF(ISNUMBER(SEARCH(U$2,$F307)),$L307,0)) -> 0 | V307: =IF($A307="",0,IF(ISNUMBER(SEARCH(V$2,$F307)),$L307,0)) -> 1.25 | ... AB307: =IF($A307="",0,IF(ISNUMBER(SEARCH(AB$2,$F307)),$L307,0)) -> 0 | AC307: =IF($A307="",0,IF(SUM($N307:$P307)>0,$L307,0)) -> 1.25 | AD307: =IF($A307="",0,IF(SUM($Q307:$T307)>0,$L307,0)) -> 1.25 | AE307: =IF($A307="",0,IF(SUM($U307:$Y307)>0,$L307,0)) -> 1.25 | AF307: =IF($A307="",0,IF(SUM($Z307:$AB307)>0,$L307,0)) -> 0
A308: Midwest | B308: MN | C308: In the Matter of an Investigation into Gas Utility System Planning | D308: Docket G-999/CI-21-565 | E308: Natural Gas Industry & Infrastructure | F308: Natural Gas Outlook | G308: Planning, Studies & Strategies | H308: 2021 | I308: Active | J308: Directs a Minnesota Public Utilities Commission investigation into long-term gas utility system planning, including future investments, customer impacts, and alternatives affecting the gas system. The action uses a formal analytical or stakeholder process to inform later regulatory or policy decisions. | K308: https://www.leg.mn.gov/docs/2021/Mandated/211064.pdf | L308: =IF($A308="",0,IFERROR(INDEX(References!$B$11:$B$15,MATCH($G308,References!$A$11:$A$15,0)),0)) -> 1 | M308: =IF($A308="",0,IF(SUM($O308:$AB308,$N308)>0,$L308,0)) -> 1 | N308: =IF($A308="",0,IF(ISNUMBER(SEARCH(References!$C$18,$F308)),$L308,0)) -> 1 | O308: =IF($A308="",0,IF(ISNUMBER(SEARCH(O$2,$F308)),$L308,0)) -> 0 | P308: =IF($A308="",0,IF(ISNUMBER(SEARCH(P$2,$F308)),$L308,0)) -> 0 | Q308: =IF($A308="",0,IF(ISNUMBER(SEARCH(Q$2,$F308)),$L308,0)) -> 0 | R308: =IF($A308="",0,IF(ISNUMBER(SEARCH(R$2,$F308)),$L308,0)) -> 0 | S308: =IF($A308="",0,IF(ISNUMBER(SEARCH(S$2,$F308)),$L308,0)) -> 0 | T308: =IF($A308="",0,IF(ISNUMBER(SEARCH(T$2,$F308)),$L308,0)) -> 0 | U308: =IF($A308="",0,IF(ISNUMBER(SEARCH(U$2,$F308)),$L308,0)) -> 0 | V308: =IF($A308="",0,IF(ISNUMBER(SEARCH(V$2,$F308)),$L308,0)) -> 0 | ... AB308: =IF($A308="",0,IF(ISNUMBER(SEARCH(AB$2,$F308)),$L308,0)) -> 0 | AC308: =IF($A308="",0,IF(SUM($N308:$P308)>0,$L308,0)) -> 1 | AD308: =IF($A308="",0,IF(SUM($Q308:$T308)>0,$L308,0)) -> 0 | AE308: =IF($A308="",0,IF(SUM($U308:$Y308)>0,$L308,0)) -> 0 | AF308: =IF($A308="",0,IF(SUM($Z308:$AB308)>0,$L308,0)) -> 0
A309: Midwest | B309: MN | C309: Minnesota Grid Resilience Grants Program; State Energy Program grid-resilience funding | D309: IIJA Section 40101(d) / Federal-state grant implementation | E309: Reliability, Resilience, & System Planning | F309: Grid Reliability & Resilience | G309: Incentives & Funding | H309: 2024 | I309: Active | J309: Provides grants for projects that strengthen the resilience of Minnesota’s electric grid against disruptive events, using federal-state grid-resilience funding. Financial assistance is provided to eligible recipients subject to the program’s stated eligibility and administration requirements. | K309: https://mn.gov/commerce/energy/consumer/energy-programs/grid-resilience.jsp | L309: =IF($A309="",0,IFERROR(INDEX(References!$B$11:$B$15,MATCH($G309,References!$A$11:$A$15,0)),0)) -> 1 | M309: =IF($A309="",0,IF(SUM($O309:$AB309,$N309)>0,$L309,0)) -> 1 | N309: =IF($A309="",0,IF(ISNUMBER(SEARCH(References!$C$18,$F309)),$L309,0)) -> 0 | O309: =IF($A309="",0,IF(ISNUMBER(SEARCH(O$2,$F309)),$L309,0)) -> 0 | P309: =IF($A309="",0,IF(ISNUMBER(SEARCH(P$2,$F309)),$L309,0)) -> 0 | Q309: =IF($A309="",0,IF(ISNUMBER(SEARCH(Q$2,$F309)),$L309,0)) -> 0 | R309: =IF($A309="",0,IF(ISNUMBER(SEARCH(R$2,$F309)),$L309,0)) -> 0 | S309: =IF($A309="",0,IF(ISNUMBER(SEARCH(S$2,$F309)),$L309,0)) -> 0 | T309: =IF($A309="",0,IF(ISNUMBER(SEARCH(T$2,$F309)),$L309,0)) -> 0 | U309: =IF($A309="",0,IF(ISNUMBER(SEARCH(U$2,$F309)),$L309,0)) -> 1 | V309: =IF($A309="",0,IF(ISNUMBER(SEARCH(V$2,$F309)),$L309,0)) -> 0 | ... AB309: =IF($A309="",0,IF(ISNUMBER(SEARCH(AB$2,$F309)),$L309,0)) -> 0 | AC309: =IF($A309="",0,IF(SUM($N309:$P309)>0,$L309,0)) -> 0 | AD309: =IF($A309="",0,IF(SUM($Q309:$T309)>0,$L309,0)) -> 0 | AE309: =IF($A309="",0,IF(SUM($U309:$Y309)>0,$L309,0)) -> 1 | AF309: =IF($A309="",0,IF(SUM($Z309:$AB309)>0,$L309,0)) -> 0
A310: Midwest | B310: MN | C310: Energy Transition Office | D310: Minn. Stat. § 116J.5491 | E310: Workforce Development | F310: Transition & Retention | G310: Regulatory Frameworks & Governance | H310: 2021 | I310: Active | J310: Creates an office to coordinate assistance for communities, workers, and businesses affected by energy-facility changes. | K310: https://www.revisor.mn.gov/statutes/cite/116J.5491 | L310: =IF($A310="",0,IFERROR(INDEX(References!$B$11:$B$15,MATCH($G310,References!$A$11:$A$15,0)),0)) -> 1.25 | M310: =IF($A310="",0,IF(SUM($O310:$AB310,$N310)>0,$L310,0)) -> 1.25 | N310: =IF($A310="",0,IF(ISNUMBER(SEARCH(References!$C$18,$F310)),$L310,0)) -> 0 | O310: =IF($A310="",0,IF(ISNUMBER(SEARCH(O$2,$F310)),$L310,0)) -> 0 | P310: =IF($A310="",0,IF(ISNUMBER(SEARCH(P$2,$F310)),$L310,0)) -> 0 | Q310: =IF($A310="",0,IF(ISNUMBER(SEARCH(Q$2,$F310)),$L310,0)) -> 0 | R310: =IF($A310="",0,IF(ISNUMBER(SEARCH(R$2,$F310)),$L310,0)) -> 0 | S310: =IF($A310="",0,IF(ISNUMBER(SEARCH(S$2,$F310)),$L310,0)) -> 0 | T310: =IF($A310="",0,IF(ISNUMBER(SEARCH(T$2,$F310)),$L310,0)) -> 0 | U310: =IF($A310="",0,IF(ISNUMBER(SEARCH(U$2,$F310)),$L310,0)) -> 0 | V310: =IF($A310="",0,IF(ISNUMBER(SEARCH(V$2,$F310)),$L310,0)) -> 0 | ... AB310: =IF($A310="",0,IF(ISNUMBER(SEARCH(AB$2,$F310)),$L310,0)) -> 0 | AC310: =IF($A310="",0,IF(SUM($N310:$P310)>0,$L310,0)) -> 0 | AD310: =IF($A310="",0,IF(SUM($Q310:$T310)>0,$L310,0)) -> 0 | AE310: =IF($A310="",0,IF(SUM($U310:$Y310)>0,$L310,0)) -> 0 | AF310: =IF($A310="",0,IF(SUM($Z310:$AB310)>0,$L310,0)) -> 1.25
A311: Midwest | B311: MO | C311: HB 734 (Fuel Choice Preemption Law) | D311: HB 734 | E311: Natural Gas Industry & Infrastructure | F311: Natural Gas Outlook | G311: Mandates, Requirements & Standards | H311: 2021 | I311: Active | J311: Preempts local restrictions on utility service or customer energy choice based on fuel type. The provision operates as a binding limit on the covered state, local, utility, or customer action. | K311: https://house.mo.gov/Bill.aspx?bill=HB734&year=2021&code=R | L311: =IF($A311="",0,IFERROR(INDEX(References!$B$11:$B$15,MATCH($G311,References!$A$11:$A$15,0)),0)) -> 1.5 | M311: =IF($A311="",0,IF(SUM($O311:$AB311,$N311)>0,$L311,0)) -> 1.5 | N311: =IF($A311="",0,IF(ISNUMBER(SEARCH(References!$C$18,$F311)),$L311,0)) -> 1.5 | O311: =IF($A311="",0,IF(ISNUMBER(SEARCH(O$2,$F311)),$L311,0)) -> 0 | P311: =IF($A311="",0,IF(ISNUMBER(SEARCH(P$2,$F311)),$L311,0)) -> 0 | Q311: =IF($A311="",0,IF(ISNUMBER(SEARCH(Q$2,$F311)),$L311,0)) -> 0 | R311: =IF($A311="",0,IF(ISNUMBER(SEARCH(R$2,$F311)),$L311,0)) -> 0 | S311: =IF($A311="",0,IF(ISNUMBER(SEARCH(S$2,$F311)),$L311,0)) -> 0 | T311: =IF($A311="",0,IF(ISNUMBER(SEARCH(T$2,$F311)),$L311,0)) -> 0 | U311: =IF($A311="",0,IF(ISNUMBER(SEARCH(U$2,$F311)),$L311,0)) -> 0 | V311: =IF($A311="",0,IF(ISNUMBER(SEARCH(V$2,$F311)),$L311,0)) -> 0 | ... AB311: =IF($A311="",0,IF(ISNUMBER(SEARCH(AB$2,$F311)),$L311,0)) -> 0 | AC311: =IF($A311="",0,IF(SUM($N311:$P311)>0,$L311,0)) -> 1.5 | AD311: =IF($A311="",0,IF(SUM($Q311:$T311)>0,$L311,0)) -> 0 | AE311: =IF($A311="",0,IF(SUM($U311:$Y311)>0,$L311,0)) -> 0 | AF311: =IF($A311="",0,IF(SUM($Z311:$AB311)>0,$L311,0)) -> 0
A312: Midwest | B312: MO | C312: Renewable Energy Standard §393.1030 | D312: §393.1030 | E312: Natural Gas Industry & Infrastructure; Emerging Fuels & Decarbonization Pathways | F312: Natural Gas Outlook; Renewables | G312: Mandates, Requirements & Standards | H312: 2025 | I312: Active | J312: Requires regulated electric utilities to meet renewable-energy portfolio requirements. Compliance is governed through the binding conditions or performance requirements established by the action. | K312: https://revisor.mo.gov/main/OneSection.aspx?section=393.1030 | L312: =IF($A312="",0,IFERROR(INDEX(References!$B$11:$B$15,MATCH($G312,References!$A$11:$A$15,0)),0)) -> 1.5 | M312: =IF($A312="",0,IF(SUM($O312:$AB312,$N312)>0,$L312,0)) -> 1.5 | N312: =IF($A312="",0,IF(ISNUMBER(SEARCH(References!$C$18,$F312)),$L312,0)) -> 1.5 | O312: =IF($A312="",0,IF(ISNUMBER(SEARCH(O$2,$F312)),$L312,0)) -> 0 | P312: =IF($A312="",0,IF(ISNUMBER(SEARCH(P$2,$F312)),$L312,0)) -> 0 | Q312: =IF($A312="",0,IF(ISNUMBER(SEARCH(Q$2,$F312)),$L312,0)) -> 0 | R312: =IF($A312="",0,IF(ISNUMBER(SEARCH(R$2,$F312)),$L312,0)) -> 0 | S312: =IF($A312="",0,IF(ISNUMBER(SEARCH(S$2,$F312)),$L312,0)) -> 0 | T312: =IF($A312="",0,IF(ISNUMBER(SEARCH(T$2,$F312)),$L312,0)) -> 1.5 | U312: =IF($A312="",0,IF(ISNUMBER(SEARCH(U$2,$F312)),$L312,0)) -> 0 | V312: =IF($A312="",0,IF(ISNUMBER(SEARCH(V$2,$F312)),$L312,0)) -> 0 | ... AB312: =IF($A312="",0,IF(ISNUMBER(SEARCH(AB$2,$F312)),$L312,0)) -> 0 | AC312: =IF($A312="",0,IF(SUM($N312:$P312)>0,$L312,0)) -> 1.5 | AD312: =IF($A312="",0,IF(SUM($Q312:$T312)>0,$L312,0)) -> 1.5 | AE312: =IF($A312="",0,IF(SUM($U312:$Y312)>0,$L312,0)) -> 0 | AF312: =IF($A312="",0,IF(SUM($Z312:$AB312)>0,$L312,0)) -> 0
A313: Midwest | B313: MO | C313: ISRS (§393.1009-1015) | D313: §393.1009-1015 | E313: Natural Gas Industry & Infrastructure | F313: Natural Gas Outlook; Infrastructure Maintenance & Modernization | G313: Regulatory Frameworks & Governance | H313: 2020 | I313: Active | J313: Authorizes regulated gas utilities to recover eligible infrastructure-system replacement costs through a commission-approved surcharge. The action establishes or assigns a state body to oversee, coordinate, evaluate, or recommend further action within the stated scope. | K313: https://revisor.mo.gov/main/OneSection.aspx?section=393.1009 | L313: =IF($A313="",0,IFERROR(INDEX(References!$B$11:$B$15,MATCH($G313,References!$A$11:$A$15,0)),0)) -> 1.25 | M313: =IF($A313="",0,IF(SUM($O313:$AB313,$N313)>0,$L313,0)) -> 1.25 | N313: =IF($A313="",0,IF(ISNUMBER(SEARCH(References!$C$18,$F313)),$L313,0)) -> 1.25 | O313: =IF($A313="",0,IF(ISNUMBER(SEARCH(O$2,$F313)),$L313,0)) -> 1.25 | P313: =IF($A313="",0,IF(ISNUMBER(SEARCH(P$2,$F313)),$L313,0)) -> 0 | Q313: =IF($A313="",0,IF(ISNUMBER(SEARCH(Q$2,$F313)),$L313,0)) -> 0 | R313: =IF($A313="",0,IF(ISNUMBER(SEARCH(R$2,$F313)),$L313,0)) -> 0 | S313: =IF($A313="",0,IF(ISNUMBER(SEARCH(S$2,$F313)),$L313,0)) -> 0 | T313: =IF($A313="",0,IF(ISNUMBER(SEARCH(T$2,$F313)),$L313,0)) -> 0 | U313: =IF($A313="",0,IF(ISNUMBER(SEARCH(U$2,$F313)),$L313,0)) -> 0 | V313: =IF($A313="",0,IF(ISNUMBER(SEARCH(V$2,$F313)),$L313,0)) -> 0 | ... AB313: =IF($A313="",0,IF(ISNUMBER(SEARCH(AB$2,$F313)),$L313,0)) -> 0 | AC313: =IF($A313="",0,IF(SUM($N313:$P313)>0,$L313,0)) -> 1.25 | AD313: =IF($A313="",0,IF(SUM($Q313:$T313)>0,$L313,0)) -> 0 | AE313: =IF($A313="",0,IF(SUM($U313:$Y313)>0,$L313,0)) -> 0 | AF313: =IF($A313="",0,IF(SUM($Z313:$AB313)>0,$L313,0)) -> 0
A314: Midwest | B314: MO | C314: Missouri Underground Storage of Gas Statutes | D314: RSMo §§ 393.410-393.510 | E314: Natural Gas Industry & Infrastructure | F314: Natural Gas Storage | G314: Regulatory Frameworks & Governance | H314: 1953 | I314: Active | J314: Establishes state authority and procedures for developing and operating underground gas-storage facilities. The action establishes or assigns a state body to oversee, coordinate, evaluate, or recommend further action within the stated scope. | K314: https://revisor.mo.gov/main/OneSection.aspx?section=393.410 | L314: =IF($A314="",0,IFERROR(INDEX(References!$B$11:$B$15,MATCH($G314,References!$A$11:$A$15,0)),0)) -> 1.25 | M314: =IF($A314="",0,IF(SUM($O314:$AB314,$N314)>0,$L314,0)) -> 1.25 | N314: =IF($A314="",0,IF(ISNUMBER(SEARCH(References!$C$18,$F314)),$L314,0)) -> 0 | O314: =IF($A314="",0,IF(ISNUMBER(SEARCH(O$2,$F314)),$L314,0)) -> 0 | P314: =IF($A314="",0,IF(ISNUMBER(SEARCH(P$2,$F314)),$L314,0)) -> 1.25 | Q314: =IF($A314="",0,IF(ISNUMBER(SEARCH(Q$2,$F314)),$L314,0)) -> 0 | R314: =IF($A314="",0,IF(ISNUMBER(SEARCH(R$2,$F314)),$L314,0)) -> 0 | S314: =IF($A314="",0,IF(ISNUMBER(SEARCH(S$2,$F314)),$L314,0)) -> 0 | T314: =IF($A314="",0,IF(ISNUMBER(SEARCH(T$2,$F314)),$L314,0)) -> 0 | U314: =IF($A314="",0,IF(ISNUMBER(SEARCH(U$2,$F314)),$L314,0)) -> 0 | V314: =IF($A314="",0,IF(ISNUMBER(SEARCH(V$2,$F314)),$L314,0)) -> 0 | ... AB314: =IF($A314="",0,IF(ISNUMBER(SEARCH(AB$2,$F314)),$L314,0)) -> 0 | AC314: =IF($A314="",0,IF(SUM($N314:$P314)>0,$L314,0)) -> 1.25 | AD314: =IF($A314="",0,IF(SUM($Q314:$T314)>0,$L314,0)) -> 0 | AE314: =IF($A314="",0,IF(SUM($U314:$Y314)>0,$L314,0)) -> 0 | AF314: =IF($A314="",0,IF(SUM($Z314:$AB314)>0,$L314,0)) -> 0
... A339: Midwest | B339: SD | C339: House Bill 1034 (2024) | D339: HB 1034 (2024) | E339: Emerging Fuels & Decarbonization Pathways | F339: Hydrogen | G339: Mandates, Requirements & Standards | H339: 2024 | I339: Active | J339: Establishes South Dakota requirements for regulation of hydrogen pipelines. Compliance is governed through the binding conditions or performance requirements established by the action. | K339: https://sdlegislature.gov/Session/Bill/24814 | L339: =IF($A339="",0,IFERROR(INDEX(References!$B$11:$B$15,MATCH($G339,References!$A$11:$A$15,0)),0)) -> 1.5 | M339: =IF($A339="",0,IF(SUM($O339:$AB339,$N339)>0,$L339,0)) -> 1.5 | N339: =IF($A339="",0,IF(ISNUMBER(SEARCH(References!$C$18,$F339)),$L339,0)) -> 0 | O339: =IF($A339="",0,IF(ISNUMBER(SEARCH(O$2,$F339)),$L339,0)) -> 0 | P339: =IF($A339="",0,IF(ISNUMBER(SEARCH(P$2,$F339)),$L339,0)) -> 0 | Q339: =IF($A339="",0,IF(ISNUMBER(SEARCH(Q$2,$F339)),$L339,0)) -> 0 | R339: =IF($A339="",0,IF(ISNUMBER(SEARCH(R$2,$F339)),$L339,0)) -> 1.5 | S339: =IF($A339="",0,IF(ISNUMBER(SEARCH(S$2,$F339)),$L339,0)) -> 0 | T339: =IF($A339="",0,IF(ISNUMBER(SEARCH(T$2,$F339)),$L339,0)) -> 0 | U339: =IF($A339="",0,IF(ISNUMBER(SEARCH(U$2,$F339)),$L339,0)) -> 0 | V339: =IF($A339="",0,IF(ISNUMBER(SEARCH(V$2,$F339)),$L339,0)) -> 0 | ... AB339: =IF($A339="",0,IF(ISNUMBER(SEARCH(AB$2,$F339)),$L339,0)) -> 0 | AC339: =IF($A339="",0,IF(SUM($N339:$P339)>0,$L339,0)) -> 0 | AD339: =IF($A339="",0,IF(SUM($Q339:$T339)>0,$L339,0)) -> 1.5 | AE339: =IF($A339="",0,IF(SUM($U339:$Y339)>0,$L339,0)) -> 0 | AF339: =IF($A339="",0,IF(SUM($Z339:$AB339)>0,$L339,0)) -> 0
A340: Midwest | B340: SD | C340: House Bill 1185 (2024) | D340: HB 1185 (2024) | G340: Mandates, Requirements & Standards | H340: 2024 | I340: Active | J340: Establishes notice and compensation requirements for pipeline survey activities affecting landowners. Compliance is governed through the binding conditions or performance requirements established by the action. | K340: https://sdlegislature.gov/Session/Bill/24950 | L340: =IF($A340="",0,IFERROR(INDEX(References!$B$11:$B$15,MATCH($G340,References!$A$11:$A$15,0)),0)) -> 1.5 | M340: =IF($A340="",0,IF(SUM($O340:$AB340,$N340)>0,$L340,0)) -> 0 | N340: =IF($A340="",0,IF(ISNUMBER(SEARCH(References!$C$18,$F340)),$L340,0)) -> 0 | O340: =IF($A340="",0,IF(ISNUMBER(SEARCH(O$2,$F340)),$L340,0)) -> 0 | P340: =IF($A340="",0,IF(ISNUMBER(SEARCH(P$2,$F340)),$L340,0)) -> 0 | Q340: =IF($A340="",0,IF(ISNUMBER(SEARCH(Q$2,$F340)),$L340,0)) -> 0 | R340: =IF($A340="",0,IF(ISNUMBER(SEARCH(R$2,$F340)),$L340,0)) -> 0 | S340: =IF($A340="",0,IF(ISNUMBER(SEARCH(S$2,$F340)),$L340,0)) -> 0 | T340: =IF($A340="",0,IF(ISNUMBER(SEARCH(T$2,$F340)),$L340,0)) -> 0 | U340: =IF($A340="",0,IF(ISNUMBER(SEARCH(U$2,$F340)),$L340,0)) -> 0 | V340: =IF($A340="",0,IF(ISNUMBER(SEARCH(V$2,$F340)),$L340,0)) -> 0 | ... AB340: =IF($A340="",0,IF(ISNUMBER(SEARCH(AB$2,$F340)),$L340,0)) -> 0 | AC340: =IF($A340="",0,IF(SUM($N340:$P340)>0,$L340,0)) -> 0 | AD340: =IF($A340="",0,IF(SUM($Q340:$T340)>0,$L340,0)) -> 0 | AE340: =IF($A340="",0,IF(SUM($U340:$Y340)>0,$L340,0)) -> 0 | AF340: =IF($A340="",0,IF(SUM($Z340:$AB340)>0,$L340,0)) -> 0
A341: Midwest | B341: SD | C341: House Bill 1186 (2024) | D341: HB 1186 (2024) | E341: Emerging Fuels & Decarbonization Pathways | F341: CCUS | G341: Mandates, Requirements & Standards | H341: 2024 | I341: Active | J341: Establishes limitations applicable to easements for carbon-dioxide pipeline projects. | K341: https://sdlegislature.gov/Session/Bill/24979 | L341: =IF($A341="",0,IFERROR(INDEX(References!$B$11:$B$15,MATCH($G341,References!$A$11:$A$15,0)),0)) -> 1.5 | M341: =IF($A341="",0,IF(SUM($O341:$AB341,$N341)>0,$L341,0)) -> 1.5 | N341: =IF($A341="",0,IF(ISNUMBER(SEARCH(References!$C$18,$F341)),$L341,0)) -> 0 | O341: =IF($A341="",0,IF(ISNUMBER(SEARCH(O$2,$F341)),$L341,0)) -> 0 | P341: =IF($A341="",0,IF(ISNUMBER(SEARCH(P$2,$F341)),$L341,0)) -> 0 | Q341: =IF($A341="",0,IF(ISNUMBER(SEARCH(Q$2,$F341)),$L341,0)) -> 0 | R341: =IF($A341="",0,IF(ISNUMBER(SEARCH(R$2,$F341)),$L341,0)) -> 0 | S341: =IF($A341="",0,IF(ISNUMBER(SEARCH(S$2,$F341)),$L341,0)) -> 1.5 | T341: =IF($A341="",0,IF(ISNUMBER(SEARCH(T$2,$F341)),$L341,0)) -> 0 | U341: =IF($A341="",0,IF(ISNUMBER(SEARCH(U$2,$F341)),$L341,0)) -> 0 | V341: =IF($A341="",0,IF(ISNUMBER(SEARCH(V$2,$F341)),$L341,0)) -> 0 | ... AB341: =IF($A341="",0,IF(ISNUMBER(SEARCH(AB$2,$F341)),$L341,0)) -> 0 | AC341: =IF($A341="",0,IF(SUM($N341:$P341)>0,$L341,0)) -> 0 | AD341: =IF($A341="",0,IF(SUM($Q341:$T341)>0,$L341,0)) -> 1.5 | AE341: =IF($A341="",0,IF(SUM($U341:$Y341)>0,$L341,0)) -> 0 | AF341: =IF($A341="",0,IF(SUM($Z341:$AB341)>0,$L341,0)) -> 0
...

Sheet Matrices
B3: Where is each region concentrating its policy attention? | I3: Where do differences in policy activity exist among regions?
B6: Regional Share by Topic | I6: Regional Activity Groups by Topic
B7: Topic | C7: East Coast | D7: Midwest | E7: Gulf Coast | F7: Rocky Mountain | G7: West Coast | I7: Topic | J7: East Coast | K7: Midwest | L7: Gulf Coast | M7: Rocky Mountain | N7: West Coast
B8: Natural Gas Industry & Infrastructure | C8: =SUMIFS('Rating Calculations'!$E$82:$E$86,'Rating Calculations'!$B$82:$B$86,C$7) -> 0.43612774 | D8: =SUMIFS('Rating Calculations'!$E$82:$E$86,'Rating Calculations'!$B$82:$B$86,D$7) -> 0.35094851 | E8: =SUMIFS('Rating Calculations'!$E$82:$E$86,'Rating Calculations'!$B$82:$B$86,E$7) -> 0.34548105 | F8: =SUMIFS('Rating Calculations'!$E$82:$E$86,'Rating Calculations'!$B$82:$B$86,F$7) -> 0.24418605 | G8: =SUMIFS('Rating Calculations'!$E$82:$E$86,'Rating Calculations'!$B$82:$B$86,G$7) -> 0.31712474 | I8: Natural Gas Industry & Infrastructure | J8: =IFERROR(INDEX('Rating Calculations'!$K$82:$K$86,MATCH(J$7,'Rating Calculations'!$B$82:$B$86,0)),"") -> Higher | K8: =IFERROR(INDEX('Rating Calculations'!$K$82:$K$86,MATCH(K$7,'Rating Calculations'!$B$82:$B$86,0)),"") -> Middle | L8: =IFERROR(INDEX('Rating Calculations'!$K$82:$K$86,MATCH(L$7,'Rating Calculations'!$B$82:$B$86,0)),"") -> Middle | M8: =IFERROR(INDEX('Rating Calculations'!$K$82:$K$86,MATCH(M$7,'Rating Calculations'!$B$82:$B$86,0)),"") -> Lower | N8: =IFERROR(INDEX('Rating Calculations'!$K$82:$K$86,MATCH(N$7,'Rating Calculations'!$B$82:$B$86,0)),"") -> Middle
B9: Emerging Fuels & Decarbonization Pathways | C9: =SUMIFS('Rating Calculations'!$E$87:$E$91,'Rating Calculations'!$B$87:$B$91,C$7) -> 0.24151697 | D9: =SUMIFS('Rating Calculations'!$E$87:$E$91,'Rating Calculations'!$B$87:$B$91,D$7) -> 0.35636856 | E9: =SUMIFS('Rating Calculations'!$E$87:$E$91,'Rating Calculations'!$B$87:$B$91,E$7) -> 0.31778426 | F9: =SUMIFS('Rating Calculations'!$E$87:$E$91,'Rating Calculations'!$B$87:$B$91,F$7) -> 0.40116279 | G9: =SUMIFS('Rating Calculations'!$E$87:$E$91,'Rating Calculations'!$B$87:$B$91,G$7) -> 0.30443975 | I9: Emerging Fuels & Decarbonization Pathways | J9: =IFERROR(INDEX('Rating Calculations'!$K$87:$K$91,MATCH(J$7,'Rating Calculations'!$B$87:$B$91,0)),"") -> Lowest | K9: =IFERROR(INDEX('Rating Calculations'!$K$87:$K$91,MATCH(K$7,'Rating Calculations'!$B$87:$B$91,0)),"") -> Higher | L9: =IFERROR(INDEX('Rating Calculations'!$K$87:$K$91,MATCH(L$7,'Rating Calculations'!$B$87:$B$91,0)),"") -> Lower | M9: =IFERROR(INDEX('Rating Calculations'!$K$87:$K$91,MATCH(M$7,'Rating Calculations'!$B$87:$B$91,0)),"") -> Highest | N9: =IFERROR(INDEX('Rating Calculations'!$K$87:$K$91,MATCH(N$7,'Rating Calculations'!$B$87:$B$91,0)),"") -> Lower
B10: Reliability, Resilience, & System Planning | C10: =SUMIFS('Rating Calculations'!$E$92:$E$96,'Rating Calculations'!$B$92:$B$96,C$7) -> 0.20758483 | D10: =SUMIFS('Rating Calculations'!$E$92:$E$96,'Rating Calculations'!$B$92:$B$96,D$7) -> 0.2201897 | E10: =SUMIFS('Rating Calculations'!$E$92:$E$96,'Rating Calculations'!$B$92:$B$96,E$7) -> 0.2303207 | F10: =SUMIFS('Rating Calculations'!$E$92:$E$96,'Rating Calculations'!$B$92:$B$96,F$7) -> 0.24127907 | G10: =SUMIFS('Rating Calculations'!$E$92:$E$96,'Rating Calculations'!$B$92:$B$96,G$7) -> 0.29245948 | I10: Reliability, Resilience, & System Planning | J10: =IFERROR(INDEX('Rating Calculations'!$K$92:$K$96,MATCH(J$7,'Rating Calculations'!$B$92:$B$96,0)),"") -> Lower | K10: =IFERROR(INDEX('Rating Calculations'!$K$92:$K$96,MATCH(K$7,'Rating Calculations'!$B$92:$B$96,0)),"") -> Lower | L10: =IFERROR(INDEX('Rating Calculations'!$K$92:$K$96,MATCH(L$7,'Rating Calculations'!$B$92:$B$96,0)),"") -> Lower | M10: =IFERROR(INDEX('Rating Calculations'!$K$92:$K$96,MATCH(M$7,'Rating Calculations'!$B$92:$B$96,0)),"") -> Lower | N10: =IFERROR(INDEX('Rating Calculations'!$K$92:$K$96,MATCH(N$7,'Rating Calculations'!$B$92:$B$96,0)),"") -> Higher
B11: Workforce Development | C11: =SUMIFS('Rating Calculations'!$E$97:$E$101,'Rating Calculations'!$B$97:$B$101,C$7) -> 0.11477046 | D11: =SUMIFS('Rating Calculations'!$E$97:$E$101,'Rating Calculations'!$B$97:$B$101,D$7) -> 0.072493225 | E11: =SUMIFS('Rating Calculations'!$E$97:$E$101,'Rating Calculations'!$B$97:$B$101,E$7) -> 0.10641399 | F11: =SUMIFS('Rating Calculations'!$E$97:$E$101,'Rating Calculations'!$B$97:$B$101,F$7) -> 0.11337209 | G11: =SUMIFS('Rating Calculations'!$E$97:$E$101,'Rating Calculations'!$B$97:$B$101,G$7) -> 0.085976039 | I11: Workforce Development | J11: =IFERROR(INDEX('Rating Calculations'!$K$97:$K$101,MATCH(J$7,'Rating Calculations'!$B$97:$B$101,0)),"") -> Higher | K11: =IFERROR(INDEX('Rating Calculations'!$K$97:$K$101,MATCH(K$7,'Rating Calculations'!$B$97:$B$101,0)),"") -> Lower | L11: =IFERROR(INDEX('Rating Calculations'!$K$97:$K$101,MATCH(L$7,'Rating Calculations'!$B$97:$B$101,0)),"") -> Higher | M11: =IFERROR(INDEX('Rating Calculations'!$K$97:$K$101,MATCH(M$7,'Rating Calculations'!$B$97:$B$101,0)),"") -> Higher | N11: =IFERROR(INDEX('Rating Calculations'!$K$97:$K$101,MATCH(N$7,'Rating Calculations'!$B$97:$B$101,0)),"") -> Middle
B13: Regional Share by Subtopic | I13: Regional Activity Groups by Subtopic
B14: Subtopic | C14: East Coast | D14: Midwest | E14: Gulf Coast | F14: Rocky Mountain | G14: West Coast | I14: Subtopic | J14: East Coast | K14: Midwest | L14: Gulf Coast | M14: Rocky Mountain | N14: West Coast
B15: Natural Gas Outlook | C15: =SUMIFS('Rating Calculations'!$E$3:$E$7,'Rating Calculations'!$B$3:$B$7,C$14) -> 0.33488372 | D15: =SUMIFS('Rating Calculations'!$E$3:$E$7,'Rating Calculations'!$B$3:$B$7,D$14) -> 0.22800625 | E15: =SUMIFS('Rating Calculations'!$E$3:$E$7,'Rating Calculations'!$B$3:$B$7,E$14) -> 0.13277134 | F15: =SUMIFS('Rating Calculations'!$E$3:$E$7,'Rating Calculations'!$B$3:$B$7,F$14) -> 0.11887383 | G15: =SUMIFS('Rating Calculations'!$E$3:$E$7,'Rating Calculations'!$B$3:$B$7,G$14) -> 0.1142712 | I15: Natural Gas Outlook | J15: =IFERROR(INDEX('Rating Calculations'!$K$3:$K$7,MATCH(J$14,'Rating Calculations'!$B$3:$B$7,0)),"") -> Highest | K15: =IFERROR(INDEX('Rating Calculations'!$K$3:$K$7,MATCH(K$14,'Rating Calculations'!$B$3:$B$7,0)),"") -> Higher | L15: =IFERROR(INDEX('Rating Calculations'!$K$3:$K$7,MATCH(L$14,'Rating Calculations'!$B$3:$B$7,0)),"") -> Lower | M15: =IFERROR(INDEX('Rating Calculations'!$K$3:$K$7,MATCH(M$14,'Rating Calculations'!$B$3:$B$7,0)),"") -> Lowest | N15: =IFERROR(INDEX('Rating Calculations'!$K$3:$K$7,MATCH(N$14,'Rating Calculations'!$B$3:$B$7,0)),"") -> Lowest
B16: Infrastructure Maintenance & Modernization | C16: =SUMIFS('Rating Calculations'!$E$8:$E$12,'Rating Calculations'!$B$8:$B$12,C$14) -> 0.031782946 | D16: =SUMIFS('Rating Calculations'!$E$8:$E$12,'Rating Calculations'!$B$8:$B$12,D$14) -> 0.037480479 | E16: =SUMIFS('Rating Calculations'!$E$8:$E$12,'Rating Calculations'!$B$8:$B$12,E$14) -> 0.074815595 | F16: =SUMIFS('Rating Calculations'!$E$8:$E$12,'Rating Calculations'!$B$8:$B$12,F$14) -> 0.056308655 | G16: =SUMIFS('Rating Calculations'!$E$8:$E$12,'Rating Calculations'!$B$8:$B$12,G$14) -> 0.087353987 | I16: Infrastructure Maintenance & Modernization | J16: =IFERROR(INDEX('Rating Calculations'!$K$8:$K$12,MATCH(J$14,'Rating Calculations'!$B$8:$B$12,0)),"") -> Lowest | K16: =IFERROR(INDEX('Rating Calculations'!$K$8:$K$12,MATCH(K$14,'Rating Calculations'!$B$8:$B$12,0)),"") -> Lower | L16: =IFERROR(INDEX('Rating Calculations'!$K$8:$K$12,MATCH(L$14,'Rating Calculations'!$B$8:$B$12,0)),"") -> Higher | M16: =IFERROR(INDEX('Rating Calculations'!$K$8:$K$12,MATCH(M$14,'Rating Calculations'!$B$8:$B$12,0)),"") -> Middle | N16: =IFERROR(INDEX('Rating Calculations'!$K$8:$K$12,MATCH(N$14,'Rating Calculations'!$B$8:$B$12,0)),"") -> Highest
B17: Natural Gas Storage | C17: =SUMIFS('Rating Calculations'!$E$13:$E$17,'Rating Calculations'!$B$13:$B$17,C$14) -> 0.0085271318 | D17: =SUMIFS('Rating Calculations'!$E$13:$E$17,'Rating Calculations'!$B$13:$B$17,D$14) -> 0.030192608 | E17: =SUMIFS('Rating Calculations'!$E$13:$E$17,'Rating Calculations'!$B$13:$B$17,E$14) -> 0.057955743 | F17: =SUMIFS('Rating Calculations'!$E$13:$E$17,'Rating Calculations'!$B$13:$B$17,F$14) -> 0.0052137643 | G17: =SUMIFS('Rating Calculations'!$E$13:$E$17,'Rating Calculations'!$B$13:$B$17,G$14) -> 0.028948705 | I17: Natural Gas Storage | J17: =IFERROR(INDEX('Rating Calculations'!$K$13:$K$17,MATCH(J$14,'Rating Calculations'!$B$13:$B$17,0)),"") -> Lower | K17: =IFERROR(INDEX('Rating Calculations'!$K$13:$K$17,MATCH(K$14,'Rating Calculations'!$B$13:$B$17,0)),"") -> Higher | L17: =IFERROR(INDEX('Rating Calculations'!$K$13:$K$17,MATCH(L$14,'Rating Calculations'!$B$13:$B$17,0)),"") -> Highest | M17: =IFERROR(INDEX('Rating Calculations'!$K$13:$K$17,MATCH(M$14,'Rating Calculations'!$B$13:$B$17,0)),"") -> Lowest | N17: =IFERROR(INDEX('Rating Calculations'!$K$13:$K$17,MATCH(N$14,'Rating Calculations'!$B$13:$B$17,0)),"") -> Higher
B19: RNG | C19: =SUMIFS('Rating Calculations'!$E$18:$E$22,'Rating Calculations'!$B$18:$B$22,C$14) -> 0.028682171 | D19: =SUMIFS('Rating Calculations'!$E$18:$E$22,'Rating Calculations'!$B$18:$B$22,D$14) -> 0.033836543 | E19: =SUMIFS('Rating Calculations'!$E$18:$E$22,'Rating Calculations'!$B$18:$B$22,E$14) -> 0.011591149 | F19: =SUMIFS('Rating Calculations'!$E$18:$E$22,'Rating Calculations'!$B$18:$B$22,F$14) -> 0.019812304 | G19: =SUMIFS('Rating Calculations'!$E$18:$E$22,'Rating Calculations'!$B$18:$B$22,G$14) -> 0.069070594 | I19: RNG | J19: =IFERROR(INDEX('Rating Calculations'!$K$18:$K$22,MATCH(J$14,'Rating Calculations'!$B$18:$B$22,0)),"") -> Middle | K19: =IFERROR(INDEX('Rating Calculations'!$K$18:$K$22,MATCH(K$14,'Rating Calculations'!$B$18:$B$22,0)),"") -> Higher | L19: =IFERROR(INDEX('Rating Calculations'!$K$18:$K$22,MATCH(L$14,'Rating Calculations'!$B$18:$B$22,0)),"") -> Lowest | M19: =IFERROR(INDEX('Rating Calculations'!$K$18:$K$22,MATCH(M$14,'Rating Calculations'!$B$18:$B$22,0)),"") -> Lower | N19: =IFERROR(INDEX('Rating Calculations'!$K$18:$K$22,MATCH(N$14,'Rating Calculations'!$B$18:$B$22,0)),"") -> Highest
